Workbook

Sheet Resumo
A1: RESUMO DA PLANILHA ESTIMATIVA DE REFERÊNCIA
A3: =BDI!B2 -> OBJETO: SERVIÇOS DE MONTAGEM E DESMONTAGEM DE ESTRUTURA, SOM E ILUMINAÇÃO INCLUINDO FORNECIMENTO, INSTALAÇÃO E MANUTENÇÃO; E SERVIÇOS DE CAPTAÇÃO E TRANSMISSÃO DE IMAGENS - SÃO JOÃO 2026
A4: ITEM | B4: DESCRIÇÃO | C4: VALOR TOTAL
A5: 1. | B5: =VLOOKUP(A5,'Anexo A'!B:I,3,0) -> PALCO PRINCIPAL | C5: =VLOOKUP(A5,'Anexo A'!B:I,8,0) -> 0
A6: 2. | B6: =VLOOKUP(A6,'Anexo A'!B:I,3,0) -> ESTAÇÃO FERROVIÁRIA | C6: =VLOOKUP(A6,'Anexo A'!B:I,8,0) -> 0
A7: 3. | B7: =VLOOKUP(A7,'Anexo A'!B:I,3,0) -> ALTO DO MOURA | C7: =VLOOKUP(A7,'Anexo A'!B:I,8,0) -> 0
A8: 4. | B8: =VLOOKUP(A8,'Anexo A'!B:I,3,0) -> ILUMINAÇÃO CENICA E DE SERVIÇO | C8: =VLOOKUP(A8,'Anexo A'!B:I,8,0) -> 0
A9: 5. | B9: =VLOOKUP(A9,'Anexo A'!B:I,3,0) -> PAINEL DE LED E DELAYS | C9: =VLOOKUP(A9,'Anexo A'!B:I,8,0) -> 0
A10: 6. | B10: =VLOOKUP(A10,'Anexo A'!B:I,3,0) -> SERVIÇOS DE CAPTAÇÃO E TRANSMISSÃO DE IMAGENS | C10: =VLOOKUP(A10,'Anexo A'!B:I,8,0) -> 0
A11: 7. | B11: =VLOOKUP(A11,'Anexo A'!B:I,3,0) -> MANUTENÇÃO CIVIL | C11: =VLOOKUP(A11,'Anexo A'!B:I,8,0) -> 0
B13: TOTAL | C13: =SUM(C5:C12) -> 0

Sheet MC
C2: MC - MEMÓRIA DE CÁLCULO
B3: =[1]DADOS!G37 -> OBJETO | G3: =[1]DADOS!K31 -> LOCALIDADE / ENDEREÇO
B4: =[1]DADOS!G38 -> PISTA DE MOTOCROSS | G4: =[1]DADOS!K32 -> GONÇALVES FERREIRA
B6: ITEM | C6: DESCRIÇÃO | D6: UND | E6: QTD
E7: taxa/kg/repet. | F7: comprimento | G7: largura | H7: altura | I7: área | J7: volume | K7: TOTAL
B8: ='Anexo A'!B5 -> 1. | C8: ='Anexo A'!D5 -> PALCO PRINCIPAL
B9: ='Anexo A'!B12 -> 1.1.6 | C9: ='Anexo A'!D12 -> PÓRTICOS
B10: ='Anexo A'!B13 -> 1.1.6.1 | C10: ='Anexo A'!D13 -> 26 PÓRTICO TIPO II - USO GERAL | D10: ='Anexo A'!E13 -> MÊS | K10: =TRUNC(SUM(K11:K25),2) -> 18
C11: PORTÃO DE ENTRADA ASSAI | E11: 2 | K11: =PRODUCT(E11:J11) -> 2
C12: ACESSO BANHEIRO ASSAI | E12: 1 | K12: =PRODUCT(E12:J12) -> 1
C13: ENTRADA R. MANOEL SURUBIM - ONIBUS | E13: 1 | K13: =PRODUCT(E13:J13) -> 1
C14: BANHEIRO PAVILHÃO | E14: 1 | K14: =PRODUCT(E14:J14) -> 1
C15: ACESSO BANHEIRO MUSEU | E15: 2 | K15: =PRODUCT(E15:J15) -> 2
C16: ACESSO PUBLICO GERAL MUSEU | E16: 2 | K16: =PRODUCT(E16:J16) -> 2
C17: ACESSO SETOR MESAS | E17: 1 | K17: =PRODUCT(E17:J17) -> 1
C18: ACESSO SERVIÇOS | E18: 1 | K18: =PRODUCT(E18:J18) -> 1
C19: ACESSO IMPRENSA | E19: 1 | K19: =PRODUCT(E19:J19) -> 1
C20: ACESSO ENTRADA/BANHEIROS | E20: 3 | K20: =PRODUCT(E20:J20) -> 3
C21: ACESSO CAMAROTES | E21: 1 | K21: =PRODUCT(E21:J21) -> 1
C22: ACESSO PDC | E22: 1 | K22: =PRODUCT(E22:J22) -> 1
C23: ACESSO PALCO | E23: 1 | K23: =PRODUCT(E23:J23) -> 1
K24: =PRODUCT(E24:J24) -> 0
K25: =PRODUCT(E25:J25) -> 0
B26: ='Anexo A'!B20 -> 1.1.9 | C26: ='Anexo A'!D20 -> FECHAMENTOS/DISCIPLINADORES/BARRICADAS
B27: ='Anexo A'!B21 -> 1.1.9.1 | C27: ='Anexo A'!D21 -> 1.720 METROS LINEARES DE FECHAMENTO | D27: ='Anexo A'!E21 -> MÊS | K27: =TRUNC(SUM(K28:K38),2) -> 512.67
C28: ACESSO COI | F28: =41.23 -> 41.23 | K28: =PRODUCT(E28:J28) -> 41.23
C29: RUA MANOEL SURUBIM | F29: =72.75+131.36+10.24+11.93+8.46+10.04 -> 244.78 | K29: =PRODUCT(E29:J29) -> 244.78
C30: FUNDO RESTAURANTE | F30: =9.92+9.99+9.98+23.76 -> 53.65 | K30: =PRODUCT(E30:J30) -> 53.65
C31: LATERAL CAMAROTE INSTITUCIONAL | F31: =20.43 -> 20.43 | K31: =PRODUCT(E31:J31) -> 20.43
C32: CAMAROTE | F32: =33.42+19.37 -> 52.79 | K32: =PRODUCT(E32:J32) -> 52.79
C33: BANHEIRO PAVILHÃO | F33: 9.25 | K33: =PRODUCT(E33:J33) -> 9.25
C34: IMPRENSA | F34: =21.45+52.78+16.31 -> 90.54 | K34: =PRODUCT(E34:J34) -> 90.54
K35: =PRODUCT(E35:J35) -> 0
K36: =PRODUCT(E36:J36) -> 0
K37: =PRODUCT(E37:J37) -> 0
K38: =PRODUCT(E38:J38) -> 0
B39: ='Anexo A'!B22 -> 1.1.9.2 | C39: ='Anexo A'!D22 -> 1040 METROS LINEARES DE DISCIPLINADORES | D39: ='Anexo A'!E22 -> MÊS | K39: =TRUNC(SUM(K40:K49),2) -> 430.81
C40: MUSEU | F40: 82.01 | K40: =PRODUCT(E40:J40) -> 82.01
C41: FUNDO RESTAURANTE | F41: =23.97+29.97 -> 53.94 | K41: =PRODUCT(E41:J41) -> 53.94
C42: RUA SÃO VICENTE/BANHEIROS | F42: 61.98 | K42: =PRODUCT(E42:J42) -> 61.98
C43: ACESSO PCD | F43: =26+22+32.4+3.98+2 -> 86.38 | K43: =PRODUCT(E43:J43) -> 86.38
C44: CAMAROTE | F44: =8.5+6+62 -> 76.5 | K44: =PRODUCT(E44:J44) -> 76.5
C45: PALCO | F45: =15*2 -> 30 | K45: =PRODUCT(E45:J45) -> 30
C46: RESTAURANTE | E46: 10 | F46: 4 | K46: =PRODUCT(E46:J46) -> 40
K47: =PRODUCT(E47:J47) -> 0
K48: =PRODUCT(E48:J48) -> 0
K49: =PRODUCT(E49:J49) -> 0
B50: ='Anexo A'!B23 -> 1.1.9.3 | C50: ='Anexo A'!D23 -> 550 METROS LINEARES DE BARRICADAS | D50: ='Anexo A'!E23 -> MÊS | K50: =TRUNC(SUM(K51:K54),2) -> 241
C51: PALCO | F51: =22+6+6+11+41+11+6+6+7+38+10+10+34+8+14+11 -> 241 | K51: =PRODUCT(E51:J51) -> 241
K52: =PRODUCT(E52:J52) -> 0
K53: =PRODUCT(E53:J53) -> 0
K54: =PRODUCT(E54:J54) -> 0
B55: ='Anexo A'!B24 -> 1.1.10 | C55: ='Anexo A'!D24 -> BARRACAS
B56: ='Anexo A'!B25 -> 1.1.10.1 | C56: ='Anexo A'!D25 -> 99 BARRACAS - 2,00m x 2,00m | D56: ='Anexo A'!E25 -> MÊS | K56: =TRUNC(SUM(K57:K59),2) -> 99
C57: PB 99 | E57: 99 | K57: =PRODUCT(E57:J57) -> 99
K58: =PRODUCT(E58:J58) -> 0
K59: =PRODUCT(E59:J59) -> 0
B60: ='Anexo A'!B26 -> 1.1.10.2 | C60: ='Anexo A'!D26 -> 10 BARRACAS - 5,00m x 2,00m | D60: ='Anexo A'!E26 -> MÊS | K60: =TRUNC(SUM(K61:K63),2) -> 10
C61: PQ 10 | E61: 10 | K61: =PRODUCT(E61:J61) -> 10
K62: =PRODUCT(E62:J62) -> 0
K63: =PRODUCT(E63:J63) -> 0
B64: ='Anexo A'!B29 -> 1.1.12 | C64: ='Anexo A'!D29 -> TOLDOS
B65: ='Anexo A'!B30 -> 1.1.12.1 | C65: ='Anexo A'!D30 -> 4 TOLDO TIPO I (10,0X10,0 M) | D65: ='Anexo A'!E30 -> MÊS | K65: =TRUNC(SUM(K66:K70),2) -> 0
E66: 0 | K66: =PRODUCT(E66:J66) -> 0
K67: =PRODUCT(E67:J67) -> 0
K68: =PRODUCT(E68:J68) -> 0
K69: =PRODUCT(E69:J69) -> 0
K70: =PRODUCT(E70:J70) -> 0
B71: ='Anexo A'!B31 -> 1.1.12.2 | C71: ='Anexo A'!D31 -> 30 TOLDO TIPO II (5,0X5,0 M) | D71: ='Anexo A'!E31 -> MÊS | K71: =TRUNC(SUM(K72:K85),2) -> 13
C72: CAT GALPÃO DA ESTAÇÃO | E72: 1 | K72: =PRODUCT(E72:J72) -> 1
C73: PORTICO ENTRADA PRINCIPAL | E73: 2 | K73: =PRODUCT(E73:J73) -> 2
C74: PORTICO BAIA DE ÔNIBUS | E74: 1 | K74: =PRODUCT(E74:J74) -> 1
C75: PORTICO ACESSO PUBLICO BOMBEIRO | E75: 2 | K75: =PRODUCT(E75:J75) -> 2
C76: PORTICO ACESSO MESAS | E76: 1 | K76: =PRODUCT(E76:J76) -> 1
C77: PORTICO ACESSO SERVIÇOS | E77: 1 | K77: =PRODUCT(E77:J77) -> 1
C78: PORTICO ACESSO IMPRENAS | E78: 1 | K78: =PRODUCT(E78:J78) -> 1
C79: PORTICO ACESSO BANHEIOS (VICENTE DE PAULA) | E79: 1 | K79: =PRODUCT(E79:J79) -> 1
C80: PORTICO CAMAROTES | E80: 1 | K80: =PRODUCT(E80:J80) -> 1
C81: PORTICO PCD | E81: 1 | K81: =PRODUCT(E81:J81) -> 1
C82: PORTICO IMPRENSA | E82: 1 | K82: =PRODUCT(E82:J82) -> 1
K83: =PRODUCT(E83:J83) -> 0
K84: =PRODUCT(E84:J84) -> 0
K85: =PRODUCT(E85:J85) -> 0
B86: ='Anexo A'!B34 -> 1.1.14 | C86: ='Anexo A'!D34 -> MOBILIÁRIO/AMBIENTAÇÃO
B87: ='Anexo A'!B35 -> 1.1.14.1 | C87: ='Anexo A'!D35 -> 600 CADEIRAS - PVC branco sem braços | D87: ='Anexo A'!E35 -> DIÁRIA | K87: =TRUNC(SUM(K88:K102),2) -> 0
K88: =PRODUCT(E88:J88) -> 0
K89: =PRODUCT(E89:J89) -> 0
K90: =PRODUCT(E90:J90) -> 0
K91: =PRODUCT(E91:J91) -> 0
K92: =PRODUCT(E92:J92) -> 0
K93: =PRODUCT(E93:J93) -> 0
K94: =PRODUCT(E94:J94) -> 0
K95: =PRODUCT(E95:J95) -> 0
K96: =PRODUCT(E96:J96) -> 0
K97: =PRODUCT(E97:J97) -> 0
K98: =PRODUCT(E98:J98) -> 0
K99: =PRODUCT(E99:J99) -> 0
... K102: =PRODUCT(E102:J102) -> 0
B103: ='Anexo A'!B36 -> 1.1.14.2 | C103: ='Anexo A'!D36 -> 200 MESAS - PVC branco com 4 lugares | D103: ='Anexo A'!E36 -> DIÁRIA | K103: =TRUNC(SUM(K104:K112),2) -> 0
E104: 0 | K104: =PRODUCT(E104:J104) -> 0
...

Sheet TESTE Anexo A (2)
A1: PLANILHA ESTIMATIVA DE REFERÊNCIA
A3: SERVIÇOS DE MONTAGEM E DESMONTAGEM DE ESTRUTURA, SOM E ILUMINAÇÃO INCLUINDO FORNECIMENTO, INSTALAÇÃO E MANUTENÇÃO; E SERVIÇOS DE CAPTAÇÃO E TRANSMISSÃO DE IMAGENS - SÃO JOÃO 2024
A4: ITEM | B4: REFERÊNCIA | C4: DESCRIÇÃO | D4: UNIDADE | E4: QUANT | F4: LOCAÇÃO | G4: M.OBRA | H4: VALOR TOTAL
A5: 1. | C5: INFRAESTRUTURA | H5: =SUM(H6,H73,H135) -> #REF!
A6: 1.1 | C6: INFRAESTRUTURA PALCO PRINCIPAL | H6: =SUM(H7,H8,H9,H10,H11,H12,H13,H23,H24,H30,,H25,H32,H37,H41,H44,H46,H49,H52,H58,H61) -> #REF!
A7: 1.1 | B7: COMPOSIÇÃO | C7: PALCO GRANDE PORTE COM COMPLEMENTOS | D7: MÊS | E7: 1 | F7: ='Composição UNIT.'!H25 -> 0 | G7: ='Composição UNIT.'!H15 -> 0 | H7: =G7+F7 -> 0
A8: 1.2 | B8: COMPOSIÇÃO | C8: PALCO MÉDIO PORTE COM COMPLEMENTOS | D8: MÊS | E8: 1 | F8: ='Composição UNIT.'!H181 -> 0 | G8: ='Composição UNIT.'!H171 -> 0 | H8: =G8+F8 -> 0
A9: 1.3 | B9: COMPOSIÇÃO | C9: POLO ALTO DO MOURA | D9: MÊS | E9: 1 | F9: ='Composição UNIT.'!H864 -> 0 | G9: ='Composição UNIT.'!H854 -> 0 | H9: =G9+F9 -> 0
A10: 1.4 | B10: COMPOSIÇÃO | C10: CAMAROTE TIPO A | D10: MÊS | E10: 1 | F10: ='Composição UNIT.'!H51 -> 0 | G10: ='Composição UNIT.'!H41 -> 0 | H10: =G10+F10 -> 0
A11: 1.5 | B11: COMPOSIÇÃO | C11: CAMAROTE TIPO B | D11: MÊS | E11: 1 | F11: ='Composição UNIT.'!H77 -> 0 | G11: ='Composição UNIT.'!H67 -> 87471.44 | H11: =G11+F11 -> 87471.44
A12: 1.6 | B12: COMPOSIÇÃO | C12: CAMAROTE TIPO C COM RESTAURANTES | D12: MÊS | E12: 1 | F12: ='Composição UNIT.'!H103 -> 0 | G12: ='Composição UNIT.'!H93 -> 0 | H12: =G12+F12 -> 0
A13: 1.7 | C13: PAVILHÕES ESTAÇÃO FERROVIARIA | H13: =SUM(H14:H22) -> #REF!
A14: 1.7.1 | B14: COMPOSIÇÃO | C14: POLO MESTRE CAMARÃO | D14: MÊS | E14: 1 | F14: ='Composição UNIT.'!H207 -> 0 | G14: ='Composição UNIT.'!H197 -> 0 | H14: =F14+G14 -> 0
A15: 1.7.2 | B15: COMPOSIÇÃO | C15: PAVILHÃO TIPO FOOD TRUCKS | D15: MÊS | E15: 1 | F15: ='Composição UNIT.'!H233 -> 0 | G15: ='Composição UNIT.'!H223 -> 0 | H15: =F15+G15 -> 0
A16: 1.7.3 | B16: COMPOSIÇÃO | C16: PAVILHÃO IGREJA CENOGRÁFICA | D16: MÊS | E16: 1 | F16: ='Composição UNIT.'!#REF! -> #REF! | G16: ='Composição UNIT.'!#REF! -> #REF! | H16: =F16+G16 -> #REF!
A17: 1.7.4 | B17: COMPOSIÇÃO | C17: PAVILHÃO ATIVAÇÃO | D17: MÊS | E17: 1 | F17: ='Composição UNIT.'!H155 -> 0 | G17: ='Composição UNIT.'!H145 -> 0 | H17: =F17+G17 -> 0
A18: 1.7.5 | B18: COMPOSIÇÃO | C18: PAVILHÃO POLO DO REPENTE / CASA DO FORRÓ | D18: MÊS | E18: 1 | F18: ='Composição UNIT.'!H259 -> 0 | G18: ='Composição UNIT.'!H249 -> 0 | H18: =F18+G18 -> 0
A19: 1.7.6 | B19: COMPOSIÇÃO | C19: PAVILHÃO POLO MONTE BOM JESUS | D19: MÊS | E19: 1 | F19: ='Composição UNIT.'!H285 -> 0 | G19: ='Composição UNIT.'!H275 -> 0 | H19: =F19+G19 -> 0
A20: 1.7.7 | B20: COMPOSIÇÃO | C20: PAVILHÃO MERCADO DE ARTESANATO | D20: MÊS | E20: 1 | F20: ='Composição UNIT.'!H311 -> 0 | G20: ='Composição UNIT.'!H301 -> 0 | H20: =F20+G20 -> 0
A21: 1.7.8 | B21: COMPOSIÇÃO | C21: PAVILHÃO MERCADO CRIATIVO | D21: MÊS | E21: 1 | F21: ='Composição UNIT.'!H337 -> 0 | G21: ='Composição UNIT.'!H327 -> 0 | H21: =F21+G21 -> 0
A22: 1.7.9 | B22: COMPOSIÇÃO | C22: COMBOIO DA CULTURA | D22: MÊS | E22: 1 | F22: ='Composição UNIT.'!H520 -> 0 | G22: ='Composição UNIT.'!H510 -> 0 | H22: =F22+G22 -> 0
A23: 1.8 | B23: COMPOSIÇÃO | C23: PAVILHÃO QUADRILHA | D23: MÊS | E23: 1 | F23: ='Composição UNIT.'!H129 -> 0 | G23: ='Composição UNIT.'!H119 -> 0 | H23: =G23+F23 -> 0
A24: 1.9 | B24: COMPOSIÇÃO | C24: POLO JUAREZ SANTIAGO | D24: MÊS | E24: 1 | F24: ='Composição UNIT.'!#REF! -> #REF! | G24: ='Composição UNIT.'!#REF! -> #REF! | H24: =G24+F24 -> #REF!
A25: 1.10 | C25: PÓRTICOS | H25: =SUM(H26:H29) -> #REF!
A26: 1.10.1 | B26: COMPOSIÇÃO | C26: PÓRTICO TIPO I | D26: MÊS | E26: 1 | F26: ='Composição UNIT.'!H442 -> 0 | G26: ='Composição UNIT.'!H432 -> 0 | H26: =F26+G26 -> 0
A27: 1.10.2 | B27: COMPOSIÇÃO | C27: PÓRTICO TIPO II | D27: MÊS | E27: 1 | F27: ='Composição UNIT.'!H468 -> 0 | G27: ='Composição UNIT.'!H458 -> 0 | H27: =F27+G27 -> 0
A28: 1.10.3 | B28: COMPOSIÇÃO | C28: PÓRTICO TIPO III | D28: MÊS | E28: 1 | F28: ='Composição UNIT.'!#REF! -> #REF! | G28: ='Composição UNIT.'!#REF! -> #REF! | H28: =F28+G28 -> #REF!
A29: 1.10.4 | B29: COMPOSIÇÃO | C29: PÓRTICO TIPO IV | D29: MÊS | E29: 1 | F29: ='Composição UNIT.'!#REF! -> #REF! | G29: ='Composição UNIT.'!#REF! -> #REF! | H29: =F29+G29 -> #REF!
A30: 1.11 | C30: TORRE DE TRANSMISSÃO DOS SHOWS | H30: =H31 -> #REF!
A31: 1.11.1 | B31: COMPOSIÇÃO | C31: TORRE TIPO I | D31: MÊS | E31: 1 | F31: ='Composição UNIT.'!#REF! -> #REF! | G31: ='Composição UNIT.'!#REF! -> #REF! | H31: =G31+F31 -> #REF!
A32: 1.12 | C32: PASSARELAS | H32: =SUM(H33:H36) -> #REF!
A33: 1.12.1 | B33: COMPOSIÇÃO | C33: 01 PASSARELA TIPO I | D33: MÊS | E33: 1 | F33: ='Composição UNIT.'!H706 -> 0 | G33: ='Composição UNIT.'!H696 -> 0 | H33: =G33+F33 -> 0
A34: 1.12.2 | B34: COMPOSIÇÃO | C34: 01 PASSARELA TIPO II | D34: MÊS | E34: 1 | F34: ='Composição UNIT.'!H732 -> 0 | G34: ='Composição UNIT.'!H722 -> 0 | H34: =G34+F34 -> 0
A35: 1.12.3 | B35: COMPOSIÇÃO | C35: 01 PASSARELA TIPO III | D35: MÊS | E35: 1 | F35: ='Composição UNIT.'!#REF! -> #REF! | G35: ='Composição UNIT.'!#REF! -> #REF! | H35: =G35+F35 -> #REF!
A36: 1.12.4 | B36: COMPOSIÇÃO | C36: 01 PASSARELA TIPO IV | D36: MÊS | E36: 1 | F36: ='Composição UNIT.'!#REF! -> #REF! | G36: ='Composição UNIT.'!#REF! -> #REF! | H36: =G36+F36 -> #REF!
A37: 1.13 | C37: FECHAMENTOS/DISCIPLINADORES/BARRICADAS | H37: =SUM(H38:H40) -> 0
A38: 1.13.1 | B38: COMPOSIÇÃO | C38: 3.000 metros lineares de FECHAMENTO | D38: MÊS | E38: 1 | F38: ='Composição UNIT.'!H573 -> 0 | G38: ='Composição UNIT.'!H563 -> 0 | H38: =G38+F38 -> 0
A39: 1.13.2 | B39: COMPOSIÇÃO | C39: 2.500 metros de DISCIPLINADORES | D39: MÊS | E39: 1 | F39: ='Composição UNIT.'!H599 -> 0 | G39: ='Composição UNIT.'!H589 -> 0 | H39: =G39+F39 -> 0
A40: 1.13.3 | B40: COMPOSIÇÃO | C40: 450 metros lineares de BARRICADAS | D40: MÊS | E40: 1 | F40: ='Composição UNIT.'!H625 -> 0 | G40: ='Composição UNIT.'!H615 -> 0 | H40: =G40+F40 -> 0
A41: 1.14 | C41: BARRACAS | H41: =SUM(H42:H43) -> 0
A42: 1.14.1 | B42: COMPOSIÇÃO | C42: BARRACAS (165und - 2,00m x2,00m) | D42: MÊS | E42: 1 | F42: ='Composição UNIT.'!H652 -> 0 | G42: ='Composição UNIT.'!H642 -> 0 | H42: =G42+F42 -> 0
A43: 1.14.2 | B43: COMPOSIÇÃO | C43: BARRACAS (15und - 5,00m x2,00m) | D43: MÊS | E43: 1 | F43: ='Composição UNIT.'!H679 -> 0 | G43: ='Composição UNIT.'!H669 -> 0 | H43: =F43+G43 -> 0
A44: 1.15 | C44: PISO | H44: =H45 -> 0
A45: 1.15.1 | B45: COMPOSIÇÃO | C45: 450m² de PISO | D45: MÊS | E45: 1 | F45: ='Composição UNIT.'!H758 -> 0 | G45: ='Composição UNIT.'!H748 -> 0 | H45: =F45+G45 -> 0
A46: 1.16 | C46: TOLDOS | H46: =H47+H48 -> 0
A47: 1.16.1 | B47: COMPOSIÇÃO | C47: TOLDO TIPO I | D47: MÊS | E47: 1 | F47: ='Composição UNIT.'!H785 -> 0 | G47: ='Composição UNIT.'!H775 -> 0 | H47: =G47+F47 -> 0
A48: 1.16.2 | B48: COMPOSIÇÃO | C48: TOLDO TIPO II | D48: MÊS | E48: 1 | F48: ='Composição UNIT.'!H811 -> 0 | G48: ='Composição UNIT.'!H801 -> 0 | H48: =F48+G48 -> 0
A49: 1.17 | C49: ESTANDES | H49: =H50+H51 -> #REF!
A50: 1.17.1 | B50: COMPOSIÇÃO | C50: ESTANDES TIPO I - COI | D50: MÊS | E50: 1 | F50: ='Composição UNIT.'!H838 -> 0 | G50: ='Composição UNIT.'!H828 -> 0 | H50: =F50+G50 -> 0
A51: 1.17.2 | B51: COMPOSIÇÃO | C51: ESTANDES TIPO II | D51: MÊS | E51: 1 | F51: ='Composição UNIT.'!#REF! -> #REF! | G51: ='Composição UNIT.'!#REF! -> #REF! | H51: =G51+F51 -> #REF!
A52: 1.18 | C52: MOBILIÁRIO/AMBIENTAÇÃO | H52: =SUM(H53:H57) -> 501137.46
A53: 1.18.1 | B53: Cotação | C53: 900 CADEIRAS - PVC branco sem braços | D53: DIÁRIA | E53: 31 | F53: 1270.05 | G53: 635.025 | H53: 59057.32 | I53: =G53/F53 -> 0.5
A54: 1.18.2 | B54: Cotação | C54: 300 MESAS - PVC branco com 4 lugares | D54: DIÁRIA | E54: 31 | F54: 778.75 | G54: 389.375 | H54: 36211.87 | I54: =G54/F54 -> 0.5
A55: 1.18.3 | B55: Cotação | C55: 30 SOFÁS TIPO I - 3 lugares | D55: DIÁRIA | E55: 31 | F55: 3364.88 | G55: 1682.44 | H55: 156466.92 | I55: =G55/F55 -> 0.5
A56: 1.18.4 | B56: Cotação | C56: 30 SOFÁS TIPO II - 2 lugares | D56: DIÁRIA | E56: 31 | F56: 3205.5 | G56: 1602.75 | H56: 149055.75 | I56: =G56/F56 -> 0.5
A57: 1.18.5 | B57: Cotação | C57: 2.000 m² CARPETE | D57: DIÁRIA | E57: 31 | F57: 2157.97 | G57: 1078.985 | H57: 100345.6 | I57: =G57/F57 -> 0.5
A58: 1.19 | C58: CABINES SANITÁRIAS | H58: =H59+H60 -> 1260115.2
A59: 1.19.1. | B59: Cotação | C59: 600 CABINES SANITÁRIA TIPO I - Standard | D59: DIÁRIA | E59: 31 | F59: 27841.7 | G59: 9744.595 | H59: 1165175.1 | I59: =G59/F59 -> 0.35
A60: 1.19.2. | B60: Cotação | C60: 22 CABINES SANITÁRIA TIPO II - PNE | D60: DIÁRIA | E60: 31 | F60: 2268.58 | G60: 794.003 | H60: 94940.07 | I60: =G60/F60 -> 0.35
A61: 1.20 | C61: CONTEINERS | H61: =SUM(H62:H66) -> 372780.02
A62: 1.20.1 | B62: Cotação | C62: 02 CONTEINERS TIPO CAMARIM | D62: DIÁRIA | E62: 31 | F62: 740.01 | G62: 185.0025 | H62: 57350.77 | I62: =G62/F62 -> 0.25
A63: 1.20.2 | B63: Cotação | C63: 03 CONTAINERS ESCRITÓRIO SEM BANHEIRO | D63: DIÁRIA | E63: 31 | F63: 740.01 | G63: 185.0025 | H63: 86026.16 | I63: =G63/F63 -> 0.25
A64: 1.20.3 | B64: Cotação | C64: 03 CONTAINERS TIPO WC FEMININO | D64: DIÁRIA | E64: 31 | F64: 740.01 | G64: 185.0025 | H64: 86026.16 | I64: =G64/F64 -> 0.25
A65: 1.20.4 | B65: Cotação | C65: 03 CONTAINERS TIPO WC MASCULINO | D65: DIÁRIA | E65: 31 | F65: 740.01 | G65: 185.0025 | H65: 86026.16 | I65: =G65/F65 -> 0.25
A66: 1.20.5 | B66: Cotação | C66: 02 CONTAINERS TIPO WC PCD | D66: DIÁRIA | E66: 31 | F66: 740.01 | G66: 185.0025 | H66: 57350.77 | I66: =G66/F66 -> 0.25
A73: 1.2 | C73: INFRAESTRUTURA ESTAÇÃO FERROVIÁRIA | H73: =SUM(H74,H75,H85,H86,H92,,H87,H94,H99,H103,H106,H108,H111,H114,H120,H123) -> #REF!
A74: 1.2 | B74: COMPOSIÇÃO | C74: PALCO MÉDIO PORTE COM COMPLEMENTOS (AZULÃO) | D74: MÊS | E74: 1 | F74: ='Composição UNIT.'!H25 -> 0 | G74: ='Composição UNIT.'!H15 -> 0 | H74: =G74+F74 -> 0
A75: 1.7 | C75: PAVILHÕES ESTAÇÃO FERROVIARIA | H75: =SUM(H76:H84) -> #REF!
A76: 1.7.1 | B76: COMPOSIÇÃO | C76: POLO MESTRE CAMARÃO | D76: MÊS | E76: 1 | F76: ='Composição UNIT.'!H207 -> 0 | G76: ='Composição UNIT.'!H197 -> 0 | H76: =F76+G76 -> 0
A77: 1.7.2 | B77: COMPOSIÇÃO | C77: PAVILHÃO TIPO FOOD TRUCKS | D77: MÊS | E77: 1 | F77: ='Composição UNIT.'!H233 -> 0 | G77: ='Composição UNIT.'!H223 -> 0 | H77: =F77+G77 -> 0
A78: 1.7.3 | B78: COMPOSIÇÃO | C78: PAVILHÃO IGREJA CENOGRÁFICA | D78: MÊS | E78: 1 | F78: ='Composição UNIT.'!#REF! -> #REF! | G78: ='Composição UNIT.'!#REF! -> #REF! | H78: =F78+G78 -> #REF!
A79: 1.7.4 | B79: COMPOSIÇÃO | C79: PAVILHÃO ATIVAÇÃO | D79: MÊS | E79: 1 | F79: ='Composição UNIT.'!H155 -> 0 | G79: ='Composição UNIT.'!H145 -> 0 | H79: =F79+G79 -> 0
A80: 1.7.5 | B80: COMPOSIÇÃO | C80: PAVILHÃO POLO DO REPENTE / CASA DO FORRÓ | D80: MÊS | E80: 1 | F80: ='Composição UNIT.'!H259 -> 0 | G80: ='Composição UNIT.'!H249 -> 0 | H80: =F80+G80 -> 0
A81: 1.7.6 | B81: COMPOSIÇÃO | C81: PAVILHÃO POLO MONTE BOM JESUS | D81: MÊS | E81: 1 | F81: ='Composição UNIT.'!H285 -> 0 | G81: ='Composição UNIT.'!H275 -> 0 | H81: =F81+G81 -> 0
A82: 1.7.7 | B82: COMPOSIÇÃO | C82: PAVILHÃO MERCADO DE ARTESANATO | D82: MÊS | E82: 1 | F82: ='Composição UNIT.'!H311 -> 0 | G82: ='Composição UNIT.'!H301 -> 0 | H82: =F82+G82 -> 0
A83: 1.7.8 | B83: COMPOSIÇÃO | C83: PAVILHÃO MERCADO CRIATIVO | D83: MÊS | E83: 1 | F83: ='Composição UNIT.'!H337 -> 0 | G83: ='Composição UNIT.'!H327 -> 0 | H83: =F83+G83 -> 0
A84: 1.7.9 | B84: COMPOSIÇÃO | C84: COMBOIO DA CULTURA | D84: MÊS | E84: 1 | F84: ='Composição UNIT.'!H520 -> 0 | G84: ='Composição UNIT.'!H510 -> 0 | H84: =F84+G84 -> 0
A85: 1.8 | B85: COMPOSIÇÃO | C85: PAVILHÃO QUADRILHA | D85: MÊS | E85: 1 | F85: ='Composição UNIT.'!H129 -> 0 | G85: ='Composição UNIT.'!H119 -> 0 | H85: =G85+F85 -> 0
A86: 1.9 | B86: COMPOSIÇÃO | C86: POLO JUAREZ SANTIAGO | D86: MÊS | E86: 1 | F86: ='Composição UNIT.'!#REF! -> #REF! | G86: ='Composição UNIT.'!#REF! -> #REF! | H86: =G86+F86 -> #REF!
A87: 1.10 | C87: PÓRTICOS | H87: =SUM(H88:H91) -> #REF!
A88: 1.10.1 | B88: COMPOSIÇÃO | C88: PÓRTICO TIPO I | D88: MÊS | E88: 1 | F88: ='Composição UNIT.'!H442 -> 0 | G88: ='Composição UNIT.'!H432 -> 0 | H88: =F88+G88 -> 0
A89: 1.10.2 | B89: COMPOSIÇÃO | C89: PÓRTICO TIPO II | D89: MÊS | E89: 1 | F89: ='Composição UNIT.'!H468 -> 0 | G89: ='Composição UNIT.'!H458 -> 0 | H89: =F89+G89 -> 0
A90: 1.10.3 | B90: COMPOSIÇÃO | C90: PÓRTICO TIPO III | D90: MÊS | E90: 1 | F90: ='Composição UNIT.'!#REF! -> #REF! | G90: ='Composição UNIT.'!#REF! -> #REF! | H90: =F90+G90 -> #REF!
A91: 1.10.4 | B91: COMPOSIÇÃO | C91: PÓRTICO TIPO IV | D91: MÊS | E91: 1 | F91: ='Composição UNIT.'!#REF! -> #REF! | G91: ='Composição UNIT.'!#REF! -> #REF! | H91: =F91+G91 -> #REF!
A92: 1.11 | C92: TORRE DE TRANSMISSÃO DOS SHOWS | H92: =H93 -> #REF!
A93: 1.11.1 | B93: COMPOSIÇÃO | C93: TORRE TIPO I | D93: MÊS | E93: 1 | F93: ='Composição UNIT.'!#REF! -> #REF! | G93: ='Composição UNIT.'!#REF! -> #REF! | H93: =G93+F93 -> #REF!
A94: 1.12 | C94: PASSARELAS | H94: =SUM(H95:H98) -> #REF!
A95: 1.12.1 | B95: COMPOSIÇÃO | C95: 01 PASSARELA TIPO I | D95: MÊS | E95: 1 | F95: ='Composição UNIT.'!H706 -> 0 | G95: ='Composição UNIT.'!H696 -> 0 | H95: =G95+F95 -> 0
A96: 1.12.2 | B96: COMPOSIÇÃO | C96: 01 PASSARELA TIPO II | D96: MÊS | E96: 1 | F96: ='Composição UNIT.'!H732 -> 0 | G96: ='Composição UNIT.'!H722 -> 0 | H96: =G96+F96 -> 0
A97: 1.12.3 | B97: COMPOSIÇÃO | C97: 01 PASSARELA TIPO III | D97: MÊS | E97: 1 | F97: ='Composição UNIT.'!#REF! -> #REF! | G97: ='Composição UNIT.'!#REF! -> #REF! | H97: =G97+F97 -> #REF!
A98: 1.12.4 | B98: COMPOSIÇÃO | C98: 01 PASSARELA TIPO IV | D98: MÊS | E98: 1 | F98: ='Composição UNIT.'!#REF! -> #REF! | G98: ='Composição UNIT.'!#REF! -> #REF! | H98: =G98+F98 -> #REF!
A99: 1.13 | C99: FECHAMENTOS/DISCIPLINADORES/BARRICADAS | H99: =SUM(H100:H102) -> 0
A100: 1.13.1 | B100: COMPOSIÇÃO | C100: 3.000 metros lineares de FECHAMENTO | D100: MÊS | E100: 1 | F100: ='Composição UNIT.'!H573 -> 0 | G100: ='Composição UNIT.'!H563 -> 0 | H100: =G100+F100 -> 0
A101: 1.13.2 | B101: COMPOSIÇÃO | C101: 2.500 metros de DISCIPLINADORES | D101: MÊS | E101: 1 | F101: ='Composição UNIT.'!H599 -> 0 | G101: ='Composição UNIT.'!H589 -> 0 | H101: =G101+F101 -> 0
A102: 1.13.3 | B102: COMPOSIÇÃO | C102: 450 metros lineares de BARRICADAS | D102: MÊS | E102: 1 | F102: ='Composição UNIT.'!H625 -> 0 | G102: ='Composição UNIT.'!H615 -> 0 | H102: =G102+F102 -> 0
A103: 1.14 | C103: BARRACAS | H103: =SUM(H104:H105) -> 0
A104: 1.14.1 | B104: COMPOSIÇÃO | C104: BARRACAS (165und - 2,00m x2,00m) | D104: MÊS | E104: 1 | F104: ='Composição UNIT.'!H652 -> 0 | G104: ='Composição UNIT.'!H642 -> 0 | H104: =G104+F104 -> 0
A105: 1.14.2 | B105: COMPOSIÇÃO | C105: BARRACAS (15und - 5,00m x2,00m) | D105: MÊS | E105: 1 | F105: ='Composição UNIT.'!H679 -> 0 | G105: ='Composição UNIT.'!H669 -> 0 | H105: =F105+G105 -> 0
A106: 1.15 | C106: PISO | H106: =H107 -> 0
A107: 1.15.1 | B107: COMPOSIÇÃO | C107: 450m² de PISO | D107: MÊS | E107: 1 | F107: ='Composição UNIT.'!H758 -> 0 | G107: ='Composição UNIT.'!H748 -> 0 | H107: =F107+G107 -> 0
...

Sheet Anexo A
B1: PLANILHA ESTIMATIVA DE REFERÊNCIA
B3: =BDI!B2 -> OBJETO: SERVIÇOS DE MONTAGEM E DESMONTAGEM DE ESTRUTURA, SOM E ILUMINAÇÃO INCLUINDO FORNECIMENTO, INSTALAÇÃO E MANUTENÇÃO; E SERVIÇOS DE CAPTAÇÃO E TRANSMISSÃO DE IMAGENS - SÃO JOÃO 2026
B4: ITEM | C4: REFERÊNCIA | D4: DESCRIÇÃO | E4: UNIDADE | F4: QUANT | G4: LOCAÇÃO | H4: M.OBRA | I4: VALOR TOTAL
B5: 1. | D5: PALCO PRINCIPAL | I5: =SUM(I6,I47,I137) -> 0
B6: 1.1 | D6: INFRAESTRUTURA | I6: =SUM(I7,I8,I9,I10,I11,I12,I14,I17,I20,I24,I27,I29,I32,I34,I40,I43) -> 0
B7: 1.1.1 | C7: COMPOSIÇÃO 01 | D7: PALCO GRANDE PORTE COM COMPLEMENTOS (PRINCIPAL) | E7: MÊS | F7: 1 | G7: ='Composição UNIT.'!H25 -> 0 | H7: ='Composição UNIT.'!H15 -> 0 | I7: =H7+G7 -> 0
B8: 1.1.2 | C8: COMPOSIÇÃO 02 | D8: CAMAROTE INSTITUCIONAL | E8: MÊS | F8: 1 | G8: ='Composição UNIT.'!H51 -> 0 | H8: ='Composição UNIT.'!H41 -> 0 | I8: =H8+G8 -> 0
B9: 1.1.3 | C9: COMPOSIÇÃO 03 | D9: PAVILHÃO RETAURANTES | E9: MÊS | F9: 1 | G9: ='Composição UNIT.'!H103 -> 0 | H9: ='Composição UNIT.'!H93 -> 0 | I9: =H9+G9 -> 0
B10: 1.1.4 | C10: COMPOSIÇÃO 04 | D10: CAMAROTE IMPRENSA | E10: MÊS | F10: 1 | G10: ='Composição UNIT.'!H129 -> 0 | H10: ='Composição UNIT.'!H119 -> 0 | I10: =H10+G10 -> 0
B11: 1.1.5 | C11: COMPOSIÇÃO 05 | D11: PAVILHÃO PRAÇA DE ALIMENTAÇÃO | E11: MÊS | F11: 1 | G11: ='Composição UNIT.'!H155 -> 0 | H11: ='Composição UNIT.'!H145 -> 0 | I11: =ROUND(G11+H11,2) -> 0
B12: 1.1.6 | D12: PÓRTICOS | I12: =SUM(I13) -> 0
B13: 1.1.6.1 | C13: COMPOSIÇÃO 20 | D13: 26 PÓRTICO TIPO II - USO GERAL | E13: MÊS | F13: 1 | G13: ='Composição UNIT.'!H468*26 -> 0 | H13: ='Composição UNIT.'!H458*26 -> 0 | I13: =ROUND(G13+H13,2) -> 0
B14: 1.1.7 | D14: TORRE DE TRANSMISSÃO DOS SHOWS | I14: =SUM(I15:I16) -> 0
B15: 1.1.7.1 | C15: COMPOSIÇÃO 22 | D15: 02 TORRE TRANSMISSÃO E SHOWS TIPO I | E15: MÊS | F15: 1 | G15: ='Composição UNIT.'!H520*2 -> 0 | H15: ='Composição UNIT.'!H510*2 -> 0 | I15: =ROUND(G15+H15,2) -> 0
B16: 1.1.7.2 | C16: COMPOSIÇÃO 23 | D16: 02 TORRE TRANSMISSÃO E SHOWS TIPO II | E16: MÊS | F16: 1 | G16: ='Composição UNIT.'!H546*2 -> 0 | H16: ='Composição UNIT.'!H536*2 -> 0 | I16: =ROUND(G16+H16,2) -> 0
B17: 1.1.8 | D17: PASSARELAS | I17: =SUM(I18:I19) -> 0
B18: 1.1.8.1 | C18: COMPOSIÇÃO 29 | D18: 01 PASSARELA TIPO I | E18: MÊS | F18: 1 | G18: ='Composição UNIT.'!H706 -> 0 | H18: ='Composição UNIT.'!H696 -> 0 | I18: =ROUND(G18+H18,2) -> 0
B19: 1.1.8.2 | C19: COMPOSIÇÃO 30 | D19: 01 PASSARELA TIPO II | E19: MÊS | F19: 1 | G19: ='Composição UNIT.'!H732 -> 0 | H19: ='Composição UNIT.'!H722 -> 0 | I19: =ROUND(G19+H19,2) -> 0
B20: 1.1.9 | D20: FECHAMENTOS/DISCIPLINADORES/BARRICADAS | I20: =SUM(I21:I23) -> 0
B21: 1.1.9.1 | C21: COMPOSIÇÃO 24 | D21: 1.720 METROS LINEARES DE FECHAMENTO | E21: MÊS | F21: 1 | G21: ='Composição UNIT.'!H573*1720 -> 0 | H21: ='Composição UNIT.'!H563*1720 -> 0 | I21: =ROUND(G21+H21,2) -> 0
B22: 1.1.9.2 | C22: COMPOSIÇÃO 25 | D22: 1040 METROS LINEARES DE DISCIPLINADORES | E22: MÊS | F22: 1 | G22: ='Composição UNIT.'!H599*1040 -> 0 | H22: ='Composição UNIT.'!H589*1040 -> 0 | I22: =ROUND(G22+H22,2) -> 0
B23: 1.1.9.3 | C23: COMPOSIÇÃO 26 | D23: 550 METROS LINEARES DE BARRICADAS | E23: MÊS | F23: 1 | G23: ='Composição UNIT.'!H625*550 -> 0 | H23: ='Composição UNIT.'!H615*550 -> 0 | I23: =ROUND(G23+H23,2) -> 0
B24: 1.1.10 | D24: BARRACAS | I24: =SUM(I25:I26) -> 0
B25: 1.1.10.1 | C25: COMPOSIÇÃO 27 | D25: 99 BARRACAS - 2,00m x 2,00m | E25: MÊS | F25: 1 | G25: ='Composição UNIT.'!H652*99 -> 0 | H25: ='Composição UNIT.'!H642*99 -> 0 | I25: =ROUND(G25+H25,2) -> 0
B26: 1.1.10.2 | C26: COMPOSIÇÃO 28 | D26: 10 BARRACAS - 5,00m x 2,00m | E26: MÊS | F26: 1 | G26: ='Composição UNIT.'!H679*10 -> 0 | H26: ='Composição UNIT.'!H669*10 -> 0 | I26: =ROUND(G26+H26,2) -> 0
B27: 1.1.11 | D27: PISO | I27: =SUM(I28:I28) -> 0
B28: 1.1.11.1 | C28: COMPOSIÇÃO 31 | D28: 400 M2 de PISO | E28: MÊS | F28: 1 | G28: ='Composição UNIT.'!H758*400 -> 0 | H28: ='Composição UNIT.'!H748*400 -> 0 | I28: =ROUND(G28+H28,2) -> 0
B29: 1.1.12 | D29: TOLDOS | I29: =SUM(I30:I31) -> 0
B30: 1.1.12.1 | C30: COMPOSIÇÃO 32 | D30: 4 TOLDO TIPO I (10,0X10,0 M) | E30: MÊS | F30: 1 | G30: ='Composição UNIT.'!H785*4 -> 0 | H30: ='Composição UNIT.'!H775*4 -> 0 | I30: =ROUND(G30+H30,2) -> 0
B31: 1.1.12.2 | C31: COMPOSIÇÃO 33 | D31: 30 TOLDO TIPO II (5,0X5,0 M) | E31: MÊS | F31: 1 | G31: ='Composição UNIT.'!H811*30 -> 0 | H31: ='Composição UNIT.'!H801*30 -> 0 | I31: =ROUND(G31+H31,2) -> 0
B32: 1.1.13 | D32: ESTANDE | I32: =SUM(I33:I33) -> 0
B33: 1.1.13.1 | C33: COMPOSIÇÃO 10 | D33: 1 ESTANDES TIPO I - COI | E33: MÊS | F33: 1 | G33: ='Composição UNIT.'!H285*1 -> 0 | H33: ='Composição UNIT.'!H275*1 -> 0 | I33: =ROUND(G33+H33,2) -> 0
B34: 1.1.14 | D34: MOBILIÁRIO/AMBIENTAÇÃO | I34: =SUM(I35:I39) -> 0
B35: 1.1.14.1 | C35: Cotação | D35: 600 CADEIRAS - PVC branco sem braços | E35: DIÁRIA | F35: 31 | G35: =Insumos!D88*600 -> 0 | H35: =G35*0.25 -> 0 | I35: =ROUND(G35+H35,2) -> 0
B36: 1.1.14.2 | C36: Cotação | D36: 200 MESAS - PVC branco com 4 lugares | E36: DIÁRIA | F36: 31 | G36: =Insumos!D89*200 -> 0 | H36: =G36*0.25 -> 0 | I36: =ROUND(G36+H36,2) -> 0
B37: 1.1.14.3 | C37: Cotação | D37: 30 SOFÁS TIPO I - 3 lugares | E37: DIÁRIA | F37: 31 | G37: =Insumos!D90*30 -> 0 | H37: =G37*0.25 -> 0 | I37: =ROUND(G37+H37,2) -> 0
B38: 1.1.14.4 | C38: Cotação | D38: 38 SOFÁS TIPO II - 2 lugares | E38: DIÁRIA | F38: 31 | G38: =Insumos!D91*38 -> 0 | H38: =G38*0.25 -> 0 | I38: =ROUND(G38+H38,2) -> 0
B39: 1.1.14.5 | C39: Cotação | D39: 4.000 m² CARPETE | E39: DIÁRIA | F39: 31 | G39: =Insumos!D92*4000 -> 0 | H39: =G39*0.25 -> 0 | I39: =ROUND(G39+H39,2) -> 0
B40: 1.1.15 | D40: CABINES SANITÁRIAS | I40: =SUM(I41:I42) -> 0
B41: 1.1.15.1 | C41: Cotação | D41: 326 CABINES SANITÁRIA TIPO I - Standard | E41: DIÁRIA | F41: 31 | G41: =Insumos!D94*326*0.75 -> 0 | H41: =Insumos!D94*326*0.25 -> 0 | I41: =ROUND(G41+H41,2) -> 0
B42: 1.1.15.2 | C42: Cotação | D42: 7 CABINES SANITÁRIA TIPO II - PNE | E42: DIÁRIA | F42: 31 | G42: =Insumos!D95*7*0.75 -> 0 | H42: =Insumos!D95*7*0.25 -> 0 | I42: =ROUND(G42+H42,2) -> 0
B43: 1.1.16 | D43: CONTEINERS | I43: =SUM(I44:I46) -> 0
B44: 1.1.16.1 | C44: Cotação | D44: 02 CONTAINERS TIPO WC FEMININO | E44: DIÁRIA | F44: 31 | G44: =Insumos!D43*31*2 -> 0 | H44: =G44*0.25 -> 0 | I44: =ROUND(G44+H44,2) -> 0
B45: 1.1.16.2 | C45: Cotação | D45: 02 CONTAINERS TIPO WC MASCULINO | E45: DIÁRIA | F45: 31 | G45: =Insumos!D44*31*2 -> 0 | H45: =G45*0.25 -> 0 | I45: =ROUND(G45+H45,2) -> 0
B46: 1.1.16.3 | C46: Cotação | D46: 01 CONTAINERS TIPO WC PCD | E46: DIÁRIA | F46: 31 | G46: =Insumos!D45*31*1 -> 0 | H46: =G46*0.25 -> 0 | I46: =ROUND(G46+H46,2) -> 0
B47: 1.2 | D47: ELETRO-ELETRONICOS | I47: =I48+I103+I130 -> 0
B48: 1.2.1 | D48: SOM PÁTIO DE EVENTOS – PALCO PRINCIPAL | I48: =SUM(I49:I102) -> 0
B49: 1.2.1.1 | C49: Cotação | D49: 01 CONSOLE DIGITAL 74 CANAIS | E49: DIÁRIA | F49: 21 | I49: =ROUND((H49+G49)*F49,2) -> 0
B50: 1.2.1.2 | C50: Cotação | D50: 01 CONSOLE DIGITAL 48 CANAIS | E50: DIÁRIA | F50: 21 | I50: =ROUND((H50+G50)*F50,2) -> 0
B51: 1.2.1.3 | C51: Cotação | D51: 01 PROCESSADORES DIGITAL 4 CANAIS | E51: DIÁRIA | F51: 21 | I51: =ROUND((H51+G51)*F51,2) -> 0
B52: 1.2.1.4 | C52: Cotação | D52: 01 PROCESSADOR DIGITAL 2 CANAIS | E52: DIÁRIA | F52: 21 | I52: =ROUND((H52+G52)*F52,2) -> 0
B53: 1.2.1.5 | C53: Cotação | D53: 01 SISTEMA ANALIZADOR DE ESPECTRO | E53: DIÁRIA | F53: 21 | I53: =ROUND((H53+G53)*F53,2) -> 0
B54: 1.2.1.6 | C54: Cotação | D54: 10 CANAIS DE ISOLADORES TIPO PRESS BOX | E54: DIÁRIA | F54: 21 | I54: =ROUND((H54+G54)*F54,2) -> 0
B55: 1.2.1.7 | C55: Cotação | D55: 01 SISTEMA DE INTERCOMUNICAÇÃO | E55: DIÁRIA | F55: 21 | I55: =ROUND((H55+G55)*F55,2) -> 0
B56: 1.2.1.8 | C56: Cotação | D56: 40 CAIXAS ACUSTICAS | E56: DIÁRIA | F56: 21 | I56: =ROUND((H56+G56)*F56,2) -> 0
B57: 1.2.1.9 | C57: Cotação | D57: 40 CAIXAS ACUSTICAS | E57: DIÁRIA | F57: 21 | I57: =ROUND((H57+G57)*F57,2) -> 0
B58: 1.2.1.10 | C58: Cotação | D58: 08 CAIXAS ACUSTICAS | E58: DIÁRIA | F58: 21 | I58: =ROUND((H58+G58)*F58,2) -> 0
B59: 1.2.1.11 | C59: Cotação | D59: BUMPER E PINAGEM | E59: DIÁRIA | F59: 21 | I59: =ROUND((H59+G59)*F59,2) -> 0
B60: 1.2.1.12 | C60: Cotação | D60: 02 SISTEMAS PARA OUTFILL | E60: DIÁRIA | F60: 21 | I60: =ROUND((H60+G60)*F60,2) -> 0
... B102: 1.2.1.54 | C102: Cotação | D102: 1 CONJUNTO DE EFEITOS SONOROS | E102: DIÁRIA | F102: 21 | I102: =ROUND((H102+G102)*F102,2) -> 0
B103: 1.2.2 | D103: ILUMINAÇÃO DO PÁTIO DE EVENTOS | I103: =SUM(I104:I129) -> 0
B104: 1.2.2.1 | C104: Cotação | D104: 01 CONSOLE DIGITAL DE ILUMINAÇÃO 256 UNIVERSOS DMX | E104: DIÁRIA | F104: 21 | I104: =ROUND((H104+G104)*F104,2) -> 0
B105: 1.2.2.2 | C105: Cotação | D105: 01 CONSOLE DIGITAL DE ILUMINAÇÃO 16 UNIVERSOS | E105: DIÁRIA | F105: 21 | I105: =ROUND((H105+G105)*F105,2) -> 0
B106: 1.2.2.3 | C106: Cotação | D106: 01 CONSOLE DIGITAL DE ILUMINAÇÃO TIPO PC 6 SAÍDAS DMX | E106: DIÁRIA | F106: 21 | I106: =ROUND((H106+G106)*F106,2) -> 0
B107: 1.2.2.4 | C107: Cotação | D107: 24 MOVE SPOT | E107: DIÁRIA | F107: 21 | I107: =ROUND((H107+G107)*F107,2) -> 0
B108: 1.2.2.5 | C108: Cotação | D108: 48 REFLETORES PAR LED RGBW 3W | E108: DIÁRIA | F108: 21 | I108: =ROUND((H108+G108)*F108,2) -> 0
B109: 1.2.2.6 | C109: Cotação | D109: 40 PAR LED 300W | E109: DIÁRIA | F109: 21 | I109: =ROUND((H109+G109)*F109,2) -> 0
B110: 1.2.2.7 | C110: Cotação | D110: 26 X5 STROBO | E110: DIÁRIA | F110: 21 | I110: =ROUND((H110+G110)*F110,2) -> 0
B111: 1.2.2.8 | C111: Cotação | D111: 68 MOVING HEAD BEM 9R | E111: DIÁRIA | F111: 21 | I111: =ROUND((H111+G111)*F111,2) -> 0
B112: 1.2.2.9 | C112: Cotação | D112: 36 MOVING HEAD WASH LED 15W | E112: DIÁRIA | F112: 21 | I112: =ROUND((H112+G112)*F112,2) -> 0
B113: 1.2.2.10 | C113: Cotação | D113: 36 P5 COLOR | E113: DIÁRIA | F113: 21 | I113: =ROUND((H113+G113)*F113,2) -> 0
B114: 1.2.2.11 | C114: Cotação | D114: 24MINI-BRUTEDWE (4 LAMPADAS DE LED) | E114: DIÁRIA | F114: 21 | I114: =ROUND((H114+G114)*F114,2) -> 0
B115: 1.2.2.12 | C115: Cotação | D115: 120 STRIP LED RGB1M | E115: DIÁRIA | F115: 21 | I115: =ROUND((H115+G115)*F115,2) -> 0
... B129: 1.2.2.26 | C129: Cotação | D129: 10 SISTEMAS DE FONTE DE DISTRIBUIÇÃO | E129: DIÁRIA | F129: 21 | I129: =ROUND((H129+G129)*F129,2) -> 0
B130: 1.2.3 | D130: EFEITOS DO PÁTIO DE EVENTOS | I130: =SUM(I131:I136) -> 0
B131: 1.2.3.1 | C131: Cotação | D131: 08 LAZERS RGB 60W | E131: DIÁRIA | F131: 21 | I131: =ROUND((H131+G131)*F131,2) -> 0
B132: 1.2.3.2 | C132: Cotação | D132: 01 NOTBOOK COM SOFTWARE BEYOND LICENÇA ADVANCED | E132: DIÁRIA | F132: 21 | I132: =ROUND((H132+G132)*F132,2) -> 0
B133: 1.2.3.3 | C133: Cotação | D133: 50 KITS DE EFEITOS CENOGRÁFICOS | E133: DIÁRIA | F133: 21 | I133: =ROUND((H133+G133)*F133,2) -> 0
B134: 1.2.3.4 | C134: Cotação | D134: 50 KITS DE EFEITOS DE CENOGRAFIA | E134: DIÁRIA | F134: 21 | I134: =ROUND((H134+G134)*F134,2) -> 0
B135: 1.2.3.5 | C135: Cotação | D135: 03 PROJETORES DE 15K | E135: DIÁRIA | F135: 21 | I135: =ROUND((H135+G135)*F135,2) -> 0
B136: 1.2.3.6 | C136: Cotação | D136: 02 NOTBOOKS SERVIDORES COM SOFTWERE PARA MAPPING | E136: DIÁRIA | F136: 21 | I136: =ROUND((H136+G136)*F136,2) -> 0
B137: 1.3 | D137: GERADORES | G137: =G138+G139 -> 0 | H137: =H138+H139 -> 0 | I137: =SUM(I138:I139) -> 0
B138: 1.3.1.1 | C138: Cotação | D138: 01 Gerador 300KVA (Stand-By) | E138: DIÁRIA | F138: 21 | G138: =Insumos!D99*1 -> 0 | H138: =G138*0.35 -> 0 | I138: =ROUND((H138+G138)*F138,2) -> 0
B139: 1.3.1.2 | C139: Cotação | D139: 01 Geradores 260KVA (Stand-By) | E139: DIÁRIA | F139: 21 | G139: =Insumos!D100*1 -> 0 | H139: =G139*0.35 -> 0 | I139: =ROUND((H139+G139)*F139,2) -> 0
B140: 2. | D140: ESTAÇÃO FERROVIÁRIA | I140: =SUM(I141,I178,I321) -> 0
B141: 2.1 | D141: INFRAESTRUTURA | I141: =SUM(I142,I143,I152,I156,I158,I162,I165,I169,I172) -> 0
B142: 2.1.1 | C142: COMPOSIÇÃO 06 | D142: PALCO MÉDIO PORTE COM COMPLEMENTOS (AZULÃO) | E142: MÊS | F142: 1 | G142: ='Composição UNIT.'!H181 -> 0 | H142: ='Composição UNIT.'!H171 -> 0 | I142: =H142+G142 -> 0
B143: 2.1.2 | D143: PAVILHÕES ESTAÇÃO FERROVIARIA | I143: =SUM(I144:I151) -> 0
B144: 2.1.2.1 | C144: COMPOSIÇÃO 07 | D144: PAVILHÃO MESTRE CAMARÃO | E144: MÊS | F144: 1 | G144: ='Composição UNIT.'!H207 -> 0 | H144: ='Composição UNIT.'!H197 -> 0 | I144: =ROUND(G144+H144,2) -> 0
B145: 2.1.2.2 | C145: COMPOSIÇÃO 08 | D145: PAVILHÃO LOCOMOTIVA | E145: MÊS | F145: 1 | G145: ='Composição UNIT.'!H233 -> 0 | H145: ='Composição UNIT.'!H223 -> 0 | I145: =ROUND(G145+H145,2) -> 0
B146: 2.1.2.3 | C146: COMPOSIÇÃO 09 | D146: PAVILHÃO POLO DO REPENTE / CASA DO FORRÓ | E146: MÊS | F146: 1 | G146: ='Composição UNIT.'!H259 -> 0 | H146: ='Composição UNIT.'!H249 -> 0 | I146: =ROUND(G146+H146,2) -> 0
B147: 2.1.2.4 | C147: COMPOSIÇÃO 11 | D147: PAVILHÃO MERCADO DE ARTESANATO | E147: MÊS | F147: 1 | G147: ='Composição UNIT.'!H311 -> 0 | H147: ='Composição UNIT.'!H301 -> 0 | I147: =ROUND(G147+H147,2) -> 0
B148: 2.1.2.5 | C148: COMPOSIÇÃO 12 | D148: PAVILHÃO MERCADO CRIATIVO | E148: MÊS | F148: 1 | G148: ='Composição UNIT.'!H337 -> 0 | H148: ='Composição UNIT.'!H327 -> 0 | I148: =ROUND(G148+H148,2) -> 0
B149: 2.1.2.6 | C149: COMPOSIÇÃO 13 | D149: PAVILHÃO VILA FUNCIONAL | E149: MÊS | F149: 1 | G149: ='Composição UNIT.'!H363 -> 0 | H149: ='Composição UNIT.'!H353 -> 0 | I149: =ROUND(G149+H149,2) -> 0
B150: 2.1.2.7 | C150: COMPOSIÇÃO 14 | D150: PAVILHÃO CENTRO DE RECICLAGEM | E150: MÊS | F150: 1 | G150: ='Composição UNIT.'!H389 -> 0 | H150: ='Composição UNIT.'!H379 -> 0 | I150: =ROUND(G150+H150,2) -> 0
B151: 2.1.2.8 | C151: COMPOSIÇÃO 15 | D151: PÓLO SEBASTIÃO BIANO | E151: MÊS | F151: 1 | G151: ='Composição UNIT.'!H415 -> 0 | H151: ='Composição UNIT.'!H405 -> 0 | I151: =ROUND(G151+H151,2) -> 0
B152: 2.1.3 | D152: PÓRTICOS | I152: =SUM(I153:I155) -> 0
B153: 2.1.3.1 | C153: COMPOSIÇÃO 19 | D153: 1 PÓRTICO TIPO I - ENTRADA ESTAÇÃO FERROVIÁRIA | E153: MÊS | F153: 1 | G153: ='Composição UNIT.'!H442 -> 0 | H153: ='Composição UNIT.'!H432 -> 0 | I153: =ROUND(G153+H153,2) -> 0
B154: 2.1.3.2 | C154: COMPOSIÇÃO 20 | D154: 7 PÓRTICO TIPO II - USO GERAL | E154: MÊS | F154: 1 | G154: ='Composição UNIT.'!H468*7 -> 0 | H154: ='Composição UNIT.'!H458*7 -> 0 | I154: =ROUND(G154+H154,2) -> 0
B155: 2.1.3.3 | C155: COMPOSIÇÃO 21 | D155: 1 PÓRTICO TIPO III - LETRA CAIXA AGAMENON | E155: MÊS | F155: 1 | G155: ='Composição UNIT.'!H494 -> 0 | H155: ='Composição UNIT.'!H484 -> 0 | I155: =ROUND(G155+H155,2) -> 0
...

Sheet Composição UNIT.
B1: COMPOSIÇÃO DE PREÇOS UNITÁRIOS
B2: COMPOSIÇÃO | C2: 1 | D2: PALCO GRANDE PORTE COM COMPLEMENTOS (Pátio de Eventos Luiz Gonzaga)
B3: MÃO DE OBRA | D3: COMPOSIÇÃO | E3: UNIDADE | F3: QUANT | G3: VALOR (R$) | H3: TOTAL (R$)
D4: Encarregado | E4: H/H | F4: 400 | G4: =Insumos!Q21 -> 0 | H4: =F4*G4 -> 0
D5: Montador | E5: H/H | F5: 480 | G5: =Insumos!Q22 -> 0 | H5: =F5*G5 -> 0
D6: Ajudante | E6: H/H | F6: 2800 | G6: =Insumos!Q23 -> 0 | H6: =F6*G6 -> 0
D7: Carpinteiro | E7: H/H | F7: 400 | G7: =Insumos!Q24 -> 0 | H7: =F7*G7 -> 0
D8: Eletricista | E8: H/H | F8: 400 | G8: =Insumos!Q25 -> 0 | H8: =F8*G8 -> 0
D9: Vigilante | E9: H/H | F9: 450 | G9: =Insumos!Q26 -> 0 | H9: =F9*G9 -> 0
D10: Auxiliar de Serviços Gerais | E10: H/H | F10: 600 | G10: =Insumos!Q27 -> 0 | H10: =F10*G10 -> 0
F11: SUB-TOTAL | H11: =SUM(H4:H10) -> 0
F12: ENCARGOS SOCIAIS | G12: =Insumos!$K$28 -> 0.7011 | H12: =H11*G12 -> 0
F13: TOTAL | H13: =H11+H12 -> 0
F14: BDI | G14: =BDI!$C$20 -> 0.2492 | H14: =H13*G14 -> 0
F15: VALOR UNITÁRIO MÃO OBRA | H15: =H14+H13 -> 0
B16: LOCAÇÃO / MATERIAL | D16: COMPOSIÇÃO | E16: UNIDADE | F16: QUANT | G16: VALOR (R$) | H16: TOTAL (R$)
C17: CPU-AX 01 | D17: Infra-estrutura | E17: UD | F17: 1 | G17: ='1 Palco Grande Porte'!K33 -> 0 | H17: =F17*G17 -> 0
C18: CPU-AX 02 | D18: equipamentos e ferramentas | E18: Coef. | F18: 1 | G18: ='1 Palco Grande Porte'!K43 -> 0 | H18: =F18*G18 -> 0
C19: CPU-AX 03 | D19: Materias diversos( prego, arame, tinta, abraçadeiras plásticas ETC) | E19: UD | F19: 1 | G19: ='1 Palco Grande Porte'!K59 -> 0 | H19: =F19*G19 -> 0
B20: LOGISTICA | C20: CPU-AX 04 | D20: Refeição | E20: Coef. | F20: 1 | G20: ='1 Palco Grande Porte'!K64 -> 0 | H20: =F20*G20 -> 0
C21: CPU-AX 05 | D21: Hospedagem | E21: Coef. | F21: 1 | G21: ='1 Palco Grande Porte'!K69 -> 0 | H21: =F21*G21 -> 0
C22: CPU-AX 06 | D22: Transporte | E22: Coef. | F22: 1 | G22: ='1 Palco Grande Porte'!K76 -> 0 | H22: =F22*G22 -> 0
F23: SUB-TOTAL | H23: =SUM(H17:H22) -> 0
F24: BDI | G24: =BDI!$C$20 -> 0.2492 | H24: =G24*H23 -> 0
F25: VALOR UNITÁRIO LOCAÇÃO | H25: =H24+H23 -> 0
B26: TOTAL GERAL | H26: =H25+H15 -> 0
B28: COMPOSIÇÃO | C28: 2 | D28: CAMAROTE INSTITUCIONAL
B29: MÃO DE OBRA | D29: COMPOSIÇÃO | E29: UNIDADE | F29: QUANT | G29: VALOR (R$) | H29: TOTAL (R$)
D30: Encarregado | E30: H/H | F30: 60 | G30: =Insumos!Q21 -> 0 | H30: =F30*G30 -> 0
D31: Montador | E31: H/H | F31: 1600 | G31: =Insumos!Q22 -> 0 | H31: =F31*G31 -> 0
D32: Ajudante | E32: H/H | F32: 1600 | G32: =Insumos!Q23 -> 0 | H32: =F32*G32 -> 0
D33: Carpinteiro | E33: H/H | F33: 360 | G33: =Insumos!Q24 -> 0 | H33: =F33*G33 -> 0
D34: Eletricista | E34: H/H | F34: 160 | G34: =Insumos!Q25 -> 0 | H34: =F34*G34 -> 0
D35: Vigilante | E35: H/H | F35: 120 | G35: =Insumos!Q26 -> 0 | H35: =F35*G35 -> 0
D36: Auxiliar de Serviços Gerais | E36: H/H | F36: 240 | G36: =Insumos!Q27 -> 0 | H36: =F36*G36 -> 0
F37: SUB-TOTAL | H37: =SUM(H30:H36) -> 0
F38: ENCARGOS SOCIAIS | G38: =Insumos!$K$28 -> 0.7011 | H38: =H37*G38 -> 0
F39: TOTAL | H39: =H38+H37 -> 0
F40: BDI | G40: =BDI!$C$20 -> 0.2492 | H40: =H39*G40 -> 0
F41: VALOR UNITÁRIO MÃO OBRA | H41: =TRUNC(H40+H39,2) -> 0
B42: LOCAÇÃO / MATERIAL | D42: COMPOSIÇÃO | E42: UNIDADE | F42: QUANT | G42: VALOR (R$) | H42: TOTAL (R$)
C43: CPU-AX 07 | D43: Infra-estrutura | E43: UD | F43: 1 | G43: ='2 Camarote Institucional'!K30 -> 0 | H43: =F43*G43 -> 0
C44: CPU-AX 08 | D44: Equipamentos e ferramentas | E44: Coef. | F44: 1 | G44: ='2 Camarote Institucional'!K41 -> 0 | H44: =F44*G44 -> 0
C45: CPU-AX 09 | D45: Materias diversos( prego, arame, tinta, abraçadeiras plásticas ETC) | E45: UD | F45: 1 | G45: ='2 Camarote Institucional'!K57 -> 0 | H45: =F45*G45 -> 0
B46: LOGISTICA | C46: CPU-AX 10 | D46: Refeição | E46: Coef. | F46: 1 | G46: ='2 Camarote Institucional'!K62 -> 0 | H46: =F46*G46 -> 0
C47: CPU-AX 11 | D47: Hospedagem | E47: Coef. | F47: 1 | G47: ='2 Camarote Institucional'!K67 -> 0 | H47: =F47*G47 -> 0
C48: CPU-AX 12 | D48: Transporte | E48: Coef. | F48: 1 | G48: ='2 Camarote Institucional'!K74 -> 0 | H48: =F48*G48 -> 0
F49: SUB-TOTAL | H49: =SUM(H42:H48) -> 0
F50: BDI | G50: =BDI!$C$20 -> 0.2492 | H50: =H49*G50 -> 0
F51: VALOR UNITÁRIO LOCAÇÃO | H51: =TRUNC(H50+H49,2) -> 0
B52: TOTAL GERAL | H52: =H51+H41 -> 0
B54: 1.3 | D54: CAMAROTE B
B55: MÃO DE OBRA | D55: COMPOSIÇÃO | E55: UNIDADE | F55: QUANT | G55: VALOR (R$) | H55: TOTAL (R$)
D56: Encarregado | E56: H/H | F56: 48 | G56: 26.169818 | H56: 1256.1513
D57: Montador | E57: H/H | F57: 1440 | G57: 14.195636 | H57: 20441.716
D58: Ajudante | E58: H/H | F58: 1440 | G58: 9.9844091 | H58: 14377.549
D59: Carpinteiro | E59: H/H | F59: 384 | G59: 13.159864 | H59: 5053.3876
D60: Eletricista | E60: H/H | F60: 160 | G60: 12.136864 | H60: 1941.8982
D61: Vigilante | E61: H/H | F61: 96 | G61: 10.089818 | H61: 968.62255
D62: Auxiliar de Serviços Gerais | E62: H/H | F62: 192 | G62: 7.6355909 | H62: 1466.0335
F63: SUB-TOTAL | H63: =SUM(H56:H62) -> 45505.359
F64: ENCARGOS SOCIAIS | G64: 0.6976 | H64: =H63*G64 -> 31744.538
F65: TOTAL | H65: =H64+H63 -> 77249.897
F66: BDI | G66: 0.13231802 | H66: =H65*G66 -> 10221.553
F67: VALOR UNITÁRIO MÃO OBRA | H67: =TRUNC(H66+H65,2) -> 87471.44
B68: LOCAÇÃO / MATERIAL | D68: COMPOSIÇÃO | E68: UNIDADE | F68: QUANT | G68: VALOR (R$) | H68: TOTAL (R$)
C69: CPU-AX 13 | D69: Infra-estrutura | E69: UD | F69: 1 | G69: ='1.5 CAMAROTE_B'!K15 -> 0 | H69: =G69*F69 -> 0
C70: CPU-AX 14 | D70: Equipamentos e ferramentas | E70: Coef. | F70: 1 | G70: ='1.5 CAMAROTE_B'!K25 -> 0 | H70: =G70*F70 -> 0
C71: CPU-AX 15 | D71: Materias diversos( prego, arame, tinta, abraçadeiras plásticas ETC) | E71: UD | F71: 1 | G71: ='1.5 CAMAROTE_B'!K40 -> 0 | H71: =G71*F71 -> 0
B72: LOGISTICA | C72: CPU-AX 16 | D72: Refeição | E72: Coef. | F72: 1 | G72: ='1.5 CAMAROTE_B'!K45 -> 0 | H72: =G72*F72 -> 0
C73: CPU-AX 17 | D73: Hospedagem | E73: Coef. | F73: 1 | G73: ='1.5 CAMAROTE_B'!K50 -> 0 | H73: =G73*F73 -> 0
C74: CPU-AX 18 | D74: Transporte | E74: Coef. | F74: 1 | G74: ='1.5 CAMAROTE_B'!K57 -> 0 | H74: =G74*F74 -> 0
F75: SUB-TOTAL | H75: =SUM(H68:H74) -> 0
F76: BDI | G76: 0.13231802 | H76: =H75*G76 -> 0
F77: VALOR UNITÁRIO LOCAÇÃO | H77: =TRUNC(H76+H75,2) -> 0
B78: TOTAL GERAL | H78: =H77+H67 -> 87471.44
B80: COMPOSIÇÃO | C80: 3 | D80: PAVILHÃO RESTAURANTES
B81: MÃO DE OBRA | D81: COMPOSIÇÃO | E81: UNIDADE | F81: QUANT | G81: VALOR (R$) | H81: TOTAL (R$)
D82: Encarregado | E82: H/H | F82: 60 | G82: =Insumos!Q21 -> 0 | H82: =F82*G82 -> 0
D83: Montador | E83: H/H | F83: 1600 | G83: =Insumos!Q22 -> 0 | H83: =F83*G83 -> 0
D84: Ajudante | E84: H/H | F84: 1600 | G84: =Insumos!Q23 -> 0 | H84: =F84*G84 -> 0
D85: Carpinteiro | E85: H/H | F85: 1200 | G85: =Insumos!Q24 -> 0 | H85: =F85*G85 -> 0
D86: Eletricista | E86: H/H | F86: 256 | G86: =Insumos!Q25 -> 0 | H86: =F86*G86 -> 0
D87: Vigilante | E87: H/H | F87: 120 | G87: =Insumos!Q26 -> 0 | H87: =F87*G87 -> 0
D88: Auxiliar de Serviços Gerais | E88: H/H | F88: 240 | G88: =Insumos!Q27 -> 0 | H88: =F88*G88 -> 0
F89: SUB-TOTAL | H89: =SUM(H82:H88) -> 0
F90: ENCARGOS SOCIAIS | G90: =Insumos!$K$28 -> 0.7011 | H90: =H89*G90 -> 0
F91: TOTAL | H91: =H90+H89 -> 0
F92: BDI | G92: =BDI!$C$20 -> 0.2492 | H92: =H91*G92 -> 0
F93: VALOR UNITÁRIO MÃO OBRA | H93: =TRUNC(H92+H91,2) -> 0
B94: LOCAÇÃO / MATERIAL | D94: COMPOSIÇÃO | E94: UNIDADE | F94: QUANT | G94: VALOR (R$) | H94: TOTAL (R$)
C95: CPU-AX 13 | D95: Infra-estrutura | E95: UD | F95: 1 | G95: ='3 Pav. Restaurantes'!K20 -> 0 | H95: =F95*G95 -> 0
C96: CPU-AX 14 | D96: Equipamentos e ferramentas | E96: Coef. | F96: 1 | G96: ='3 Pav. Restaurantes'!K30 -> 0 | H96: =F96*G96 -> 0
C97: CPU-AX 15 | D97: Materias diversos( prego, arame, tinta, abraçadeiras plásticas ETC) | E97: UD | F97: 1 | G97: ='3 Pav. Restaurantes'!K45 -> 0 | H97: =F97*G97 -> 0
B98: LOGISTICA | C98: CPU-AX 16 | D98: Refeição | E98: Coef. | F98: 1 | G98: ='3 Pav. Restaurantes'!K50 -> 0 | H98: =F98*G98 -> 0
C99: CPU-AX 17 | D99: Hospedagem | E99: Coef. | F99: 1 | G99: ='3 Pav. Restaurantes'!K55 -> 0 | H99: =F99*G99 -> 0
C100: CPU-AX 18 | D100: Transporte | E100: Coef. | F100: 1 | G100: ='3 Pav. Restaurantes'!K62 -> 0 | H100: =F100*G100 -> 0
F101: SUB-TOTAL | H101: =SUM(H94:H100) -> 0
F102: BDI | G102: =BDI!$C$20 -> 0.2492 | H102: =H101*G102 -> 0
F103: VALOR UNITÁRIO LOCAÇÃO | H103: =TRUNC(H102+H101,2) -> 0
...

Sheet Insumos
A1: TABELA DE INSUMOS
A2: LOCAÇÃO DE ESTRUTURAS
A3: DISCRIMINAÇÃO | B3: QUANT | C3: Unid | D3: VALOR (R$) | E3: fonte de preço | F3: 45901 | J3: SUBCOMPOSIÇÃO DA FABRICAÇÃO DAS BARRACAS | K3: Quantitativos por tipo de Barraca | N3: Und | O3: R$ Unit | P3: Valores por tipo de Barraca | S3: base | T3: 09-2025
A4: Locação Estrutura Metálica - CAMAROTES | B4: 1 | C4: m²/mês | E4: 96.6 | K4: Tipo I | L4: Tipo II | P4: Tipo I | Q4: Tipo II | S4: FONTE | T4: CÓDIGO | U4: PREÇO
A5: Locação Estrutura Metálica - PALCO (incluindo lona) | B5: 1 | C5: m²/mês | E5: 99 | K5: (2,00x2,00m) | L5: (5,00x2,00m) | P5: (2,00x2,00m) | Q5: (5,00x2,00m)
A6: Locação Estrutura Metálica - COBERTA (incluindo lona) | B6: 1 | C6: m²/mês | E6: 60 | J6: TUBO QUADRADO 40x40 #1.06mm | K6: 40.3 | L6: 60 | N6: m | P6: =O6*K6 -> 0 | Q6: =O6*L6 -> 0 | S6: ORSE | T6: 14311 | U6: 18.26
A7: Locação Estrutura Metálica - PISO | B7: 1 | C7: m²/mês | E7: 51.54 | J7: TUBO RETANGULAR 40x30 #1.06mm | K7: 30 | L7: 43.2 | N7: m | P7: =O7*K7 -> 0 | Q7: =O7*L7 -> 0 | S7: ORSE | T7: 14310 | U7: 13.36
A8: Locação Estrutura Metálica - TORRES PARA PA E TELA DE LED | B8: 1 | C8: m²/mês | E8: 62.9 | J8: CHAPA GALVANIZADA # 0,43mm N°28 | K8: 16.8 | L8: 25.2 | N8: m² | P8: =O8*K8 -> 0 | Q8: =O8*L8 -> 0 | S8: SINAPI | T8: 11051 | U8: =10.98*4 -> 43.92
A9: Locação Estrutura Metálica - ESCADA | B9: 1 | C9: m²/mês | E9: 34.64 | J9: BARRA CHATA GALVANIZADA 3/4"x3/16" | K9: 1.2 | L9: 2.1 | N9: m | P9: =O9*K9 -> 0 | Q9: =O9*L9 -> 0 | S9: SINAPI | T9: 546 | U9: =9.05*0.71 -> 6.4255
A10: Locação Estrutura Metálica - RAMPAS | B10: 1 | C10: m²/mês | E10: 90 | J10: DOBRADIÇAS GALVANIZADAS 3"x3.1/2" | K10: 6 | L10: 9 | N10: Und | P10: =O10*K10 -> 0 | Q10: =O10*L10 -> 0 | S10: SINAPI | T10: 2433 | U10: 13.87
A11: Locação Estrutura Metálica - TESTEIRA I | B11: 1 | C11: m²/mês | E11: 38.5 | J11: INSUMOS DE CORTE E SOLDA | K11: 0.8 | L11: 1.1 | N11: kg | P11: =O11*K11 -> 0 | Q11: =O11*L11 -> 0 | S11: SINAPI | T11: 10999 | U11: 24.25
A12: Locação Estrutura Metálica - TESTEIRA II | B12: 1 | C12: m²/mês | E12: 200.36 | J12: INSUMOS DE FIXAÇÃO (Rebites) | K12: 281.2 | L12: 412.8 | N12: Und | P12: =O12*K12 -> 0 | Q12: =O12*L12 -> 0 | S12: SINAPI | T12: 5104 | U12: =70.37/1000 -> 0.07037
A13: Locação Estrutura Metálica - FUNDO DE PALCO | B13: 1 | C13: m²/mês | E13: 178.39 | J13: COBERTURA EM LOVA VINÍLICA PVC COM BORDA REFORÇADA E ILHOES A CADA 15cm | K13: 5.72 | L13: 10.92 | N13: m² | P13: =O13*K13 -> 0 | Q13: =O13*L13 -> 0 | S13: ORSE | T13: 13565 | U13: =221.34/2.5/2.5 -> 35.4144
A14: Locação Estrutura Metálica - AVANCÊ | B14: 1 | C14: m²/mês | E14: 66.98 | J14: Mão de obra com encargos - Fabricação (30% do valor do material) | K14: 1 | L14: 1 | N14: VB | P14: =SUM(P6:P13)*0.3 -> 0 | Q14: =SUM(Q6:Q13)*0.3 -> 0
A15: Locação Estrutura Metálica - PASSARELA | B15: 1 | C15: m²/mês | E15: 90 | M15: Custo da Fabricação - por Tipo | P15: =SUM(P6:P14) -> 0 | Q15: =SUM(Q6:Q14) -> 0
A16: Locação Estrutura Metálica - GUARDA CORPO | B16: 1 | C16: m²/mês | E16: 86.47 | N16: 0.05 | P16: =ROUND(P15*($N$16)*(1+$O$16),2) -> 0 | Q16: =ROUND(Q15*($N$16)*(1+$O$16),2) -> 0
A17: Locação Estrutura Metálica - CAMARINS (incluindo fechamentos e coberta) | B17: 1 | C17: m²/mês | E17: 58.99 | L17: Valor de Locação mensal = 5% do custo
A18: Locação Estrutura Metálica - HOUSE MIX | B18: 1 | C18: m²/mês | E18: 58.99
A19: Locação Estrutura Metálica - PAVILHÃO | B19: 1 | C19: m²/mês | E19: 250 | J19: INFORMAÇÕES DE REMUNERAÇÃO | P19: Cálculo da Hora
A20: Locação Estrutura Metálica - ARQUIBANCADA | B20: 1 | C20: m²/mês | E20: 92.99 | L20: FONTE | M20: UNID | N20: VALOR | P20: Mês | Q20: Mês / 220h
A21: Locação Estrutura Metálica - TOLDO | B21: 1 | C21: m²/mês | E21: 131 | J21: Encarregado | K21: 93572 | L21: SINAPI - ND 9/25 | M21: H | N21: =Q21 -> 0 | Q21: =ROUND(P21/220,2) -> 0
A22: Locação Estrutura Metálica - PÓRTICOS (base 2,60x3,60m) | B22: 1 | C22: m²/mês | E22: 97.93 | J22: Montador de estruturas metál. | K22: 101418 | L22: =L21 -> SINAPI - ND 9/25 | M22: H | N22: =Q22 -> 0 | Q22: =ROUND(P22/220,2) -> 0
A23: Locação Estrutura Metálica - PÓRTICOS (base 1,00x2,30m) | B23: 1 | C23: m²/mês | E23: 58.99 | J23: Ajudante de estruturas metál. | K23: 101376 | L23: =L21 -> SINAPI - ND 9/25 | M23: H | N23: =Q23 -> 0 | Q23: =ROUND(P23/220,2) -> 0
A24: Locação estrutura Estande- PAINÉIS TS formicado | B24: 1 | C24: m²/mês | E24: 177.99 | J24: Carpinteiro | K24: 101397 | L24: =L21 -> SINAPI - ND 9/25 | M24: H | N24: =Q24 -> 0 | Q24: =ROUND(P24/220,2) -> 0
A25: Blocos em concreto armado com altura de 0,80m, com capacidade de carga individual de 1 Tonelada | B25: 1 | C25: und/mês | E25: 154 | J25: Eletricista | K25: 101399 | L25: =L21 -> SINAPI - ND 9/25 | M25: H | N25: =Q25 -> 0 | Q25: =ROUND(P25/220,2) -> 0
A26: Locação Estrutura em BOX TRUSS para PAINÉIS DE LED DELAY | B26: 1 | C26: m²/mês | E26: 50.5 | J26: Vigia | K26: 101460 | L26: =L21 -> SINAPI - ND 9/25 | M26: H | N26: =Q26 -> 0 | Q26: =ROUND(P26/220,2) -> 0
A27: Locação de SPDA e Sistema de SEGURANÇA CONTRA INCÊNDIO E PÂNICO (pavimento único) | B27: 1 | C27: m²/mês | E27: 18.18 | J27: Auxiliar de Serviços Gerais | K27: 101388 | L27: =L21 -> SINAPI - ND 9/25 | M27: H | N27: =Q27 -> 0 | Q27: =ROUND(P27/220,2) -> 0
A28: Locação de SPDA e Sistema de SEGURANÇA CONTRA INCÊNDIO E PÂNICO (3 pavimentos sobrepostos) | B28: 1 | C28: m²/mês | E28: 25.67 | J28: Enc. Sociais_Mensalista - SINAPI - PE_ a partir de 01/2025 | K28: 0.7011
A29: Locação de SPDA - Sistema de Proteção contra Descargas Amosféricas | B29: 1 | C29: m²/mês | E29: 33
A30: Locação de DIVISÓRIAS -Estrutura metalon + madeirite | B30: 1 | C30: m²/mês | E30: 47
A31: Locação - GUARDA CORPO- Estrutura metalon + madeirite | B31: 1 | C31: m²/mês | E31: 50
A32: Locação Estrutura Metálica - RAMPAS e ELEVADOR (incluso) | B32: 1 | C32: m²/mês | E32: 162.99
A33: Serviço de PINTURA (Divisórias e Guarda-corpo) | B33: 1 | C33: m²/mês | E33: 48.6
A34: Locação de Aparelho de ar-condicionado Split 12.000BTU's | B34: 1 | C34: und/mês | E34: 192.5
A35: Locação de FECHAMENTOS (módulos com 3,00m de altura com estruturação em metalon 30x20mm e fechamento total em chapa galvanizada n°16) | B35: 1 | C35: m²/mês | E35: 223.21 | F35: 93.83 | G35: 98459 | H35: SINAPI
A36: Locação de DISCIPLINADORES Gradil em estrutura metálica tubular modulada | B36: 1 | C36: und/mês | E36: 29 | F36: x
A37: Locação de BARRICADAS em estruturas de alumínio para contenção de expectadores, suportando um deslocamento frontal de até 2,5 toneladas | B37: 1 | C37: und/mês | E37: 53.9 | F37: x
A38: Locação de estrutura para Tablado (Pavilhão Monte Bom Jesus) | B38: 1 | C38: m²/mês | E38: 335
A39: Locação de BARRACA Tipo I (2,00x2,00m) em estrutura metálica modulada em tubos metalon 50x50mm; fechamento laterais com chapa metálica galv. n°22 pintadas externamente com tinta esmalte fosco (cor a definir); porta em chapa metálica galv. Dim.:80x210cm com ferrolho pintada com tinta esmalte fosco (cor a definir) , portinhola de tombar dimensões 150x100cm e balcão de atendimento medindo 40x150cm em compensado naval plastificado; coberta em lona branca sobre estrutura em duas águas. | B39: 1 | C39: und/mês | E39: 285 | F39: =P16 -> 0 | H39: COMPOSIÇÃO
A40: Locação de BARRACA Tipo II - MS (5,00x2,00m) em estrutura metálica modulada em tubos metalon 50x50mm; fechamento laterais com chapa metálica galv. n°22 pintadas externamente com tinta esmalte fosco (cor a definir); porta em chapa metálica galv. Dim.:80x210cm com ferrolho pintada com tinta esmalte fosco (cor a definir) , portinhola de tombar dimensões 300x100cm e balcão de atendimento medindo 40x300cm em compensado naval plastificado; coberta em lona branca sobre estrutura em duas águas. | B40: 1 | C40: und/mês | E40: 59.9 | F40: =Q16 -> 0 | H40: COMPOSIÇÃO
A41: Locação de CONTAINERES Simples-245X600cm | B41: 1 | C41: Diária | E41: 736.08 | F41: 662.1 | G41: 10776 | H41: SINAPI
A42: Locação de CONTAINERES Escritório com WC-245X600cm | B42: 1 | C42: Diária | E42: 736.08 | F42: 847.5 | G42: 10775 | H42: SINAPI
A43: Locação de CONTAINERES WC Masculino-245X600cm | B43: 1 | C43: Diária | E43: 736.08 | F43: 1059.37 | G43: 10779 | H43: SINAPI
A44: Locação de CONTAINERES WC Feminino-245X600cm | B44: 1 | C44: Diária | E44: 736.08 | F44: 1059.37 | G44: 10779 | H44: SINAPI
A45: Locação de CONTAINERES WC PNE-245X600cm | B45: 1 | C45: Diária | E45: 736.08 | F45: 1059.37 | G45: 10779 | H45: SINAPI
A46: Locação de CONTAINERES Tipo Pavilhão | B46: 1 | C46: Diária | E46: 736.08 | F46: 662.1 | G46: 10776 | H46: SINAPI
A47: LOCAÇÃO DE EQUIPAMENTOS e FERRAMENTAS
A48: DISCRIMINAÇÃO | B48: QUANT | C48: Unid | D48: VALOR (R$)
A49: Locação de Empilhadeira | B49: 1 | C49: Diária | E49: 2800 | F49: =169.94*8 -> 1359.52 | G49: E9528 | H49: SICRO
A50: Locação de Caminhão Munck | B50: 1 | C50: Diária | E50: 1986.59 | F50: 900 | G50: 9476 | H50: ORSE
A51: Locação de Talha elétrica | B51: 1 | C51: Diária | E51: 26.6 | F51: =900/30 -> 30 | G51: 9731 | H51: ORSE
A52: Locação de Andaimes | B52: 1 | C52: m/mês | E52: 39.66 | F52: 28 | G52: 10527 | H52: SINAPI
A53: Locação de Plataformas de montagem | B53: 1 | C53: und/mês | E53: 1490 | F53: 1516.41 | G53: 11296 | H53: ORSE
A54: Locação de Kit Ferramentas de fixação e montagem | B54: 1 | C54: kit/mês | E54: 147.37 | F54: 69.65 | G54: 13343 | H54: SINAPI
A55: Locação de Plataforma elevatória para PNE com operador | B55: 1 | C55: und/mês | E55: 2500 | F55: 16109.6 | G55: 02.06.030 | H55: CPOS/CDHU
A56: MATERIAIS DE CONSUMO
A57: DISCRIMINAÇÃO | B57: QUANT | C57: Unid | D57: VALOR (R$)
A58: Elementos de fixação (parafusos / cabo de aço / grampos) | B58: 1 | C58: kg | E58: 95 | F58: 56.63 | G58: 41955 | H58: SINAPI
A59: Carpete 5mm (locação) | B59: 1 | C59: m² | E59: 32 | F59: 72.78 | G59: 10708 | H59: SINAPI
A60: Tinta acrílica | B60: 1 | C60: galão | E60: 149 | F60: =24.47*3.6 -> 88.092 | G60: 35692 | H60: SINAPI
A61: Tinta esmalte sintético | B61: 1 | C61: galão | E61: 143.5 | F61: =50.08*3.6 -> 180.288 | G61: 43650 | H61: SINAPI
A62: Solvente / Aguaráz | B62: 1 | C62: L | E62: 24.67 | F62: 34.29 | G62: 5318 | H62: SINAPI
A63: Rolo de espuma 15cm | B63: 1 | C63: Unid | E63: 10.99 | F63: 16.45 | G63: 38393 | H63: SINAPI
A64: Rolo de lã 23cm | B64: 1 | C64: Unid | E64: 29 | F64: 40.41 | G64: 38390 | H64: SINAPI
A65: Trincha para pintura (2") | B65: 1 | C65: Unid | E65: 14 | F65: 5.01 | G65: 38386 | H65: SINAPI
A66: Bucha de limpeza | B66: 1 | C66: kg | E66: 19.95 | F66: 16.39 | G66: 13 | H66: SINAPI
A67: Barbante | B67: 1 | C67: Rolo | E67: 15.6 | F67: 11.9 | G67: D039722443 | H67: EMBASA
A68: Abraçadeira Plástica (15 x 0,5cm a 50 x 1,3cm) 100 und | B68: 1 | C68: pacote | E68: 13.8 | F68: =0.23*100 -> 23 | G68: 411 | H68: SINAPI
A69: Compensado resinado 12mm (chapas de 110x220cm) | B69: 1 | C69: m² | E69: 25.88 | F69: 26.78 | G69: 43681 | H69: SINAPI
A70: Compensado naval 15mm (chapas de 110x220cm) | B70: 1 | C70: m² | E70: 91.03 | F70: 73.74 | G70: 11136 | H70: SINAPI
A71: Tábua de pinus 2x28cm | B71: 1 | C71: ml | E71: 24.25 | F71: 17.67 | G71: 6212 | H71: SINAPI
A72: Barrote de pinus 10x10cm | B72: 1 | C72: ml | E72: 35.9 | F72: 23.15 | G72: 4400 | H72: SINAPI
A73: REFEIÇÃO
A74: DISCRIMINAÇÃO | B74: QUANT | C74: Unid | D74: VALOR (R$)
A75: Refeição (café da manhã + almoço + jantar) | B75: 1 | C75: Diária | E75: 105 | F75: =12*3 -> 36 | G75: 10760 | H75: ORSE
A76: HOSPEDAGEM
A77: DISCRIMINAÇÃO | B77: QUANT | C77: Unid | D77: VALOR (R$)
A78: Hospedagem em pousada simples (quarto duplo) | B78: 1 | C78: Diária | E78: 183.5 | F78: 109 | G78: 8532 | H78: ORSE
A79: TRANSPORTE
A80: DISCRIMINAÇÃO | B80: QUANT | C80: Unid | D80: VALOR (R$)
A81: Locação de Caminhão truck Bau 20 ton | B81: 1 | C81: Diária | E81: 1005.24 | F81: =280.33*8 -> 2242.64 | G81: E9592 | H81: SICRO
A82: Locação de Caminhão truck carroceria 20 ton | B82: 1 | C82: Diária | E82: 1100 | F82: =139.65*8 -> 1117.2 | G82: 8488 | H82: ORSE
A83: Locação de Caminhão tipo Bau 10 ton | B83: 1 | C83: Diária | E83: 1850 | F83: =194.85*8 -> 1558.8 | G83: E9508 | H83: SICRO
A84: Locação de Caminhão Prancha 10 ton | B84: 1 | C84: Diária | E84: 550 | F84: =96.04*8 -> 768.32 | G84: 10434 | H84: ORSE
A85: MOBILIÁRIO / CABINES SANITÁRIAS / CONTENTOR / GERADOR
A86: DISCRIMINAÇÃO | B86: QUANT | C86: Unid | D86: VALOR (R$)
A87: MOBILIÁRIO
A88: CADEIRAS - PVC branco sem braços | B88: 1 | C88: und/mês | E88: 51 | F88: 48.99 | G88: COTAÇÃO
A89: MESAS - PVC branco com 4 lugares | B89: 1 | C89: und/mês | E89: 101.99 | F89: 79.9 | G89: COTAÇÃO
A90: SOFÁ TIPO I - 3 lugares | B90: 1 | C90: und/mês | E90: 2470 | F90: 1999.9 | G90: COTAÇÃO
A91: SOFÁ TIPO II - 2 lugares | B91: 1 | C91: und/mês | E91: 2640 | F91: 999.9 | G91: COTAÇÃO
A92: Carpete 5mm (locação) | B92: 1 | C92: m²/mês | E92: 32 | F92: 72.78 | G92: 10708 | H92: SINAPI
A93: CABINES SANITÁRIAS
A94: CABINES SANITÁRIA TIPO I - Standard | B94: 1 | C94: und/mês | E94: 805 | F94: 3190.43 | G94: 9900005U | H94: COMPESA
A95: CABINES SANITÁRIA TIPO II - PNE | B95: 1 | C95: und/mês | E95: 3100 | F95: 4161.92 | G95: 01.08.41U | H95: COMPESA
A96: CONTETOR
A97: CONTENTOR PLASTICO 1000L | B97: 1 | C97: und/mês | E97: 1679 | F97: 431.95 | G97: 34636 | H97: SINAPI
A98: GERADOR
A99: 01 Gerador 300KVA (Stand-By) | B99: 1 | C99: Diária | E99: 1380 | F99: =(40.55*24)+130.22 -> 1103.42 | G99: 39833+105115 | H99: SINAPI
A100: 03 Geradores 260KVA (Stand-By) | B100: 1 | C100: Diária | E100: 1653.33 | F100: =(40.55*24)+130.22 -> 1103.42 | G100: 39833+105115 | H100: SINAPI
...

Sheet BDI
B1: ANEXO H - COMPOSIÇÃO DE BDI 1 | F1: ANEXO H - COMPOSIÇÃO DE BDI 2
B2: OBJETO: SERVIÇOS DE MONTAGEM E DESMONTAGEM DE ESTRUTURA, SOM E ILUMINAÇÃO INCLUINDO FORNECIMENTO, INSTALAÇÃO E MANUTENÇÃO; E SERVIÇOS DE CAPTAÇÃO E TRANSMISSÃO DE IMAGENS - SÃO JOÃO 2026 | F2: OBJETO: SERVIÇOS DE MONTAGEM E DESMONTAGEM DE ESTRUTURA, SOM E ILUMINAÇÃO INCLUINDO FORNECIMENTO, INSTALAÇÃO E MANUTENÇÃO; E SERVIÇOS DE CAPTAÇÃO E TRANSMISSÃO DE IMAGENS - SÃO JOÃO 2026
B3: LOCAL: CARUARU/PE | F3: LOCAL: CARUARU/PE
B4: TIPO DE OBRA: ITENS DE MERO FORNECIMENTO DE MATERIAIS E EQUIPAMENTOS | F4: TIPO DE OBRA: CONSTRUÇÃO DE PRAÇAS URBANAS, RODOVIAS, FERROVIAS E RECAPEAMENTO E PAVIMENTAÇÃO DE VIAS URBANAS
B6: ITENS | C6: % ADOTADO | F6: ITENS | G6: % ADOTADO
B8: Administração Central (AC) | C8: 0.0425 | F8: Administração Central (AC) | G8: 0.038
B9: Seguro e Garantia (S) / (G) | C9: 0.0045 | F9: Seguro e Garantia (S) / (G) | G9: 0.0032
B10: Risco (R) | C10: 0.0085 | F10: Risco (R) | G10: 0.005
B11: Despesas Financeiras (DF) | C11: 0.0085 | F11: Despesas Financeiras (DF) | G11: 0.0102
B12: Lucro (L) | C12: 0.072 | F12: Lucro (L) | G12: 0.0664
B13: PIS + COFINS + ISS = 0,65% + 3,0% + 5,0% | C13: 0.0865 | F13: PIS + COFINS + ISS = 0,65% + 3,0% + 5,0% | G13: =0.0065+0.03+0.05 -> 0.0865
B15: No item impostos (I) não foi considerado o acréscimo de 3,6% (CPRB), pois utilizou-se a base de preços não desonerada para a composição da planilha orçamentária. | F15: No item impostos (I) não foi considerado o acréscimo de 3,6% (CPRB), pois utilizou-se a base de preços não desonerada para a composição da planilha orçamentária.
B20: BDI | C20: =ROUND(((((1+C8+C9+C10)*(1+C11)*(1+C12))/(1-C13))-1),4) -> 0.2492 | F20: BDI | G20: =ROUND(((((1+G8+G9+G10)*(1+G11)*(1+G12))/(1-G13))-1),4) -> 0.2338
B25: VICTOR HUGO JUSTINO | F25: VICTOR HUGO JUSTINO
B26: ENG. CIVIL CREA PE 181618524-8 | F26: ENG. CIVIL CREA PE 181618524-8

Sheet ESPECIF E QUANT
B1: DESCRIÇÕES E QUANTITADES
B3: =BDI!B2 -> OBJETO: SERVIÇOS DE MONTAGEM E DESMONTAGEM DE ESTRUTURA, SOM E ILUMINAÇÃO INCLUINDO FORNECIMENTO, INSTALAÇÃO E MANUTENÇÃO; E SERVIÇOS DE CAPTAÇÃO E TRANSMISSÃO DE IMAGENS - SÃO JOÃO 2026
B4: ITEM | C4: REFERÊNCIA | D4: DESCRIÇÃO | E4: UNIDADE | F4: QUANT
B5: 1. | D5: PALCO PRINCIPAL
B6: 1.1 | D6: INFRAESTRUTURA
B7: 1.1.1 | C7: COMPOSIÇÃO 01 | D7: PALCO GRANDE PORTE COM COMPLEMENTOS (PRINCIPAL) | E7: MÊS | F7: 1
B8: 1.1.2 | C8: COMPOSIÇÃO 02 | D8: CAMAROTE INSTITUCIONAL | E8: MÊS | F8: 1
B9: 1.1.3 | C9: COMPOSIÇÃO 03 | D9: PAVILHÃO RETAURANTES | E9: MÊS | F9: 1
B10: 1.1.4 | C10: COMPOSIÇÃO 04 | D10: CAMAROTE IMPRENSA | E10: MÊS | F10: 1
B11: 1.1.5 | C11: COMPOSIÇÃO 05 | D11: PAVILHÃO PRAÇA DE ALIMENTAÇÃO | E11: MÊS | F11: 1
B12: 1.1.6 | D12: PÓRTICOS
B13: 1.1.6.1 | C13: COMPOSIÇÃO 20 | D13: 26 PÓRTICO TIPO II - USO GERAL | E13: MÊS | F13: 1
B14: 1.1.7 | D14: TORRE DE TRANSMISSÃO DOS SHOWS
B15: 1.1.7.1 | C15: COMPOSIÇÃO 22 | D15: 02 TORRE TRANSMISSÃO E SHOWS TIPO I | E15: MÊS | F15: 1
B16: 1.1.7.2 | C16: COMPOSIÇÃO 23 | D16: 02 TORRE TRANSMISSÃO E SHOWS TIPO II | E16: MÊS | F16: 1
B17: 1.1.8 | D17: PASSARELAS
B18: 1.1.8.1 | C18: COMPOSIÇÃO 29 | D18: 01 PASSARELA TIPO I | E18: MÊS | F18: 1
B19: 1.1.8.2 | C19: COMPOSIÇÃO 30 | D19: 01 PASSARELA TIPO II | E19: MÊS | F19: 1
B20: 1.1.9 | D20: FECHAMENTOS/DISCIPLINADORES/BARRICADAS
B21: 1.1.9.1 | C21: COMPOSIÇÃO 24 | D21: 1.720 METROS LINEARES DE FECHAMENTO | E21: MÊS | F21: 1
B22: 1.1.9.2 | C22: COMPOSIÇÃO 25 | D22: 1040 METROS LINEARES DE DISCIPLINADORES | E22: MÊS | F22: 1
B23: 1.1.9.3 | C23: COMPOSIÇÃO 26 | D23: 550 METROS LINEARES DE BARRICADAS | E23: MÊS | F23: 1
B24: 1.1.10 | D24: BARRACAS
B25: 1.1.10.1 | C25: COMPOSIÇÃO 27 | D25: 99 BARRACAS - 2,00m x 2,00m | E25: MÊS | F25: 1
B26: 1.1.10.2 | C26: COMPOSIÇÃO 28 | D26: 10 BARRACAS - 5,00m x 2,00m | E26: MÊS | F26: 1
B27: 1.1.11 | D27: PISO
B28: 1.1.11.1 | C28: COMPOSIÇÃO 31 | D28: 400 M2 de PISO | E28: MÊS | F28: 1
B29: 1.1.12 | D29: TOLDOS
B30: 1.1.12.1 | C30: COMPOSIÇÃO 32 | D30: 4 TOLDO TIPO I (10,0X10,0 M) | E30: MÊS | F30: 1
B31: 1.1.12.2 | C31: COMPOSIÇÃO 33 | D31: 30 TOLDO TIPO II (5,0X5,0 M) | E31: MÊS | F31: 1
B32: 1.1.13 | D32: ESTANDE
B33: 1.1.13.1 | C33: COMPOSIÇÃO 10 | D33: 1 ESTANDES TIPO I - COI | E33: MÊS | F33: 1
B34: 1.1.14 | D34: MOBILIÁRIO/AMBIENTAÇÃO
B35: 1.1.14.1 | C35: Cotação | D35: 600 CADEIRAS - PVC branco sem braços | E35: DIÁRIA | F35: 31
B36: 1.1.14.2 | C36: Cotação | D36: 200 MESAS - PVC branco com 4 lugares | E36: DIÁRIA | F36: 31
B37: 1.1.14.3 | C37: Cotação | D37: 30 SOFÁS TIPO I - 3 lugares | E37: DIÁRIA | F37: 31
B38: 1.1.14.4 | C38: Cotação | D38: 38 SOFÁS TIPO II - 2 lugares | E38: DIÁRIA | F38: 31
B39: 1.1.14.5 | C39: Cotação | D39: 4.000 m² CARPETE | E39: DIÁRIA | F39: 31
B40: 1.1.15 | D40: CABINES SANITÁRIAS
B41: 1.1.15.1 | C41: Cotação | D41: 326 CABINES SANITÁRIA TIPO I - Standard | E41: DIÁRIA | F41: 31
B42: 1.1.15.2 | C42: Cotação | D42: 7 CABINES SANITÁRIA TIPO II - PNE | E42: DIÁRIA | F42: 31
B43: 1.1.16 | D43: CONTEINERS
B44: 1.1.16.1 | C44: Cotação | D44: 02 CONTAINERS TIPO WC FEMININO | E44: DIÁRIA | F44: 31
B45: 1.1.16.2 | C45: Cotação | D45: 02 CONTAINERS TIPO WC MASCULINO | E45: DIÁRIA | F45: 31
B46: 1.1.16.3 | C46: Cotação | D46: 01 CONTAINERS TIPO WC PCD | E46: DIÁRIA | F46: 31
B47: 1.2 | D47: ELETRO-ELETRONICOS
B48: 1.2.1 | D48: SOM PÁTIO DE EVENTOS – PALCO PRINCIPAL
B49: 1.2.1.1 | C49: Cotação | D49: 01 CONSOLE DIGITAL 74 CANAIS | E49: DIÁRIA | F49: 21
B50: 1.2.1.2 | C50: Cotação | D50: 01 CONSOLE DIGITAL 48 CANAIS | E50: DIÁRIA | F50: 21
B51: 1.2.1.3 | C51: Cotação | D51: 01 PROCESSADORES DIGITAL 4 CANAIS | E51: DIÁRIA | F51: 21
B52: 1.2.1.4 | C52: Cotação | D52: 01 PROCESSADOR DIGITAL 2 CANAIS | E52: DIÁRIA | F52: 21
B53: 1.2.1.5 | C53: Cotação | D53: 01 SISTEMA ANALIZADOR DE ESPECTRO | E53: DIÁRIA | F53: 21
B54: 1.2.1.6 | C54: Cotação | D54: 10 CANAIS DE ISOLADORES TIPO PRESS BOX | E54: DIÁRIA | F54: 21
B55: 1.2.1.7 | C55: Cotação | D55: 01 SISTEMA DE INTERCOMUNICAÇÃO | E55: DIÁRIA | F55: 21
B56: 1.2.1.8 | C56: Cotação | D56: 40 CAIXAS ACUSTICAS | E56: DIÁRIA | F56: 21
B57: 1.2.1.9 | C57: Cotação | D57: 40 CAIXAS ACUSTICAS | E57: DIÁRIA | F57: 21
B58: 1.2.1.10 | C58: Cotação | D58: 08 CAIXAS ACUSTICAS | E58: DIÁRIA | F58: 21
B59: 1.2.1.11 | C59: Cotação | D59: BUMPER E PINAGEM | E59: DIÁRIA | F59: 21
B60: 1.2.1.12 | C60: Cotação | D60: 02 SISTEMAS PARA OUTFILL | E60: DIÁRIA | F60: 21
... B102: 1.2.1.54 | C102: Cotação | D102: 1 CONJUNTO DE EFEITOS SONOROS | E102: DIÁRIA | F102: 21
B103: 1.2.2 | D103: ILUMINAÇÃO DO PÁTIO DE EVENTOS
B104: 1.2.2.1 | C104: Cotação | D104: 01 CONSOLE DIGITAL DE ILUMINAÇÃO 256 UNIVERSOS DMX | E104: DIÁRIA | F104: 21
B105: 1.2.2.2 | C105: Cotação | D105: 01 CONSOLE DIGITAL DE ILUMINAÇÃO 16 UNIVERSOS | E105: DIÁRIA | F105: 21
B106: 1.2.2.3 | C106: Cotação | D106: 01 CONSOLE DIGITAL DE ILUMINAÇÃO TIPO PC 6 SAÍDAS DMX | E106: DIÁRIA | F106: 21
B107: 1.2.2.4 | C107: Cotação | D107: 24 MOVE SPOT | E107: DIÁRIA | F107: 21
B108: 1.2.2.5 | C108: Cotação | D108: 48 REFLETORES PAR LED RGBW 3W | E108: DIÁRIA | F108: 21
B109: 1.2.2.6 | C109: Cotação | D109: 40 PAR LED 300W | E109: DIÁRIA | F109: 21
B110: 1.2.2.7 | C110: Cotação | D110: 26 X5 STROBO | E110: DIÁRIA | F110: 21
B111: 1.2.2.8 | C111: Cotação | D111: 68 MOVING HEAD BEM 9R | E111: DIÁRIA | F111: 21
B112: 1.2.2.9 | C112: Cotação | D112: 36 MOVING HEAD WASH LED 15W | E112: DIÁRIA | F112: 21
B113: 1.2.2.10 | C113: Cotação | D113: 36 P5 COLOR | E113: DIÁRIA | F113: 21
B114: 1.2.2.11 | C114: Cotação | D114: 24MINI-BRUTEDWE (4 LAMPADAS DE LED) | E114: DIÁRIA | F114: 21
B115: 1.2.2.12 | C115: Cotação | D115: 120 STRIP LED RGB1M | E115: DIÁRIA | F115: 21
... B129: 1.2.2.26 | C129: Cotação | D129: 10 SISTEMAS DE FONTE DE DISTRIBUIÇÃO | E129: DIÁRIA | F129: 21
B130: 1.2.3 | D130: EFEITOS DO PÁTIO DE EVENTOS
B131: 1.2.3.1 | C131: Cotação | D131: 08 LAZERS RGB 60W | E131: DIÁRIA | F131: 21
B132: 1.2.3.2 | C132: Cotação | D132: 01 NOTBOOK COM SOFTWARE BEYOND LICENÇA ADVANCED | E132: DIÁRIA | F132: 21
B133: 1.2.3.3 | C133: Cotação | D133: 50 KITS DE EFEITOS CENOGRÁFICOS | E133: DIÁRIA | F133: 21
B134: 1.2.3.4 | C134: Cotação | D134: 50 KITS DE EFEITOS DE CENOGRAFIA | E134: DIÁRIA | F134: 21
B135: 1.2.3.5 | C135: Cotação | D135: 03 PROJETORES DE 15K | E135: DIÁRIA | F135: 21
B136: 1.2.3.6 | C136: Cotação | D136: 02 NOTBOOKS SERVIDORES COM SOFTWERE PARA MAPPING | E136: DIÁRIA | F136: 21
B137: 1.3 | D137: GERADORES
B138: 1.3.1.1 | C138: Cotação | D138: 01 Gerador 300KVA (Stand-By) | E138: DIÁRIA | F138: 21
B139: 1.3.1.2 | C139: Cotação | D139: 01 Geradores 260KVA (Stand-By) | E139: DIÁRIA | F139: 21
B140: 2. | D140: ESTAÇÃO FERROVIÁRIA
B141: 2.1 | D141: INFRAESTRUTURA
B142: 2.1.1 | C142: COMPOSIÇÃO 06 | D142: PALCO MÉDIO PORTE COM COMPLEMENTOS (AZULÃO) | E142: MÊS | F142: 1
B143: 2.1.2 | D143: PAVILHÕES ESTAÇÃO FERROVIARIA
B144: 2.1.2.1 | C144: COMPOSIÇÃO 07 | D144: PAVILHÃO MESTRE CAMARÃO | E144: MÊS | F144: 1
B145: 2.1.2.2 | C145: COMPOSIÇÃO 08 | D145: PAVILHÃO LOCOMOTIVA | E145: MÊS | F145: 1
B146: 2.1.2.3 | C146: COMPOSIÇÃO 09 | D146: PAVILHÃO POLO DO REPENTE / CASA DO FORRÓ | E146: MÊS | F146: 1
B147: 2.1.2.4 | C147: COMPOSIÇÃO 11 | D147: PAVILHÃO MERCADO DE ARTESANATO | E147: MÊS | F147: 1
B148: 2.1.2.5 | C148: COMPOSIÇÃO 12 | D148: PAVILHÃO MERCADO CRIATIVO | E148: MÊS | F148: 1
B149: 2.1.2.6 | C149: COMPOSIÇÃO 13 | D149: PAVILHÃO VILA FUNCIONAL | E149: MÊS | F149: 1
B150: 2.1.2.7 | C150: COMPOSIÇÃO 14 | D150: PAVILHÃO CENTRO DE RECICLAGEM | E150: MÊS | F150: 1
B151: 2.1.2.8 | C151: COMPOSIÇÃO 15 | D151: PÓLO SEBASTIÃO BIANO | E151: MÊS | F151: 1
B152: 2.1.3 | D152: PÓRTICOS
B153: 2.1.3.1 | C153: COMPOSIÇÃO 19 | D153: 1 PÓRTICO TIPO I - ENTRADA ESTAÇÃO FERROVIÁRIA | E153: MÊS | F153: 1
B154: 2.1.3.2 | C154: COMPOSIÇÃO 20 | D154: 7 PÓRTICO TIPO II - USO GERAL | E154: MÊS | F154: 1
B155: 2.1.3.3 | C155: COMPOSIÇÃO 21 | D155: 1 PÓRTICO TIPO III - LETRA CAIXA AGAMENON | E155: MÊS | F155: 1
...

Sheet 1 Palco Grande Porte
A1: COMPOSIÇÕES AUXILIARES
A2: 1 | B2: PALCO GRANDE PORTE COM COMPLEMENTOS (Pátio de Eventos Luiz Gonzaga)
A3: CPU-AX 01 | B3: ESTRUTURA e FECHAMENTO
A4: Item | B4: DISCRIMINAÇÃO | C4: MEMÓRIA DE CÁLCULO | G4: QUANT | H4: Unid | I4: Coef. | J4: VALOR (R$) | K4: TOTAL (R$)
C5: L (m) | D5: C (m) | E5: H(m) | F5: Área
A6: 1.1.1.1 | B6: Locação Estrutura Metálica - PALCO (incluindo lona) | C6: 20 | D6: 16 | F6: =C6*D6 -> 320 | G6: =C6*D6 -> 320 | H6: m²/mês | I6: 0.9 | J6: =Insumos!D5 -> 0 | K6: =TRUNC(G6*I6*J6,2) -> 0
A7: 1.1.1.2 | B7: Locação Estrutura Metálica - COBERTA (palco) | C7: 20 | D7: 16 | F7: =C7*D7 -> 320 | G7: =F7 -> 320 | H7: m²/mês | I7: 0.9 | J7: =Insumos!D6 -> 0 | K7: =TRUNC(G7*I7*J7,2) -> 0
A8: 1.1.1.3 | B8: Locação Estrutura Metálica - COBERTA (sidestage) | C8: 16 | D8: =8+4 -> 12 | F8: =C8*D8 -> 192 | G8: =F8 -> 192 | H8: m²/mês | I8: 0.9 | J8: =Insumos!D6 -> 0 | K8: =TRUNC(G8*I8*J8,2) -> 0
A9: 1.1.1.4 | B9: Locação Estrutura Metálica - COBERTA (backstage) | C9: 20 | D9: 4 | F9: =C9*D9 -> 80 | G9: =F9 -> 80 | H9: m²/mês | I9: 0.9 | J9: =Insumos!D6 -> 0 | K9: =TRUNC(G9*I9*J9,2) -> 0
A10: 1.1.1.5 | B10: Locação Estrutura Metálica - PISO | F10: =F7+F8+F9 -> 592 | G10: =F10 -> 592 | H10: m²/mês | I10: 0.9 | J10: =Insumos!D7 -> 0 | K10: =TRUNC(G10*I10*J10,2) -> 0
A11: 1.1.1.6 | B11: Locação Estrutura Metálica - TORRES PARA PA E TELA DE LED | F11: 650 | G11: =F11 -> 650 | H11: m²/mês | I11: 0.9 | J11: =Insumos!D8 -> 0 | K11: =TRUNC(G11*I11*J11,2) -> 0
A12: 1.1.1.7 | B12: Locação Estrutura Metálica - AVANCÊ | C12: 2 | D12: =28+8.33 -> 36.33 | F12: =D12*C12 -> 72.66 | G12: =F12 -> 72.66 | H12: m²/mês | I12: 0.9 | J12: =Insumos!D14 -> 0 | K12: =TRUNC(G12*I12*J12,2) -> 0
A13: 1.1.1.8 | B13: Locação Estrutura Metálica - PASSARELA | C13: 1.6 | D13: =13.2+13.2+10+10 -> 46.4 | F13: =C13*D13 -> 74.24 | G13: =F13 -> 74.24 | H13: m²/mês | I13: 0.9 | J13: =Insumos!D15 -> 0 | K13: =TRUNC(G13*I13*J13,2) -> 0
A14: 1.1.1.9 | B14: Locação Estrutura Metálica - ESCADA (palco) | C14: 2 | D14: 9.8 | F14: =C14*D14 -> 19.6 | G14: =F14 -> 19.6 | H14: m²/mês | I14: 0.9 | J14: =Insumos!D9 -> 0 | K14: =TRUNC(G14*I14*J14,2) -> 0
A15: 1.1.1.10 | B15: Locação Estrutura Metálica - ESCADA (avancê) | C15: 2 | D15: 3.3 | F15: =C15*D15 -> 6.6 | G15: =F15 -> 6.6 | H15: m²/mês | I15: 0.9 | J15: =Insumos!D9 -> 0 | K15: =TRUNC(G15*I15*J15,2) -> 0
A16: 1.1.1.11 | B16: Locação Estrutura Metálica - ESCADA (passarela) | C16: 2 | D16: 1.8 | F16: =C16*D16 -> 3.6 | G16: =F16 -> 3.6 | H16: m²/mês | I16: 0.9 | J16: =Insumos!D9 -> 0 | K16: =TRUNC(G16*I16*J16,2) -> 0
A17: 1.1.1.12 | B17: Locação Estrutura Metálica - RAMPAS | C17: 1.5 | D17: 42 | F17: =D17*C17 -> 63 | G17: =F17 -> 63 | H17: m²/mês | I17: 0.9 | J17: =Insumos!D10 -> 0 | K17: =TRUNC(G17*I17*J17,2) -> 0
A18: 1.1.1.13 | B18: Locação Estrutura Metálica - GUARDA CORPO (rampa) | D18: =D17*2 -> 84 | E18: 1.1 | F18: =E18*D18 -> 92.4 | G18: =F18 -> 92.4 | H18: m²/mês | I18: 0.9 | J18: =Insumos!D16 -> 0 | K18: =TRUNC(G18*I18*J18,2) -> 0
A19: 1.1.1.14 | B19: Locação Estrutura Metálica - GUARDA CORPO (escada) | D19: =D14*2 -> 19.6 | E19: 1.1 | F19: =E19*D19 -> 21.56 | G19: =F19 -> 21.56 | H19: m²/mês | I19: 0.9 | J19: =Insumos!D16 -> 0 | K19: =TRUNC(G19*I19*J19,2) -> 0
A20: 1.1.1.15 | B20: Locação Estrutura Metálica - TESTEIRA I - palco principal | F20: 130 | G20: =F20 -> 130 | H20: m²/mês | I20: 0.9 | J20: =Insumos!D11 -> 0 | K20: =TRUNC(G20*I20*J20,2) -> 0
A21: 1.1.1.16 | B21: Locação Estrutura Metálica - TESTEIRA I - avancê e passarela | F21: 60 | G21: =F21 -> 60 | H21: m²/mês | I21: 0.9 | J21: =Insumos!D11 -> 0 | K21: =TRUNC(G21*I21*J21,2) -> 0
A22: 1.1.1.17 | B22: Locação Estrutura Metálica - TESTEIRA I - house mix | F22: 20 | G22: =F22 -> 20 | H22: m²/mês | I22: 0.9 | J22: =Insumos!D11 -> 0 | K22: =TRUNC(G22*I22*J22,2) -> 0
A23: 1.1.1.18 | B23: Locação Estrutura Metálica - FUNDO DE PALCO | D23: 10 | E23: 8 | F23: =D23*E23 -> 80 | G23: =F23 -> 80 | H23: m²/mês | I23: 0.9 | J23: =Insumos!D5 -> 0 | K23: =TRUNC(G23*I23*J23,2) -> 0
A24: 1.1.1.19 | B24: Locação Estrutura Metálica - PAVILHÃO - camarins | C24: 30 | D24: 19 | F24: =C24*D24 -> 570 | G24: =F24 -> 570 | H24: m²/mês | I24: 0.9 | J24: =Insumos!D19 -> 0 | K24: =TRUNC(G24*I24*J24,2) -> 0
A25: 1.1.1.20 | B25: Locação Estrutura Metálica - PISO | C25: 30 | D25: 19 | F25: =C25*D25 -> 570 | G25: =F25 -> 570 | H25: m²/mês | I25: 0.9 | J25: =Insumos!D7 -> 0 | K25: =TRUNC(G25*I25*J25,2) -> 0
A26: 1.1.1.21 | B26: Locação estrutura Estande- PAINÉIS TS formicado | C26: 30 | D26: 19 | F26: =C26*D26 -> 570 | G26: =F26 -> 570 | H26: m²/mês | I26: 0.9 | J26: =Insumos!D24 -> 0 | K26: =TRUNC(G26*I26*J26,2) -> 0
A27: 1.1.1.22 | B27: Locação de Aparelho de ar-condicionado Split 12.000BTU's | G27: 20 | H27: und/mês | I27: 0.9 | J27: =Insumos!D34 -> 0 | K27: =TRUNC(G27*I27*J27,2) -> 0
A28: 1.1.1.23 | B28: Locação Estrutura Metálica - HOUSE MIX | C28: 6 | D28: 6 | E28: 2 | F28: =C28*D28*E28 -> 72 | G28: =F28 -> 72 | H28: m²/mês | I28: 0.9 | J28: =Insumos!D18 -> 0 | K28: =TRUNC(G28*I28*J28,2) -> 0
A29: 1.1.1.24 | B29: Locação ESTRUTURA EM BOX TRUSS PARA GRID PARA ILUMINAÇÃO CÊNICA | F29: 320 | G29: =F29 -> 320 | H29: m²/mês | I29: 0.9 | J29: =Insumos!D26 -> 0 | K29: =TRUNC(G29*I29*J29,2) -> 0
A30: 1.1.1.25 | B30: Locação de SPDA e Sistema de SEGURANÇA CONTRA INCÊNDIO E PÂNICO - palco | F30: =F10 -> 592 | G30: =F30 -> 592 | H30: m²/mês | I30: 0.9 | J30: =Insumos!D27 -> 0 | K30: =TRUNC(G30*I30*J30,2) -> 0
A31: 1.1.1.26 | B31: Locação de SPDA e Sistema de SEGURANÇA CONTRA INCÊNDIO E PÂNICO - camarim | F31: =F24 -> 570 | G31: =F31 -> 570 | H31: m²/mês | I31: 0.9 | J31: =Insumos!D27 -> 0 | K31: =TRUNC(G31*I31*J31,2) -> 0
A32: 1.1.1.27 | B32: Locação de SPDA e Sistema de SEGURANÇA CONTRA INCÊNDIO E PÂNICO - house mix | C32: 6 | D32: 6 | F32: =D32*C32 -> 36 | G32: =F32 -> 36 | H32: m²/mês | I32: 0.9 | J32: =Insumos!D27 -> 0 | K32: =TRUNC(G32*I32*J32,2) -> 0
J33: TOTAL GERAL | K33: =SUM(K6:K32) -> 0
A34: CPU-AX 02 | B34: EQUIPAMENTOS e FERRAMENTAS
A35: Item | B35: DISCRIMINAÇÃO | C35: MEMÓRIA DE CÁLCULO | G35: QUANT | H35: Unid | I35: Coef. | J35: VALOR (R$) | K35: TOTAL (R$)
A37: 1.1.1.28 | B37: Locação de Empilhadeira | G37: 10 | H37: diária | I37: =G37/SUM($G$37:$G$42) -> 0.042735043 | J37: =Insumos!D49 -> 0 | K37: =TRUNC(G37*I37*J37,2) -> 0
A38: 1.1.1.29 | B38: Locação de Caminhão Munck | G38: 10 | H38: diária | I38: =G38/SUM($G$37:$G$42) -> 0.042735043 | J38: =Insumos!D50 -> 0 | K38: =TRUNC(G38*I38*J38,2) -> 0
A39: 1.1.1.30 | B39: Locação de Talha elétrica | G39: 10 | H39: diária | I39: =G39/SUM($G$37:$G$42) -> 0.042735043 | J39: =Insumos!D51 -> 0 | K39: =TRUNC(G39*I39*J39,2) -> 0
A40: 1.1.1.31 | B40: Locação de Andaimes | G40: 100 | H40: m/mês | I40: =G40/SUM($G$37:$G$42) -> 0.42735043 | J40: =Insumos!D52 -> 0 | K40: =TRUNC(G40*I40*J40,2) -> 0
A41: 1.1.1.32 | B41: Locação de Plataformas de montagem | G41: 4 | H41: und/mês | I41: =G41/SUM($G$37:$G$42) -> 0.017094017 | J41: =Insumos!D53 -> 0 | K41: =TRUNC(G41*I41*J41,2) -> 0
A42: 1.1.1.33 | B42: Locação de Kit Ferramentas de fixação e montagem | G42: 100 | H42: kit/mês | I42: =G42/SUM($G$37:$G$42) -> 0.42735043 | J42: =Insumos!D54 -> 0 | K42: =TRUNC(G42*I42*J42,2) -> 0
J43: TOTAL GERAL | K43: =SUM(K35:K42) -> 0
A44: CPU-AX 03 | B44: MATERIAIS DE CONSUMO
A45: Item | B45: DISCRIMINAÇÃO | C45: MEMÓRIA DE CÁLCULO | G45: QUANT | H45: Unid | I45: Coef. | J45: VALOR (R$) | K45: TOTAL (R$)
A47: 1.1.1.34 | B47: Elementos de fixação (parafusos / cabo de aço / grampos) | G47: =(G30+G31+G32)/20 -> 59.9 | H47: Kg | I47: =G47/SUM($G$47:$G$58) -> 0.02278267 | J47: =Insumos!D58 -> 0 | K47: =TRUNC(G47*I47*J47,2) -> 0
A48: 1.1.1.35 | B48: Compensado resinado 12mm (chapas de 110x220cm) | G48: =G10+G25 -> 1162 | H48: m² | I48: =G48/SUM($G$47:$G$58) -> 0.44196097 | J48: =Insumos!D69 -> 0 | K48: =TRUNC(G48*I48*J48,2) -> 0
A49: 1.1.1.36 | B49: Carpete 5mm | G49: =G10+G25 -> 1162 | H49: m² | I49: =G49/SUM($G$47:$G$58) -> 0.44196097 | J49: =Insumos!D59 -> 0 | K49: =TRUNC(G49*I49*J49,2) -> 0
A50: 1.1.1.37 | B50: Tinta acrílica | G50: =G48*0.2105/3.6 -> 67.944722 | H50: galão | I50: =G50/SUM($G$47:$G$58) -> 0.02584244 | J50: =Insumos!D60 -> 0 | K50: =TRUNC(G50*I50*J50,2) -> 0
A51: 1.1.1.38 | B51: Tinta esmalte sintético | G51: =G50 -> 67.944722 | H51: galão | I51: =G51/SUM($G$47:$G$58) -> 0.02584244 | J51: =Insumos!D61 -> 0 | K51: =TRUNC(G51*I51*J51,2) -> 0
A52: 1.1.1.39 | B52: Solvente / Aguaráz | G52: =G48*0.021 -> 24.402 | H52: L | I52: =G52/SUM($G$47:$G$58) -> 0.0092811804 | J52: =Insumos!D62 -> 0 | K52: =TRUNC(G52*I52*J52,2) -> 0
A53: 1.1.1.40 | B53: Rolo de espuma 15cm | G53: 10 | H53: Unid | I53: =G53/SUM($G$47:$G$58) -> 0.0038034507 | J53: =Insumos!D63 -> 0 | K53: =TRUNC(G53*I53*J53,2) -> 0
A54: 1.1.1.41 | B54: Rolo de lã 23cm | G54: 10 | H54: Unid | I54: =G54/SUM($G$47:$G$58) -> 0.0038034507 | J54: =Insumos!D64 -> 0 | K54: =TRUNC(G54*I54*J54,2) -> 0
A55: 1.1.1.42 | B55: Trincha para pintura (2") | G55: 10 | H55: Unid | I55: =G55/SUM($G$47:$G$58) -> 0.0038034507 | J55: =Insumos!D65 -> 0 | K55: =TRUNC(G55*I55*J55,2) -> 0
A56: 1.1.1.43 | B56: Bucha de limpeza | G56: 15 | H56: kg | I56: =G56/SUM($G$47:$G$58) -> 0.005705176 | J56: =Insumos!D66 -> 0 | K56: =TRUNC(G56*I56*J56,2) -> 0
A57: 1.1.1.44 | B57: Barbante | G57: 10 | H57: Rolo | I57: =G57/SUM($G$47:$G$58) -> 0.0038034507 | J57: =Insumos!D67 -> 0 | K57: =TRUNC(G57*I57*J57,2) -> 0
A58: 1.1.1.45 | B58: Abraçadeira Plástica (15 x 0,5cm a 50 x 1,3cm) 100und | G58: 30 | H58: pacote | I58: =G58/SUM($G$47:$G$58) -> 0.011410352 | J58: =Insumos!D68 -> 0 | K58: =TRUNC(G58*I58*J58,2) -> 0
J59: TOTAL GERAL | K59: =SUM(K45:K58) -> 0
A60: CPU-AX 04 | B60: REFEIÇÃO
A61: Item | B61: DISCRIMINAÇÃO | C61: MEMÓRIA DE CÁLCULO | G61: QUANT | H61: Unid | I61: Coef. | J61: VALOR (R$) | K61: TOTAL (R$)
A63: 1.1.1.46 | B63: Refeição (café, almoço, jantar) | G63: 10 | H63: Diária | I63: 5 | J63: =Insumos!D75 -> 0 | K63: =TRUNC(G63*I63*J63,2) -> 0
J64: TOTAL GERAL | K64: =SUM(K61:K63) -> 0
A65: CPU-AX 05 | B65: HOSPEDAGEM
A66: Item | B66: DISCRIMINAÇÃO | C66: MEMÓRIA DE CÁLCULO | G66: QUANT | H66: Unid | I66: Coef. | J66: VALOR (R$) | K66: TOTAL (R$)
A68: 1.1.1.47 | B68: Hospedagem em pousada (quarto duplo) | G68: 10 | H68: Diária | I68: 5 | J68: =Insumos!D78 -> 0 | K68: =TRUNC(G68*I68*J68,2) -> 0
J69: TOTAL GERAL | K69: =SUM(K68) -> 0
A70: CPU-AX 06 | B70: TRANSPORTE
A71: Item | B71: DISCRIMINAÇÃO | C71: MEMÓRIA DE CÁLCULO | G71: QUANT | H71: Unid | I71: Coef. | J71: VALOR (R$) | K71: TOTAL (R$)
A73: 1.1.1.48 | B73: Locação de Caminhão truck Bau 20 ton | G73: 10 | H73: Diária | I73: =G73/SUM($G$73:$G$75) -> 0.33333333 | J73: =Insumos!D81 -> 0 | K73: =TRUNC(G73*I73*J73,2) -> 0
A74: 1.1.1.49 | B74: Locação de Caminhão truck carroceria 20 ton | G74: 10 | H74: Diária | I74: =G74/SUM($G$73:$G$75) -> 0.33333333 | J74: =Insumos!D82 -> 0 | K74: =TRUNC(G74*I74*J74,2) -> 0
A75: 1.1.1.50 | B75: Locação de Caminhão tipo Bau 10 ton | G75: 10 | H75: Diária | I75: =G75/SUM($G$73:$G$75) -> 0.33333333 | J75: =Insumos!D83 -> 0 | K75: =TRUNC(G75*I75*J75,2) -> 0
J76: TOTAL GERAL | K76: =SUM(K73:K75) -> 0

Sheet 2 Camarote Institucional
A2: 2 | B2: CAMAROTE INSTITUCIONAL
A3: CPU-AX 7 | B3: ESTRUTURA, FECHAMENTO e PINTURA
A4: Item | B4: DISCRIMINAÇÃO | C4: MEMÓRIA DE CÁLCULO | G4: QUANT | H4: Unid | I4: Coef. | J4: VALOR (R$) | K4: TOTAL (R$)
C5: L (m) | D5: C (m) | E5: H(m) | F5: Área
A6: 1.1.1.1 | B6: Locação Estrutura Metálica - PAVILHÃO (camarote) | C6: 15 | D6: 50 | F6: =C6*D6 -> 750 | G6: =F6 -> 750 | H6: m²/mês | I6: 0.45 | J6: =Insumos!D19 -> 0 | K6: =TRUNC(G6*I6*J6,2) -> 0
A7: 1.1.1.2 | B7: Locação Estrutura Metálica - PAVILHÃO (área buffet) | C7: 3 | D7: 20 | F7: =C7*D7 -> 60 | G7: =F7 -> 60 | H7: m²/mês | I7: =$I$6 -> 0.45 | J7: =Insumos!D19 -> 0 | K7: =TRUNC(G7*I7*J7,2) -> 0
A8: 1.1.1.3 | B8: Locação Estrutura Metálica - PAVILHÃO (hall patrocinadores) | C8: 10 | D8: 10 | F8: =C8*D8 -> 100 | G8: =F8 -> 100 | H8: m²/mês | I8: =$I$6 -> 0.45 | J8: =Insumos!D19 -> 0 | K8: =TRUNC(G8*I8*J8,2) -> 0
A9: 1.1.1.4 | B9: Locação Estrutura Metálica - COBERTA (beiral) | C9: 3 | D9: =53+6+2 -> 61 | F9: =C9*D9 -> 183 | G9: =F9 -> 183 | H9: m²/mês | I9: =$I$6 -> 0.45 | J9: =Insumos!D6 -> 0 | K9: =TRUNC(G9*I9*J9,2) -> 0
A10: 1.1.1.5 | B10: Locação Estrutura Metálica - PISO (piso 1) | C10: 10 | D10: 50 | F10: =C10*D10 -> 500 | G10: =F10 -> 500 | H10: m²/mês | I10: =$I$6 -> 0.45 | J10: =Insumos!D7 -> 0 | K10: =TRUNC(G10*I10*J10,2) -> 0
A11: 1.1.1.6 | B11: Locação Estrutura Metálica - PISO (piso 2) | C11: 7 | D11: 50 | F11: =C11*D11 -> 350 | G11: =F11 -> 350 | H11: m²/mês | I11: =$I$6 -> 0.45 | J11: =Insumos!D7 -> 0 | K11: =TRUNC(G11*I11*J11,2) -> 0
A12: 1.1.1.7 | B12: Locação Estrutura Metálica - PISO (circulação) | C12: 5 | D12: 50 | F12: =C12*D12 -> 250 | G12: =F12 -> 250 | H12: m²/mês | I12: =$I$6 -> 0.45 | J12: =Insumos!D7 -> 0 | K12: =TRUNC(G12*I12*J12,2) -> 0
A13: 1.1.1.8 | B13: Locação Estrutura Metálica - PISO (pcd) | C13: 3 | D13: =16+6+2 -> 24 | F13: =C13*D13 -> 72 | G13: =F13 -> 72 | H13: m²/mês | I13: =$I$6 -> 0.45 | J13: =Insumos!D7 -> 0 | K13: =TRUNC(G13*I13*J13,2) -> 0
A14: 1.1.1.9 | B14: Locação Estrutura Metálica - PISO (bar) | C14: 2 | D14: 35 | F14: =C14*D14 -> 70 | G14: =F14 -> 70 | H14: m²/mês | I14: =$I$6 -> 0.45 | J14: =Insumos!D7 -> 0 | K14: =TRUNC(G14*I14*J14,2) -> 0
A15: 1.1.1.10 | B15: Locação Estrutura Metálica - PISO (área buffet) | C15: =C7 -> 3 | D15: =D7 -> 20 | F15: =C15*D15 -> 60 | G15: =F15 -> 60 | H15: m²/mês | I15: =$I$6 -> 0.45 | J15: =Insumos!D7 -> 0 | K15: =TRUNC(G15*I15*J15,2) -> 0
A16: 1.1.1.11 | B16: Locação Estrutura Metálica - TESTEIRA I | C16: 50 | E16: 1.3 | F16: =E16*C16 -> 65 | G16: =F16 -> 65 | H16: m²/mês | I16: =$I$6 -> 0.45 | J16: =Insumos!D11 -> 0 | K16: =TRUNC(G16*I16*J16,2) -> 0
A17: 1.1.1.12 | B17: Locação Estrutura Metálica - CAMAROTES 1 | C17: 8 | D17: 50 | F17: =C17*D17 -> 400 | G17: =F17 -> 400 | H17: m²/mês | I17: =$I$6 -> 0.45 | J17: =Insumos!D4 -> 0 | K17: =TRUNC(G17*I17*J17,2) -> 0
A18: 1.1.1.13 | B18: Locação Estrutura Metálica - CAMAROTES 2 | C18: =C11 -> 7 | D18: 50 | F18: =C18*D18 -> 350 | G18: =F18 -> 350 | H18: m²/mês | I18: =$I$6 -> 0.45 | J18: =Insumos!D4 -> 0 | K18: =TRUNC(G18*I18*J18,2) -> 0
A19: 1.1.1.14 | B19: Locação estrutura Estande- PAINÉIS TS formicado (piso 1) | C19: =C17 -> 8 | D19: 50 | F19: =D19*C19 -> 400 | G19: =F19 -> 400 | H19: m²/mês | I19: =$I$6 -> 0.45 | J19: =Insumos!D24 -> 0 | K19: =TRUNC(G19*I19*J19,2) -> 0
A20: 1.1.1.15 | B20: Locação estrutura Estande- PAINÉIS TS formicado (piso 2) | C20: 6.3 | D20: 50 | F20: =D20*C20 -> 315 | G20: =F20 -> 315 | H20: m²/mês | I20: =$I$6 -> 0.45 | J20: =Insumos!D24 -> 0 | K20: =TRUNC(G20*I20*J20,2) -> 0
A21: 1.1.1.16 | B21: Locação Estrutura Metálica - ESCADA (acesso pisos) | C21: 2 | D21: =13+6.5+6.5 -> 26 | F21: =D21*C21 -> 52 | G21: =F21 -> 52 | H21: m²/mês | I21: =$I$6 -> 0.45 | J21: =Insumos!D9 -> 0 | K21: =TRUNC(G21*I21*J21,2) -> 0
A22: 1.1.1.17 | B22: Locação Estrutura Metálica - ESCADA (entrada) | C22: 2 | D22: 8.4 | E22: 1 | F22: =C22*D22*E22 -> 16.8 | G22: =F22 -> 16.8 | H22: m²/mês | I22: =$I$6 -> 0.45 | J22: =Insumos!D9 -> 0 | K22: =TRUNC(G22*I22*J22,2) -> 0
A23: 1.1.1.18 | B23: Locação Estrutura Metálica - RAMPAS (acesso pisos) | C23: 2 | D23: 16 | F23: =C23*D23 -> 32 | G23: =F23 -> 32 | H23: m²/mês | I23: =$I$6 -> 0.45 | J23: =Insumos!D10 -> 0 | K23: =TRUNC(G23*I23*J23,2) -> 0
A24: 1.1.1.19 | B24: Locação Estrutura Metálica - RAMPAS (pcd) | C24: 2 | D24: 8 | F24: =C24*D24 -> 16 | G24: =F24 -> 16 | H24: m²/mês | I24: =$I$6 -> 0.45 | J24: =Insumos!D10 -> 0 | K24: =TRUNC(G24*I24*J24,2) -> 0
A25: 1.1.1.20 | B25: Locação - GUARDA CORPO - Estrutura metalon + compensado (pisos) | C25: 2 | D25: =D21+D23 -> 42 | E25: 1.1 | F25: =E25*D25*C25 -> 92.4 | G25: =F25 -> 92.4 | H25: m²/mês | I25: =$I$6 -> 0.45 | J25: =Insumos!D31 -> 0 | K25: =TRUNC(G25*I25*J25,2) -> 0
A26: 1.1.1.21 | B26: Locação - GUARDA CORPO - Estrutura metalon + compensado (pcd) | D26: =28.15+12.2 -> 40.35 | E26: 1.1 | F26: =E26*D26 -> 44.385 | G26: =F26 -> 44.385 | H26: m²/mês | I26: =$I$6 -> 0.45 | J26: =Insumos!D31 -> 0 | K26: =TRUNC(G26*I26*J26,2) -> 0
A27: 1.1.1.22 | B27: Serviço de PINTURA (Divisórias e Guarda-corpo) | F27: =F25+F26 -> 136.785 | G27: =F27 -> 136.785 | H27: m²/mês | I27: =$I$6 -> 0.45 | J27: =Insumos!D33 -> 0 | K27: =TRUNC(G27*I27*J27,2) -> 0
A28: 1.1.1.23 | B28: Locação de DIVISÓRIAS -Estrutura metalon + madeirite (fechamento em lona) | C28: =61.65+19.85 -> 81.5 | E28: 3 | F28: =E28*C28 -> 244.5 | G28: =F28 -> 244.5 | H28: m²/mês | I28: =$I$6 -> 0.45 | J28: =Insumos!D30 -> 0 | K28: =TRUNC(G28*I28*J28,2) -> 0
A29: 1.1.1.24 | B29: Locação de SPDA e Sistema de SEGURANÇA CONTRA INCÊNDIO E PÂNICO (pavimentos sobrepostos) | F29: =F6+F7+F8 -> 910 | G29: =F29 -> 910 | H29: m²/mês | I29: =$I$6 -> 0.45 | J29: =Insumos!D28 -> 0 | K29: =TRUNC(G29*I29*J29,2) -> 0
J30: TOTAL GERAL | K30: =SUM(K6:K29) -> 0
A31: CPU-AX 8 | B31: EQUIPAMENTOS e FERRAMENTAS
A32: Item | B32: DISCRIMINAÇÃO | C32: MEMÓRIA DE CÁLCULO | G32: QUANT | H32: Unid | I32: Coef. | J32: VALOR (R$/dia) | K32: TOTAL (R$)
A34: 1.1.1.25 | B34: Locação de Empilhadeira | G34: 10 | H34: diária | I34: =G34/SUM($G$34:$G$40) -> 0.047393365 | J34: =Insumos!D49 -> 0 | K34: =TRUNC(G34*I34*J34,2) -> 0
A35: 1.1.1.26 | B35: Locação de Caminhão Munck | G35: 10 | H35: diária | I35: =G35/SUM($G$34:$G$40) -> 0.047393365 | J35: =Insumos!D50 -> 0 | K35: =TRUNC(G35*I35*J35,2) -> 0
A36: 1.1.1.27 | B36: Locação de Talha elétrica | G36: 10 | H36: diária | I36: =G36/SUM($G$34:$G$40) -> 0.047393365 | J36: =Insumos!D51 -> 0 | K36: =TRUNC(G36*I36*J36,2) -> 0
A37: 1.1.1.28 | B37: Locação de Andaimes | G37: 120 | H37: m/mês | I37: =G37/SUM($G$34:$G$40) -> 0.56872038 | J37: =Insumos!D52 -> 0 | K37: =TRUNC(G37*I37*J37,2) -> 0
A38: 1.1.1.29 | B38: Locação de Plataformas de montagem | G38: 10 | H38: und/mês | I38: =G38/SUM($G$34:$G$40) -> 0.047393365 | J38: =Insumos!D53 -> 0 | K38: =TRUNC(G38*I38*J38,2) -> 0
A39: 1.1.1.30 | B39: Kit Ferramentas de fixação e montagem | G39: 50 | H39: kit/mês | I39: =G39/SUM($G$34:$G$40) -> 0.23696682 | J39: =Insumos!D54 -> 0 | K39: =TRUNC(G39*I39*J39,2) -> 0
A40: 1.1.1.31 | B40: Locação de Plataforma elevatória para PNE | G40: 1 | H40: und/mês | I40: 1 | J40: =Insumos!D55 -> 0 | K40: =TRUNC(G40*I40*J40,2) -> 0
J41: TOTAL GERAL | K41: =SUM(K34:K40) -> 0
A42: CPU-AX 9 | B42: MATERIAIS DE CONSUMO
A43: Item | B43: DISCRIMINAÇÃO | C43: MEMÓRIA DE CÁLCULO | G43: QUANT | H43: Unid | I43: Coef. | J43: VALOR (R$)dia | K43: TOTAL (R$)
A45: 1.1.1.32 | B45: Elementos de fixação (parafusos / cabo de aço / grampos) | G45: =G29/60 -> 15.166667 | H45: Kg | I45: =G45/SUM($G$45:$G$56) -> 0.0055123279 | J45: =Insumos!D58 -> 0 | K45: =TRUNC(G45*I45*J45,2) -> 0
A46: 1.1.1.33 | B46: Compensado resinado 12mm (chapas de 110x220cm) | G46: =G10+G11+G12+G13+G14+G15 -> 1302 | H46: m² | I46: =G46/SUM($G$45:$G$56) -> 0.47321215 | J46: =Insumos!D69 -> 0 | K46: =TRUNC(G46*I46*J46,2) -> 0
A47: 1.1.1.34 | B47: Carpete 5mm | G47: =G10+G11+G12 -> 1100 | H47: m² | I47: =G47/SUM($G$45:$G$56) -> 0.39979521 | J47: =Insumos!D59 -> 0 | K47: =TRUNC(G47*I47*J47,2) -> 0
A48: 1.1.1.35 | B48: Tinta acrílica | G48: =G46*0.21/3.6 -> 75.95 | H48: galão | I48: =G48/SUM($G$45:$G$56) -> 0.027604042 | J48: =Insumos!D60 -> 0 | K48: =TRUNC(G48*I48*J48,2) -> 0
A49: 1.1.1.36 | B49: Tinta esmalte sintético | G49: =G48 -> 75.95 | H49: galão | I49: =G49/SUM($G$45:$G$56) -> 0.027604042 | J49: =Insumos!D61 -> 0 | K49: =TRUNC(G49*I49*J49,2) -> 0
A50: 1.1.1.37 | B50: Solvente / Aguaráz | G50: =G46*0.021 -> 27.342 | H50: L | I50: =G50/SUM($G$45:$G$56) -> 0.0099374551 | J50: =Insumos!D62 -> 0 | K50: =TRUNC(G50*I50*J50,2) -> 0
A51: 1.1.1.38 | B51: Rolo de espuma 15cm | G51: 10 | H51: Unid | I51: =G51/SUM($G$45:$G$56) -> 0.0036345019 | J51: =Insumos!D63 -> 0 | K51: =TRUNC(G51*I51*J51,2) -> 0
A52: 1.1.1.39 | B52: Rolo de lã 23cm | G52: 10 | H52: Unid | I52: =G52/SUM($G$45:$G$56) -> 0.0036345019 | J52: =Insumos!D64 -> 0 | K52: =TRUNC(G52*I52*J52,2) -> 0
A53: 1.1.1.40 | B53: Trincha para pintura (2") | G53: 10 | H53: Unid | I53: =G53/SUM($G$45:$G$56) -> 0.0036345019 | J53: =Insumos!D65 -> 0 | K53: =TRUNC(G53*I53*J53,2) -> 0
A54: 1.1.1.41 | B54: Bucha de limpeza | G54: 20 | H54: kg | I54: =G54/SUM($G$45:$G$56) -> 0.0072690038 | J54: =Insumos!D66 -> 0 | K54: =TRUNC(G54*I54*J54,2) -> 0
A55: 1.1.1.42 | B55: Barbante | G55: 5 | H55: Rolo | I55: =G55/SUM($G$45:$G$56) -> 0.0018172509 | J55: =Insumos!D67 -> 0 | K55: =TRUNC(G55*I55*J55,2) -> 0
A56: 1.1.1.43 | B56: Abraçadeira Plástica (15 x 0,5cm a 50 x 1,3cm) 100und | G56: 100 | H56: pacote | I56: =G56/SUM($G$45:$G$56) -> 0.036345019 | J56: =Insumos!D68 -> 0 | K56: =TRUNC(G56*I56*J56,2) -> 0
J57: TOTAL GERAL | K57: =SUM(K45:K56) -> 0
A58: CPU-AX 10 | B58: REFEIÇÃO
A59: Item | B59: DISCRIMINAÇÃO | C59: MEMÓRIA DE CÁLCULO | G59: QUANT | H59: Unid | I59: Coef. | J59: VALOR (R$)/dia | K59: TOTAL (R$)
A61: 1.1.1.44 | B61: Refeição (café, almoço, jantar) | G61: 20 | H61: Diária | I61: 5 | J61: =Insumos!D75 -> 0 | K61: =TRUNC(G61*I61*J61,2) -> 0
J62: TOTAL GERAL | K62: =SUM(K61) -> 0
A63: CPU-AX 11 | B63: HOSPEDAGEM
A64: Item | B64: DISCRIMINAÇÃO | C64: MEMÓRIA DE CÁLCULO | G64: QUANT | H64: Unid | I64: Coef. | J64: VALOR Unit. (R$) | K64: TOTAL (R$)
A66: 1.1.1.45 | B66: Hospedagem em pousada (quarto duplo) | G66: 20 | H66: Diária | I66: 5 | J66: =Insumos!D78 -> 0 | K66: =TRUNC(G66*I66*J66,2) -> 0
J67: TOTAL GERAL | K67: =SUM(K66) -> 0
A68: CPU-AX 12 | B68: TRANSPORTE
A69: Item | B69: DISCRIMINAÇÃO | C69: MEMÓRIA DE CÁLCULO | G69: QUANT | H69: Unid | I69: Coef. | J69: VALOR Unit. (R$) | K69: TOTAL (R$)
A71: 1.1.1.46 | B71: Locação de Caminhão truck Bau 20 ton | G71: 5 | H71: Diária | I71: =G71/SUM($G$71:$G$73) -> 0.33333333 | J71: =Insumos!D81 -> 0 | K71: =TRUNC(G71*I71*J71,2) -> 0
A72: 1.1.1.47 | B72: Locação de Caminhão truck carroceria 20 ton | G72: 5 | H72: Diária | I72: =G72/SUM($G$71:$G$73) -> 0.33333333 | J72: =Insumos!D82 -> 0 | K72: =TRUNC(G72*I72*J72,2) -> 0
A73: 1.1.1.48 | B73: Locação de Caminhão tipo Bau 10 ton | G73: 5 | H73: Diária | I73: =G73/SUM($G$71:$G$73) -> 0.33333333 | J73: =Insumos!D83 -> 0 | K73: =TRUNC(G73*I73*J73,2) -> 0
J74: TOTAL GERAL | K74: =SUM(K71:K73) -> 0

Sheet 1.5 CAMAROTE_B
A1: COMPOSIÇÕES AUXILIARES
A2: ='Composição UNIT.'!B54 -> 1.3 | B2: CAMAROTE TIPO B
A3: CPU-AX 13 | B3: ESTRUTURA, FECHAMENTO e PINTURA
A4: Item | B4: DISCRIMINAÇÃO | C4: MEMÓRIA DE CÁLCULO | G4: QUANT | H4: Unid | I4: Coef. | J4: VALOR (R$) | K4: TOTAL (R$)
C5: L (m) | D5: C (m) | E5: H(m) | F5: Área
A6: 1.1.1.1 | B6: Locação Estrutura Metálica Camarotes - Térreo, Piso 1; Piso 2 | C6: 6.5 | D6: 36 | E6: 3 | F6: =C6*D6*E6 -> 702 | G6: =C6*D6*E6 -> 702 | H6: m²/mês | I6: 0.5321246 | J6: =Insumos!D4 -> 0 | K6: =TRUNC(G6*I6*J6,2) -> 0
A7: 1.1.1.2 | B7: Locação Estrutura Metálica - COBERTA (incluindo lona) | C7: 20 | D7: 40 | F7: =C7*D7 -> 800 | G7: =C7*D7 -> 800 | H7: m²/mês | I7: 0.5321241 | J7: =Insumos!D6 -> 0 | K7: =TRUNC(G7*I7*J7,2) -> 0
A8: 1.1.1.3 | B8: Locação Estrutura Metálica - PISO | C8: 6.5 | D8: 36 | E8: 3 | F8: =C8*D8*E8 -> 702 | G8: =C8*D8*E8 -> 702 | H8: m²/mês | I8: 0.5321241 | J8: =Insumos!D7 -> 0 | K8: =TRUNC(G8*I8*J8,2) -> 0
A9: 1.1.1.5 | B9: Locação Estrutura Metálica - ESCADA | C9: 1.5 | D9: 16 | F9: =C9*D9 -> 24 | G9: =C9*D9 -> 24 | H9: m²/mês | I9: 0.5321241 | J9: =Insumos!D9 -> 0 | K9: =TRUNC(G9*I9*J9,2) -> 0
A10: 1.1.1.6 | B10: Locação de DIVISÓRIAS - Estrutura metalon + compensado | D10: 336.8 | E10: 3 | F10: =D10*E10 -> 1010.4 | G10: =F10 -> 1010.4 | H10: m²/mês | I10: 0.5321241 | J10: =Insumos!D30 -> 0 | K10: =TRUNC(G10*I10*J10,2) -> 0
A11: 1.1.1.7 | B11: Locação - GUARDA CORPO - Estrutura metalon + compensado | C11: 1.2 | D11: 56.1 | E11: 3 | F11: =C11*D11*E11 -> 201.96 | G11: =C11*D11*E11 -> 201.96 | H11: m²/mês | I11: 0.5321241 | J11: =Insumos!D31 -> 0 | K11: =TRUNC(G11*I11*J11,2) -> 0
A12: 1.1.1.8 | B12: Locação Estrutura Metálica - RAMPAS | C12: 14.3 | D12: 56.1 | F12: =C12*D12 -> 802.23 | G12: =C12*D12 -> 802.23 | H12: m²/mês | I12: 0.5321241 | J12: =Insumos!D10 -> 0 | K12: =TRUNC(G12*I12*J12,2) -> 0
A13: 1.1.1.9 | B13: Serviço de PINTURA (Divisórias e Guarda-corpo) | F13: =F10+F11 -> 1212.36 | G13: =F13 -> 1212.36 | H13: m²/mês | I13: 0.5321241 | J13: =Insumos!D33 -> 0 | K13: =TRUNC(F13*I13*J13,2) -> 0
A14: 1.1.1.10 | B14: Locação de SPDA e Sistema de SEGURANÇA CONTRA INCÊNDIO E PÂNICO (3 pavimentos sobrepostos) | G14: =C6*D6 -> 234 | H14: m²/mês | I14: 0.5321241 | J14: =Insumos!D27 -> 0 | K14: =TRUNC(G14*I14*J14,2) -> 0
J15: TOTAL GERAL | K15: =SUM(K6:K14) -> 0
A16: CPU-AX 14 | B16: EQUIPAMENTOS e FERRAMENTAS
A17: Item | B17: DISCRIMINAÇÃO | C17: MEMÓRIA DE CÁLCULO | G17: QUANT | H17: Unid | I17: Coef. | J17: VALOR (R$/dia) | K17: TOTAL (R$)
A19: 1.1.1.11 | B19: Locação de Empilhadeira | G19: 4 | H19: diária | I19: 1 | J19: =Insumos!D49 -> 0 | K19: =TRUNC(G19*I19*J19,2) -> 0
A20: 1.1.1.12 | B20: Locação de Caminhão Munck | G20: 4 | H20: diária | I20: 1 | J20: =Insumos!D50 -> 0 | K20: =TRUNC(G20*I20*J20,2) -> 0
A21: 1.1.1.13 | B21: Locação de Talha elétrica | G21: 12 | H21: diária | I21: 1 | J21: =Insumos!D51 -> 0 | K21: =TRUNC(G21*I21*J21,2) -> 0
A22: 1.1.1.14 | B22: Locação de Andaimes | G22: 60 | H22: m/mês | I22: 0.75 | J22: =Insumos!D52 -> 0 | K22: =TRUNC(G22*I22*J22,2) -> 0
A23: 1.1.1.15 | B23: Locação de Plataformas de montagem | G23: 12 | H23: und/mês | I23: 0.75 | J23: =Insumos!D53 -> 0 | K23: =TRUNC(G23*I23*J23,2) -> 0
A24: 1.1.1.16 | B24: Kit Ferramentas de fixação e montagem | G24: 10 | H24: kit/mês | I24: 0.75 | J24: =Insumos!D54 -> 0 | K24: =TRUNC(G24*I24*J24,2) -> 0
J25: TOTAL GERAL | K25: =SUM(K19:K24) -> 0
A26: CPU-AX 15 | B26: MATERIAIS DE CONSUMO
A27: Item | B27: DISCRIMINAÇÃO | C27: MEMÓRIA DE CÁLCULO | G27: QUANT | H27: Unid | I27: Coef. | J27: VALOR (R$)dia | K27: TOTAL (R$)
A29: 1.1.1.17 | B29: Elementos de fixação (parafusos / cabo de aço / grampos) | G29: 68.186875 | H29: Kg | I29: 0.2 | J29: =Insumos!D58 -> 0 | K29: =TRUNC(G29*I29*J29,2) -> 0
A30: 1.1.1.18 | B30: Compensado resinado 12mm (chapas de 110x220cm) | G30: 231.66 | H30: m² | I30: 0.25 | J30: =Insumos!D69 -> 0 | K30: =TRUNC(G30*I30*J30,2) -> 0
A31: 1.1.1.19 | B31: Tinta acrílica | G31: 5.148 | H31: galão | I31: 1 | J31: =Insumos!D60 -> 0 | K31: =TRUNC(G31*I31*J31,2) -> 0
A32: 1.1.1.20 | B32: Tinta esmalte sintético | G32: 29.018278 | H32: galão | I32: 1 | J32: =Insumos!D61 -> 0 | K32: =TRUNC(G32*I32*J32,2) -> 0
A33: 1.1.1.21 | B33: Solvente / Aguaráz | G33: 20.727341 | H33: L | I33: 1 | J33: =Insumos!D62 -> 0 | K33: =TRUNC(G33*I33*J33,2) -> 0
A34: 1.1.1.22 | B34: Rolo de espuma 15cm | G34: 8 | H34: Unid | I34: 0.5 | J34: =Insumos!D63 -> 0 | K34: =TRUNC(G34*I34*J34,2) -> 0
A35: 1.1.1.23 | B35: Rolo de lã 23cm | G35: 4 | H35: Unid | I35: 0.5 | J35: =Insumos!D64 -> 0 | K35: =TRUNC(G35*I35*J35,2) -> 0
A36: 1.1.1.24 | B36: Trincha para pintura (2") | G36: 6 | H36: Unid | I36: 0.25 | J36: =Insumos!D65 -> 0 | K36: =TRUNC(G36*I36*J36,2) -> 0
A37: 1.1.1.25 | B37: Bucha de limpeza | G37: 4.65264 | H37: kg | I37: 1 | J37: =Insumos!D66 -> 0 | K37: =TRUNC(G37*I37*J37,2) -> 0
A38: 1.1.1.26 | B38: Barbante | G38: 3.5448686 | H38: Rolo | I38: 1 | J38: =Insumos!D67 -> 0 | K38: =TRUNC(G38*I38*J38,2) -> 0
A39: 1.1.1.27 | B39: Abraçadeira Plástica (15 x 0,5cm a 50 x 1,3cm) 100und | G39: 2.1269211 | H39: pacote | I39: 1 | J39: =Insumos!D68 -> 0 | K39: =TRUNC(G39*I39*J39,2) -> 0
J40: TOTAL GERAL | K40: =SUM(K29:K39) -> 0
A41: CPU-AX 16 | B41: REFEIÇÃO
A42: Item | B42: DISCRIMINAÇÃO | C42: MEMÓRIA DE CÁLCULO | G42: QUANT | H42: Unid | I42: Coef. | J42: VALOR (R$)/dia | K42: TOTAL (R$)
A44: 1.1.1.28 | B44: Refeição (café, almoço, jantar) | G44: 20 | H44: Diária | I44: 15 | J44: =Insumos!D75 -> 0 | K44: =TRUNC(G44*I44*J44,2) -> 0
J45: TOTAL GERAL | K45: =SUM(K44) -> 0
A46: CPU-AX 17 | B46: HOSPEDAGEM
A47: Item | B47: DISCRIMINAÇÃO | C47: MEMÓRIA DE CÁLCULO | G47: QUANT | H47: Unid | I47: Coef. | J47: VALOR Unit. (R$) | K47: TOTAL (R$)
A49: 1.1.1.29 | B49: Hospedagem em pousada (quarto duplo) | G49: 20 | H49: Diária | I49: 8 | J49: =Insumos!D78 -> 0 | K49: =TRUNC(G49*I49*J49,2) -> 0
J50: TOTAL GERAL | K50: =SUM(K49) -> 0
A51: CPU-AX 18 | B51: TRANSPORTE
A52: Item | B52: DISCRIMINAÇÃO | C52: MEMÓRIA DE CÁLCULO | G52: QUANT | H52: Unid | I52: Coef. | J52: VALOR Unit. (R$) | K52: TOTAL (R$)
A54: 1.1.1.30 | B54: Locação de Caminhão truck Bau 20 ton | G54: 2 | H54: Diária | I54: 1 | J54: =Insumos!D81 -> 0 | K54: =TRUNC(G54*I54*J54,2) -> 0
A55: 1.1.1.31 | B55: Locação de Caminhão truck carroceria 20 ton | G55: 3 | H55: Diária | I55: 1 | J55: =Insumos!D82 -> 0 | K55: =TRUNC(G55*I55*J55,2) -> 0
A56: 1.1.1.32 | B56: Locação de Caminhão tipo Bau 10 ton | G56: 2 | H56: Diária | I56: 1 | J56: =Insumos!D83 -> 0 | K56: =TRUNC(G56*I56*J56,2) -> 0
J57: TOTAL GERAL | K57: =SUM(K54:K56) -> 0

Sheet 3 Pav. Restaurantes
A1: COMPOSIÇÕES AUXILIARES
A2: 3 | B2: PAVILHÃO RESTAURANTES
A3: CPU-AX 13 | B3: ESTRUTURA, FECHAMENTO e PINTURA
A4: Item | B4: DISCRIMINAÇÃO | C4: MEMÓRIA DE CÁLCULO | G4: QUANT | H4: Unid | I4: Coef. | J4: VALOR (R$)dia | K4: TOTAL (R$)
C5: L (m) | D5: C (m) | E5: H(m) | F5: Área
A6: 1.1.1.1 | B6: Locação Estrutura Metálica - PAVILHÃO | C6: 45 | D6: 20 | F6: =C6*D6 -> 900 | G6: =F6 -> 900 | H6: m²/mês | I6: 0.9 | J6: =Insumos!D19 -> 0 | K6: =TRUNC(I6*G6*J6,2) -> 0
A7: 1.1.1.2 | B7: Locação Estrutura Metálica - COBERTA (incluindo lona) - restaurantes | C7: 45 | D7: 5 | F7: =C7*D7 -> 225 | G7: =F7 -> 225 | H7: m²/mês | I7: =$I$6 -> 0.9 | J7: =Insumos!D6 -> 0 | K7: =TRUNC(I7*G7*J7,2) -> 0
A8: 1.1.1.3 | B8: Locação Estrutura Metálica - PISO - restaurantes | C8: 45 | D8: 25 | F8: =C8*D8 -> 1125 | G8: =F8 -> 1125 | H8: m²/mês | I8: =$I$6 -> 0.9 | J8: =Insumos!D7 -> 0 | K8: =TRUNC(I8*G8*J8,2) -> 0
A9: 1.1.1.4 | B9: Locação estrutura Estande- PAINÉIS TS formicado | C9: 11 | D9: 17 | E9: 1 | F9: =D9*E9*C9 -> 187 | G9: =F9 -> 187 | H9: m²/mês | I9: =$I$6 -> 0.9 | J9: =Insumos!D24 -> 0 | K9: =TRUNC(I9*G9*J9,2) -> 0
A10: 1.1.1.5 | B10: Locação de DIVISÓRIAS - Estrutura metalon + compensado - COZINHA | C10: 8 | D10: 5 | E10: 10 | F10: =D10*E10*C10 -> 400 | G10: =F10 -> 400 | H10: m²/mês | I10: =$I$6 -> 0.9 | J10: =Insumos!D30 -> 0 | K10: =TRUNC(I10*G10*J10,2) -> 0
A11: 1.1.1.6 | B11: Locação Estrutura Metálica - TESTEIRA I | D11: 45 | E11: 1.3 | F11: =E11*D11 -> 58.5 | G11: =F11 -> 58.5 | H11: m²/mês | I11: =$I$6 -> 0.9 | J11: =Insumos!D11 -> 0 | K11: =TRUNC(I11*G11*J11,2) -> 0
A12: 1.1.1.7 | B12: Locação Estrutura Metálica - PASSARELA (acesso servidores) | C12: 2.5 | D12: 11.48 | F12: =C12*D12 -> 28.7 | G12: =F12 -> 28.7 | H12: m²/mês | I12: =$I$6 -> 0.9 | J12: =Insumos!D15 -> 0 | K12: =TRUNC(I12*G12*J12,2) -> 0
A13: 1.1.1.8 | B13: Locação Estrutura Metálica - ESCADA (acesso servidores) | C13: 2.82 | D13: 1.69 | F13: =C13*D13 -> 4.7658 | G13: =F13 -> 4.7658 | H13: m²/mês | I13: =$I$6 -> 0.9 | J13: =Insumos!D9 -> 0 | K13: =TRUNC(I13*G13*J13,2) -> 0
A14: 1.1.1.9 | B14: Locação Estrutura Metálica - ESCADA (acesso mesas) | C14: 2 | D14: 6.8 | F14: =C14*D14 -> 13.6 | G14: =F14 -> 13.6 | H14: m²/mês | I14: =$I$6 -> 0.9 | J14: =Insumos!D9 -> 0 | K14: =TRUNC(I14*G14*J14,2) -> 0
A15: 1.1.1.10 | B15: Locação Estrutura Metálica - ESCADA (acesso mesas) | C15: 3 | D15: 1.83 | F15: =C15*D15 -> 5.49 | G15: =F15 -> 5.49 | H15: m²/mês | I15: =$I$6 -> 0.9 | J15: =Insumos!D9 -> 0 | K15: =TRUNC(I15*G15*J15,2) -> 0
A16: 1.1.1.11 | B16: Locação Estrutura Metálica - RAMPAS (acesso mesas) | C16: 1.25 | D16: =8.25+6.05 -> 14.3 | F16: =C16*D16 -> 17.875 | G16: =F16 -> 17.875 | H16: m²/mês | I16: =$I$6 -> 0.9 | J16: =Insumos!D10 -> 0 | K16: =TRUNC(I16*G16*J16,2) -> 0
A17: 1.1.1.12 | B17: Locação - GUARDA CORPO - Estrutura metalon + compensado | C17: 2 | D17: =D12+D13+D14+D16+D15 -> 36.1 | E17: 1.1 | F17: =C17*D17*E17 -> 79.42 | G17: =F17 -> 79.42 | H17: m²/mês | I17: =$I$6 -> 0.9 | J17: =Insumos!D31 -> 0 | K17: =TRUNC(I17*G17*J17,2) -> 0
A18: 1.1.1.13 | B18: Serviço de PINTURA (Divisórias e Guarda-corpo) | F18: =F17 -> 79.42 | G18: =F18 -> 79.42 | H18: m²/mês | I18: =$I$6 -> 0.9 | J18: =Insumos!D33 -> 0 | K18: =TRUNC(I18*G18*J18,2) -> 0
A19: 1.1.1.14 | B19: Locação de SPDA e Sistema de SEGURANÇA CONTRA INCÊNDIO E PÂNICO (pavimentos sobrepostos) | F19: =F8 -> 1125 | G19: =F19 -> 1125 | H19: m²/mês | I19: =$I$6 -> 0.9 | J19: =Insumos!D28 -> 0 | K19: =TRUNC(I19*G19*J19,2) -> 0
J20: TOTAL GERAL | K20: =SUM(K6:K19) -> 0
A21: CPU-AX 14 | B21: EQUIPAMENTOS e FERRAMENTAS
A22: Item | B22: DISCRIMINAÇÃO | C22: MEMÓRIA DE CÁLCULO | G22: QUANT | H22: Unid | I22: Coef. | J22: VALOR (R$)dia | K22: TOTAL (R$)
A24: 1.1.1.15 | B24: Locação de Empilhadeira | G24: 10 | H24: diária | I24: =G24/SUM($G$24:$G$29) -> 0.069444444 | J24: =Insumos!D49 -> 0 | K24: =TRUNC(I24*G24*J24,2) -> 0
A25: 1.1.1.16 | B25: Locação de Caminhão Munck | G25: 10 | H25: diária | I25: =G25/SUM($G$24:$G$29) -> 0.069444444 | J25: =Insumos!D50 -> 0 | K25: =TRUNC(I25*G25*J25,2) -> 0
A26: 1.1.1.17 | B26: Locação de Talha elétrica | G26: 10 | H26: diária | I26: =G26/SUM($G$24:$G$29) -> 0.069444444 | J26: =Insumos!D51 -> 0 | K26: =TRUNC(I26*G26*J26,2) -> 0
A27: 1.1.1.18 | B27: Locação de Andaimes | G27: 60 | H27: m/mês | I27: =G27/SUM($G$24:$G$29) -> 0.41666667 | J27: =Insumos!D52 -> 0 | K27: =TRUNC(I27*G27*J27,2) -> 0
A28: 1.1.1.19 | B28: Locação de Plataformas de montagem | G28: 4 | H28: und/mês | I28: =G28/SUM($G$24:$G$29) -> 0.027777778 | J28: =Insumos!D53 -> 0 | K28: =TRUNC(I28*G28*J28,2) -> 0
A29: 1.1.1.20 | B29: Kit Ferramentas de fixação e montagem | G29: 50 | H29: kit/mês | I29: =G29/SUM($G$24:$G$29) -> 0.34722222 | J29: =Insumos!D54 -> 0 | K29: =TRUNC(I29*G29*J29,2) -> 0
J30: TOTAL GERAL | K30: =SUM(K24:K29) -> 0
A31: CPU-AX 15 | B31: MATERIAIS DE CONSUMO
A32: Item | B32: DISCRIMINAÇÃO | C32: MEMÓRIA DE CÁLCULO | G32: QUANT | H32: Unid | I32: Coef. | J32: VALOR (R$)dia | K32: TOTAL (R$)
A34: 1.1.1.21 | B34: Elementos de fixação (parafusos / cabo de aço / grampos) | G34: =G19/60 -> 18.75 | H34: Kg | I34: =G34/SUM($G$34:$G$44) -> 0.013229353 | J34: =Insumos!D58 -> 0 | K34: =TRUNC(I34*G34*J34,2) -> 0
A35: 1.1.1.22 | B35: Compensado resinado 12mm (chapas de 110x220cm) | G35: =F8+F18 -> 1204.42 | H35: m² | I35: =G35/SUM($G$34:$G$44) -> 0.84979716 | J35: =Insumos!D69 -> 0 | K35: =TRUNC(I35*G35*J35,2) -> 0
A36: 1.1.1.23 | B36: Tinta acrílica | G36: =G35*0.21/3.6 -> 70.257833 | H36: galão | I36: =G36/SUM($G$34:$G$44) -> 0.049571501 | J36: =Insumos!D60 -> 0 | K36: =TRUNC(I36*G36*J36,2) -> 0
A37: 1.1.1.24 | B37: Tinta esmalte sintético | G37: =G36 -> 70.257833 | H37: galão | I37: =G37/SUM($G$34:$G$44) -> 0.049571501 | J37: =Insumos!D61 -> 0 | K37: =TRUNC(I37*G37*J37,2) -> 0
A38: 1.1.1.25 | B38: Solvente / Aguaráz | G38: =G35*0.021 -> 25.29282 | H38: L | I38: =G38/SUM($G$34:$G$44) -> 0.01784574 | J38: =Insumos!D62 -> 0 | K38: =TRUNC(I38*G38*J38,2) -> 0
A39: 1.1.1.26 | B39: Rolo de espuma 15cm | G39: 8 | H39: Unid | I39: =G39/SUM($G$34:$G$44) -> 0.0056445238 | J39: =Insumos!D63 -> 0 | K39: =TRUNC(I39*G39*J39,2) -> 0
A40: 1.1.1.27 | B40: Rolo de lã 23cm | G40: 4 | H40: Unid | I40: =G40/SUM($G$34:$G$44) -> 0.0028222619 | J40: =Insumos!D64 -> 0 | K40: =TRUNC(I40*G40*J40,2) -> 0
A41: 1.1.1.28 | B41: Trincha para pintura (2") | G41: 6 | H41: Unid | I41: =G41/SUM($G$34:$G$44) -> 0.0042333928 | J41: =Insumos!D65 -> 0 | K41: =TRUNC(I41*G41*J41,2) -> 0
A42: 1.1.1.29 | B42: Bucha de limpeza | G42: 4.65264 | H42: kg | I42: =G42/SUM($G$34:$G$44) -> 0.0032827421 | J42: =Insumos!D66 -> 0 | K42: =TRUNC(I42*G42*J42,2) -> 0
A43: 1.1.1.30 | B43: Barbante | G43: 3.5448686 | H43: Rolo | I43: =G43/SUM($G$34:$G$44) -> 0.0025011369 | J43: =Insumos!D67 -> 0 | K43: =TRUNC(I43*G43*J43,2) -> 0
A44: 1.1.1.31 | B44: Abraçadeira Plástica (15 x 0,5cm a 50 x 1,3cm) 100und | G44: 2.1269211 | H44: pacote | I44: =G44/SUM($G$34:$G$44) -> 0.0015006821 | J44: =Insumos!D68 -> 0 | K44: =TRUNC(I44*G44*J44,2) -> 0
J45: TOTAL GERAL | K45: =SUM(K34:K44) -> 0
A46: CPU-AX 16 | B46: REFEIÇÃO
A47: Item | B47: DISCRIMINAÇÃO | C47: MEMÓRIA DE CÁLCULO | G47: QUANT | H47: Unid | I47: Coef. | J47: VALOR Unit. (R$) | K47: TOTAL (R$)
A49: 1.1.1.32 | B49: Refeição (café, almoço, jantar) | G49: 10 | H49: Diária | I49: 5 | J49: =Insumos!D75 -> 0 | K49: =TRUNC(I49*G49*J49,2) -> 0
J50: TOTAL GERAL | K50: =SUM(K49) -> 0
A51: CPU-AX 17 | B51: HOSPEDAGEM
A52: Item | B52: DISCRIMINAÇÃO | C52: MEMÓRIA DE CÁLCULO | G52: QUANT | H52: Unid | I52: Coef. | J52: VALOR Unit. (R$) | K52: TOTAL (R$)
A54: 1.1.1.33 | B54: Hospedagem em pousada (quarto duplo) | G54: 10 | H54: Diária | I54: 5 | J54: =Insumos!D78 -> 0 | K54: =TRUNC(I54*G54*J54,2) -> 0
J55: TOTAL GERAL | K55: =SUM(K54) -> 0
A56: CPU-AX 18 | B56: TRANSPORTE
A57: Item | B57: DISCRIMINAÇÃO | C57: MEMÓRIA DE CÁLCULO | G57: QUANT | H57: Unid | I57: Coef. | J57: VALOR Unit. (R$) | K57: TOTAL (R$)
A59: 1.1.1.34 | B59: Locação de Caminhão truck Bau 20 ton | G59: 5 | H59: Diária | I59: =G59/SUM($G$59:$G$61) -> 0.33333333 | J59: =Insumos!D81 -> 0 | K59: =TRUNC(I59*G59*J59,2) -> 0
A60: 1.1.1.35 | B60: Locação de Caminhão truck carroceria 20 ton | G60: 5 | H60: Diária | I60: =G60/SUM($G$59:$G$61) -> 0.33333333 | J60: =Insumos!D82 -> 0 | K60: =TRUNC(I60*G60*J60,2) -> 0
A61: 1.1.1.36 | B61: Locação de Caminhão tipo Bau 10 ton | G61: 5 | H61: Diária | I61: =G61/SUM($G$59:$G$61) -> 0.33333333 | J61: =Insumos!D83 -> 0 | K61: =TRUNC(I61*G61*J61,2) -> 0
J62: TOTAL GERAL | K62: =SUM(K59:K61) -> 0

Sheet 4 Camarote Imprensa
A1: COMPOSIÇÕES AUXILIARES
A2: 4 | B2: CAMAROTE IMPRENSA
A3: CPU-AX 19 | B3: ESTRUTURA, FECHAMENTO e PINTURA
A4: Item | B4: DISCRIMINAÇÃO | C4: MEMÓRIA DE CÁLCULO | G4: QUANT | H4: Unid | I4: Coef. | J4: VALOR (R$)dia | K4: TOTAL (R$)
C5: L (m) | D5: C (m) | E5: H(m) | F5: Área
A6: 1.1.1.1 | B6: Locação Estrutura Metálica - PAVILHÃO | C6: 15 | D6: 30 | F6: =C6*D6 -> 450 | G6: =F6 -> 450 | H6: m²/mês | I6: 0.7 | J6: =Insumos!D19 -> 0 | K6: =TRUNC(I6*G6*J6,2) -> 0
A7: 1.1.1.2 | B7: Locação Estrutura Metálica - COBERTA | C7: 15 | D7: 30 | F7: =C7*D7 -> 450 | G7: =F7 -> 450 | H7: m²/mês | I7: 0.7 | J7: =Insumos!D6 -> 0 | K7: =TRUNC(I7*G7*J7,2) -> 0
A8: 1.1.1.3 | B8: Locação Estrutura Metálica - PISO (hall) | C8: 5 | D8: 30 | F8: =C8*D8 -> 150 | G8: =F8 -> 150 | H8: m²/mês | I8: 0.7 | J8: =Insumos!D7 -> 0 | K8: =TRUNC(I8*G8*J8,2) -> 0
A9: 1.1.1.4 | B9: Locação Estrutura Metálica - PISO (piso 1) | C9: 10 | D9: 30 | F9: =C9*D9 -> 300 | G9: =F9 -> 300 | H9: m²/mês | I9: 0.7 | J9: =Insumos!D7 -> 0 | K9: =TRUNC(I9*G9*J9,2) -> 0
A10: 1.1.1.5 | B10: Locação Estrutura Metálica - PISO (piso 2) | C10: 8 | D10: 30 | F10: =C10*D10 -> 240 | G10: =F10 -> 240 | H10: m²/mês | I10: 0.7 | J10: =Insumos!D7 -> 0 | K10: =TRUNC(I10*G10*J10,2) -> 0
A11: 1.1.1.6 | B11: Locação estrutura Estande- PAINÉIS TS formicado (piso 1) | C11: 8 | D11: 30 | F11: =D11*C11 -> 240 | G11: =F11 -> 240 | H11: m²/mês | I11: 0.7 | J11: =Insumos!D24 -> 0 | K11: =TRUNC(I11*G11*J11,2) -> 0
A12: 1.1.1.7 | B12: Locação estrutura Estande- PAINÉIS TS formicado (piso 2) | C12: 5.5 | D12: 30 | F12: =D12*C12 -> 165 | G12: =F12 -> 165 | H12: m²/mês | I12: 0.7 | J12: =Insumos!D24 -> 0 | K12: =TRUNC(I12*G12*J12,2) -> 0
A13: 1.1.1.8 | B13: Locação Estrutura Metálica - TESTEIRA I | D13: 30 | E13: 2 | F13: =E13*D13 -> 60 | G13: =F13 -> 60 | H13: m²/mês | I13: 0.7 | J13: =Insumos!D11 -> 0 | K13: =TRUNC(I13*G13*J13,2) -> 0
A14: 1.1.1.9 | B14: Locação Estrutura Metálica - ESCADA | C14: 2 | D14: 10 | F14: =C14*D14 -> 20 | G14: =F14 -> 20 | H14: m²/mês | I14: 0.7 | J14: =Insumos!D9 -> 0 | K14: =TRUNC(I14*G14*J14,2) -> 0
A15: 1.1.1.10 | B15: Locação Estrutura Metálica - RAMPAS | C15: 2 | D15: =21+26.33 -> 47.33 | F15: =C15*D15 -> 94.66 | G15: =F15 -> 94.66 | H15: m²/mês | I15: 0.7 | J15: =Insumos!D10 -> 0 | K15: =TRUNC(I15*G15*J15,2) -> 0
A16: 1.1.1.11 | B16: Locação - GUARDA CORPO - Estrutura metalon + compensado | D16: =82+57+56+4.2+8.6 -> 207.8 | E16: 1.1 | F16: =E16*D16 -> 228.58 | G16: =F16 -> 228.58 | H16: m²/mês | I16: 0.7 | J16: =Insumos!D31 -> 0 | K16: =TRUNC(I16*G16*J16,2) -> 0
A17: 1.1.1.12 | B17: Serviço de PINTURA (Divisórias e Guarda-corpo) | F17: =F16 -> 228.58 | G17: =F17 -> 228.58 | H17: m²/mês | I17: 0.7 | J17: =Insumos!D33 -> 0 | K17: =TRUNC(I17*G17*J17,2) -> 0
A18: 1.1.1.13 | B18: Locação Estrutura Metálica - COBERTA (incluindo lona) - (WC) | C18: 10 | D18: 15 | F18: =D18*C18 -> 150 | G18: =F18 -> 150 | H18: m²/mês | I18: 0.7 | J18: =Insumos!D6 -> 0 | K18: =TRUNC(I18*G18*J18,2) -> 0
A19: 1.1.1.14 | B19: Locação Estrutura Metálica - PISO - (WC) | C19: 10 | D19: 15 | F19: =D19*C19 -> 150 | G19: =F19 -> 150 | H19: m²/mês | I19: 0.7 | J19: =Insumos!D7 -> 0 | K19: =TRUNC(I19*G19*J19,2) -> 0
A20: 1.1.1.15 | B20: Locação de FECHAMENTOS (módulos com 3,00m de altura com estruturação em metalon 30x20mm e fechamento total em chapa galvanizada n°16) | C20: =31.63+30.5+11.53 -> 73.66 | E20: 3 | F20: =E20*C20 -> 220.98 | G20: =F20 -> 220.98 | H20: m²/mês | I20: 0.7 | J20: =Insumos!D35 -> 0 | K20: =TRUNC(I20*G20*J20,2) -> 0
A21: 1.1.1.16 | B21: Locação de SPDA e Sistema de SEGURANÇA CONTRA INCÊNDIO E PÂNICO (pavimentos sobrepostos) | F21: =F8+F9+F10+F19 -> 840 | G21: =F21 -> 840 | H21: m²/mês | I21: 0.7 | J21: =Insumos!D28 -> 0 | K21: =TRUNC(I21*G21*J21,2) -> 0
J22: TOTAL GERAL | K22: =SUM(K6:K21) -> 0
A23: CPU-AX 20 | B23: EQUIPAMENTOS e FERRAMENTAS
A24: Item | B24: DISCRIMINAÇÃO | C24: MEMÓRIA DE CÁLCULO | G24: QUANT | H24: Unid | I24: Coef. | J24: VALOR (R$)dia | K24: TOTAL (R$)
A26: 1.1.1.17 | B26: Locação de Empilhadeira | G26: 10 | H26: diária | I26: =G26/SUM($G$26:$G$32) -> 0.041841004 | J26: =Insumos!D49 -> 0 | K26: =TRUNC(I26*G26*J26,2) -> 0
A27: 1.1.1.18 | B27: Locação de Caminhão Munck | G27: 10 | H27: diária | I27: =G27/SUM($G$26:$G$32) -> 0.041841004 | J27: =Insumos!D50 -> 0 | K27: =TRUNC(I27*G27*J27,2) -> 0
A28: 1.1.1.19 | B28: Locação de Talha elétrica | G28: 12 | H28: diária | I28: =G28/SUM($G$26:$G$32) -> 0.050209205 | J28: =Insumos!D51 -> 0 | K28: =TRUNC(I28*G28*J28,2) -> 0
A29: 1.1.1.20 | B29: Locação de Andaimes | G29: 100 | H29: m/mês | I29: =G29/SUM($G$26:$G$32) -> 0.41841004 | J29: =Insumos!D52 -> 0 | K29: =TRUNC(I29*G29*J29,2) -> 0
A30: 1.1.1.21 | B30: Locação de Plataformas de montagem | G30: 6 | H30: und/mês | I30: =G30/SUM($G$26:$G$32) -> 0.025104603 | J30: =Insumos!D53 -> 0 | K30: =TRUNC(I30*G30*J30,2) -> 0
A31: 1.1.1.22 | B31: Kit Ferramentas de fixação e montagem | G31: 100 | H31: kit/mês | I31: =G31/SUM($G$26:$G$32) -> 0.41841004 | J31: =Insumos!D54 -> 0 | K31: =TRUNC(I31*G31*J31,2) -> 0
A32: 1.1.1.23 | B32: Locação de Plataforma elevatória para PNE | G32: 1 | H32: und/mês | I32: 1 | J32: =Insumos!D55 -> 0 | K32: =TRUNC(I32*G32*J32,2) -> 0
J33: TOTAL GERAL | K33: =SUM(K26:K32) -> 0
A34: CPU-AX 21 | B34: MATERIAIS DE CONSUMO
A35: Item | B35: DISCRIMINAÇÃO | C35: MEMÓRIA DE CÁLCULO | G35: QUANT | H35: Unid | I35: Coef. | J35: VALOR (R$)dia | K35: TOTAL (R$)
A37: 1.1.1.24 | B37: Elementos de fixação (parafusos / cabo de aço / grampos) | G37: =G21/30 -> 28 | H37: Kg | I37: =G37/SUM($G$37:$G$48) -> 0.025683626 | J37: =Insumos!D58 -> 0 | K37: =TRUNC(I37*G37*J37,2) -> 0
A38: 1.1.1.25 | B38: Compensado resinado 12mm (chapas de 110x220cm) | G38: =G8+G19+G9+G10 -> 840 | H38: m² | I38: =G38/SUM($G$37:$G$48) -> 0.77050877 | J38: =Insumos!D69 -> 0 | K38: =TRUNC(I38*G38*J38,2) -> 0
A39: 1.1.1.26 | B39: Carpete 5mm | G39: =G8 -> 150 | H39: m² | I39: =G39/SUM($G$37:$G$48) -> 0.13759085 | J39: =Insumos!D59 -> 0 | K39: =TRUNC(G39*I39*J39,2) -> 0
A40: 1.1.1.27 | B40: Tinta acrílica | G40: =(G17+G20)*0.21/3.6/2 -> 13.112167 | H40: galão | I40: =G40/SUM($G$37:$G$48) -> 0.012027428 | J40: =Insumos!D60 -> 0 | K40: =TRUNC(I40*G40*J40,2) -> 0
A41: 1.1.1.28 | B41: Tinta esmalte sintético | G41: =G40 -> 13.112167 | H41: galão | I41: =G41/SUM($G$37:$G$48) -> 0.012027428 | J41: =Insumos!D61 -> 0 | K41: =TRUNC(I41*G41*J41,2) -> 0
A42: 1.1.1.29 | B42: Solvente / Aguaráz | G42: =G38*0.021 -> 17.64 | H42: L | I42: =G42/SUM($G$37:$G$48) -> 0.016180684 | J42: =Insumos!D62 -> 0 | K42: =TRUNC(I42*G42*J42,2) -> 0
A43: 1.1.1.30 | B43: Rolo de espuma 15cm | G43: 8 | H43: Unid | I43: =G43/SUM($G$37:$G$48) -> 0.0073381787 | J43: =Insumos!D63 -> 0 | K43: =TRUNC(I43*G43*J43,2) -> 0
A44: 1.1.1.31 | B44: Rolo de lã 23cm | G44: 4 | H44: Unid | I44: =G44/SUM($G$37:$G$48) -> 0.0036690894 | J44: =Insumos!D64 -> 0 | K44: =TRUNC(I44*G44*J44,2) -> 0
A45: 1.1.1.32 | B45: Trincha para pintura (2") | G45: 6 | H45: Unid | I45: =G45/SUM($G$37:$G$48) -> 0.0055036341 | J45: =Insumos!D65 -> 0 | K45: =TRUNC(I45*G45*J45,2) -> 0
A46: 1.1.1.33 | B46: Bucha de limpeza | G46: 4.65264 | H46: kg | I46: =G46/SUM($G$37:$G$48) -> 0.004267738 | J46: =Insumos!D66 -> 0 | K46: =TRUNC(I46*G46*J46,2) -> 0
A47: 1.1.1.34 | B47: Barbante | G47: 3.5448686 | H47: Rolo | I47: =G47/SUM($G$37:$G$48) -> 0.0032516099 | J47: =Insumos!D67 -> 0 | K47: =TRUNC(I47*G47*J47,2) -> 0
A48: 1.1.1.35 | B48: Abraçadeira Plástica (15 x 0,5cm a 50 x 1,3cm) 100und | G48: 2.1269211 | H48: pacote | I48: =G48/SUM($G$37:$G$48) -> 0.0019509659 | J48: =Insumos!D68 -> 0 | K48: =TRUNC(I48*G48*J48,2) -> 0
J49: TOTAL GERAL | K49: =SUM(K37:K48) -> 0
A50: CPU-AX 22 | B50: REFEIÇÃO
A51: Item | B51: DISCRIMINAÇÃO | C51: MEMÓRIA DE CÁLCULO | G51: QUANT | H51: Unid | I51: Coef. | J51: VALOR Unit. (R$) | K51: TOTAL (R$)
A53: 1.1.1.36 | B53: Refeição (café, almoço, jantar) | G53: 10 | H53: Diária | I53: 5 | J53: =Insumos!D75 -> 0 | K53: =TRUNC(I53*G53*J53,2) -> 0
J54: TOTAL GERAL | K54: =SUM(K53) -> 0
A55: CPU-AX 23 | B55: HOSPEDAGEM
A56: Item | B56: DISCRIMINAÇÃO | C56: MEMÓRIA DE CÁLCULO | G56: QUANT | H56: Unid | I56: Coef. | J56: VALOR Unit. (R$) | K56: TOTAL (R$)
A58: 1.1.1.37 | B58: Hospedagem em pousada (quarto duplo) | G58: 10 | H58: Diária | I58: 5 | J58: =Insumos!D78 -> 0 | K58: =TRUNC(I58*G58*J58,2) -> 0
J59: TOTAL GERAL | K59: =SUM(K58) -> 0
A60: CPU-AX 24 | B60: TRANSPORTE
A61: Item | B61: DISCRIMINAÇÃO | C61: MEMÓRIA DE CÁLCULO | G61: QUANT | H61: Unid | I61: Coef. | J61: VALOR Unit. (R$) | K61: TOTAL (R$)
A63: 1.1.1.38 | B63: Locação de Caminhão truck Bau 20 ton | G63: 5 | H63: Diária | I63: =G63/SUM($G$63:$G$65) -> 0.33333333 | J63: =Insumos!D81 -> 0 | K63: =TRUNC(I63*G63*J63,2) -> 0
A64: 1.1.1.39 | B64: Locação de Caminhão truck carroceria 20 ton | G64: 5 | H64: Diária | I64: =G64/SUM($G$63:$G$65) -> 0.33333333 | J64: =Insumos!D82 -> 0 | K64: =TRUNC(I64*G64*J64,2) -> 0
A65: 1.1.1.40 | B65: Locação de Caminhão tipo Bau 10 ton | G65: 5 | H65: Diária | I65: =G65/SUM($G$63:$G$65) -> 0.33333333 | J65: =Insumos!D83 -> 0 | K65: =TRUNC(I65*G65*J65,2) -> 0
J66: TOTAL GERAL | K66: =SUM(K63:K65) -> 0

Sheet 5 Pav. Praça Alimentação
A1: COMPOSIÇÕES AUXILIARES
A2: 5 | B2: PAVILHÃO PRAÇA DE ALIMENTAÇÃO
A3: CPU-AX 25 | B3: ESTRUTURA e FECHAMENTO
A4: Item | B4: DISCRIMINAÇÃO | C4: MEMÓRIA DE CÁLCULO | G4: QUANT | H4: Unid | I4: Coef. | J4: VALOR (R$) | K4: TOTAL (R$)
C5: L (m) | D5: C (m) | E5: H(m) | F5: Área
A6: 1.1.1.1 | B6: Locação Estrutura Metálica - PAVILHÃO | C6: 20 | D6: 50 | F6: =C6*D6 -> 1000 | G6: =F6 -> 1000 | H6: m²/mês | I6: 0.15 | J6: =Insumos!D19 -> 0 | K6: =TRUNC(G6*I6*J6,2) -> 0
A7: 1.1.1.2 | B7: Locação Estrutura Metálica - COBERTA | C7: 20 | D7: 50 | F7: =C7*D7 -> 1000 | G7: =F7 -> 1000 | H7: m²/mês | I7: 0.15 | J7: =Insumos!D6 -> 0 | K7: =TRUNC(G7*I7*J7,2) -> 0
A8: 1.1.1.3 | B8: Locação de SPDA e Sistema de SEGURANÇA CONTRA INCÊNDIO E PÂNICO (pavimento único) | F8: =F7 -> 1000 | G8: =F6 -> 1000 | H8: m²/mês | I8: 0.15 | J8: =Insumos!D27 -> 0 | K8: =TRUNC(G8*I8*J8,2) -> 0
J9: TOTAL GERAL | K9: =SUM(K6:K8) -> 0
A10: CPU-AX 26 | B10: EQUIPAMENTOS e FERRAMENTAS
A11: Item | B11: DISCRIMINAÇÃO | C11: MEMÓRIA DE CÁLCULO | G11: QUANT | H11: Unid | I11: Coef. | J11: VALOR (R$) | K11: TOTAL (R$)
A13: 1.1.1.4 | B13: Locação de Empilhadeira | G13: 5 | H13: Diária | I13: =G13/SUM($G$13:$G18) -> 0.022321429 | J13: =Insumos!D49 -> 0 | K13: =TRUNC(G13*I13*J13,2) -> 0
A14: 1.1.1.5 | B14: Locação de Caminhão Munck | G14: 5 | H14: Diária | I14: =G14/SUM($G$13:$G19) -> 0.022321429 | J14: =Insumos!D50 -> 0 | K14: =TRUNC(G14*I14*J14,2) -> 0
A15: 1.1.1.6 | B15: Locação de Talha elétrica | G15: 10 | H15: Diária | I15: =G15/SUM($G$13:$G20) -> 0.044642857 | J15: =Insumos!D51 -> 0 | K15: =TRUNC(G15*I15*J15,2) -> 0
A16: 1.1.1.7 | B16: Locação de Andaimes | G16: 100 | H16: m/mês | I16: =G16/SUM($G$13:$G21) -> 0.44642857 | J16: =Insumos!D52 -> 0 | K16: =TRUNC(G16*I16*J16,2) -> 0
A17: 1.1.1.8 | B17: Locação de Plataformas de montagem | G17: 4 | H17: und/mês | I17: =G17/SUM($G$13:$G22) -> 0.017857143 | J17: =Insumos!D53 -> 0 | K17: =TRUNC(G17*I17*J17,2) -> 0
A18: 1.1.1.9 | B18: Kit Ferramentas de fixação e montagem | G18: 100 | H18: kit/mês | I18: =G18/SUM($G$13:$G23) -> 0.38860104 | J18: =Insumos!D54 -> 0 | K18: =TRUNC(G18*I18*J18,2) -> 0
J19: TOTAL GERAL | K19: =SUM(K13:K18) -> 0
A20: CPU-AX 27 | B20: MATERIAIS DE CONSUMO
A21: Item | B21: DISCRIMINAÇÃO | C21: MEMÓRIA DE CÁLCULO | G21: QUANT | H21: Unid | I21: Coef. | J21: VALOR Unit. (R$) | K21: TOTAL (R$)
A23: 1.1.1.10 | B23: Elementos de fixação (parafusos / cabo de aço / grampos) | G23: =G8/30 -> 33.333333 | H23: Kg | I23: =G23/SUM($G$23:$G33) -> 0.16174375 | J23: =Insumos!D58 -> 0 | K23: =TRUNC(G23*I23*J23,2) -> 0
A24: 1.1.1.11 | B24: Compensado resinado 12mm (chapas de 110x220cm) | G24: 64 | H24: m² | I24: =G24/SUM($G$23:$G34) -> 0.310548 | J24: =Insumos!D69 -> 0 | K24: =TRUNC(G24*I24*J24,2) -> 0
A25: 1.1.1.12 | B25: Tinta acrílica | G25: 10 | H25: Galão | I25: =G25/SUM($G$23:$G35) -> 0.048523126 | J25: =Insumos!D60 -> 0 | K25: =TRUNC(G25*I25*J25,2) -> 0
A26: 1.1.1.13 | B26: Tinta esmalte sintético | G26: 10 | H26: Galão | I26: =G26/SUM($G$23:$G36) -> 0.048523126 | J26: =Insumos!D61 -> 0 | K26: =TRUNC(G26*I26*J26,2) -> 0
A27: 1.1.1.14 | B27: Solvente / Aguaráz | G27: 3.7539683 | H27: L | I27: =G27/SUM($G$23:$G37) -> 0.018215427 | J27: =Insumos!D62 -> 0 | K27: =TRUNC(G27*I27*J27,2) -> 0
A28: 1.1.1.15 | B28: Rolo de espuma 15cm | G28: 5 | H28: Unid | I28: =G28/SUM($G$23:$G38) -> 0.023575197 | J28: =Insumos!D63 -> 0 | K28: =TRUNC(G28*I28*J28,2) -> 0
A29: 1.1.1.16 | B29: Rolo de lã 23cm | G29: 5 | H29: Unid | I29: =G29/SUM($G$23:$G39) -> 0.023575197 | J29: =Insumos!D64 -> 0 | K29: =TRUNC(G29*I29*J29,2) -> 0
A30: 1.1.1.17 | B30: Trincha para pintura (2") | G30: 5 | H30: Unid | I30: =G30/SUM($G$23:$G40) -> 0.023575197 | J30: =Insumos!D65 -> 0 | K30: =TRUNC(G30*I30*J30,2) -> 0
A31: 1.1.1.18 | B31: Bucha de limpeza | G31: 10 | H31: Kg | I31: =G31/SUM($G$23:$G41) -> 0.047150395 | J31: =Insumos!D66 -> 0 | K31: =TRUNC(G31*I31*J31,2) -> 0
A32: 1.1.1.19 | B32: Barbante | G32: 10 | H32: Rolo | I32: =G32/SUM($G$23:$G42) -> 0.047150395 | J32: =Insumos!D67 -> 0 | K32: =TRUNC(G32*I32*J32,2) -> 0
A33: 1.1.1.20 | B33: Abraçadeira Plástica (15 x 0,5cm a 50 x 1,3cm) 100 und | G33: 50 | H33: pacote | I33: =G33/SUM($G$23:$G43) -> 0.22926598 | J33: =Insumos!D68 -> 0 | K33: =TRUNC(G33*I33*J33,2) -> 0
J34: TOTAL GERAL | K34: =SUM(K23:K33) -> 0
A35: CPU-AX 28 | B35: REFEIÇÃO
A36: Item | B36: DISCRIMINAÇÃO | C36: MEMÓRIA DE CÁLCULO | G36: QUANT | H36: Unid | I36: Coef. | J36: VALOR Unit. (R$) | K36: TOTAL (R$)
A38: 1.1.1.21 | B38: Refeição (café, almoço, jantar) | G38: 6 | H38: Diária | I38: 6 | J38: =Insumos!D75 -> 0 | K38: =TRUNC(G38*I38*J38,2) -> 0
J39: TOTAL GERAL | K39: =SUM(K38) -> 0
A40: CPU-AX 29 | B40: HOSPEDAGEM
A41: Item | B41: DISCRIMINAÇÃO | C41: MEMÓRIA DE CÁLCULO | G41: QUANT | H41: Unid | I41: Coef. | J41: VALOR Unit. (R$) | K41: TOTAL (R$)
A43: 1.1.1.22 | B43: Hospedagem | G43: 6 | H43: Diária | I43: 6 | J43: =Insumos!D78 -> 0 | K43: =TRUNC(G43*I43*J43,2) -> 0
J44: TOTAL GERAL | K44: =K43 -> 0
A45: CPU-AX 30 | B45: TRANSPORTE
A46: Item | B46: DISCRIMINAÇÃO | C46: MEMÓRIA DE CÁLCULO | G46: QUANT | H46: Unid | I46: Coef. | J46: VALOR Unit. (R$) | K46: TOTAL (R$)
A48: 1.1.1.23 | B48: Locação de Caminhão truck Bau 20 ton | G48: 2 | H48: Diária | I48: =G48/SUM($G$48:$G$50) -> 0.33333333 | J48: =Insumos!D81 -> 0 | K48: =TRUNC(G48*I48*J48,2) -> 0
A49: 1.1.1.24 | B49: Locação de Caminhão truck carroceria 20 ton | G49: 2 | H49: Diária | I49: =G49/SUM($G$48:$G$50) -> 0.33333333 | J49: =Insumos!D82 -> 0 | K49: =TRUNC(G49*I49*J49,2) -> 0
A50: 1.1.1.25 | B50: Locação de Caminhão tipo Bau 10 ton | G50: 2 | H50: Diária | I50: =G50/SUM($G$48:$G$50) -> 0.33333333 | J50: =Insumos!D83 -> 0 | K50: =TRUNC(G50*I50*J50,2) -> 0
J51: TOTAL GERAL | K51: =SUM(K48:K50) -> 0

Sheet 6 Palco Azulão
A1: COMPOSIÇÕES AUXILIARES
A2: 6 | B2: PALCO DE MÉDIO PORTE COM COMPLEMENTOS (AZULÃO)
A3: CPU-AX 31 | B3: ESTRUTURA e FECHAMENTO
A4: Item | B4: DISCRIMINAÇÃO | C4: MEMÓRIA DE CÁLCULO | G4: QUANT | H4: Unid | I4: Coef. | J4: VALOR (R$) | K4: TOTAL (R$)
C5: L (m) | D5: C (m) | E5: H(m) | F5: Área
A6: 1.1.1.1 | B6: Locação Estrutura Metálica - PALCO (incluindo lona) | C6: 10 | D6: 8 | F6: =C6*D6 -> 80 | G6: =F6 -> 80 | H6: m²/mês | I6: 1 | J6: =Insumos!D5 -> 0 | K6: =TRUNC(G6*I6*J6,2) -> 0
A7: 1.1.1.2 | B7: Locação Estrutura Metálica - COBERTA (incluindo lona) | C7: 15.05 | D7: 11.04 | F7: =C7*D7 -> 166.152 | G7: =F7 -> 166.152 | H7: m²/mês | I7: 1 | J7: =Insumos!D6 -> 0 | K7: =TRUNC(G7*I7*J7,2) -> 0
A8: 1.1.1.3 | B8: Locação Estrutura Metálica - PISO | C8: 15 | D8: =D7 -> 11.04 | F8: =C8*D8 -> 165.6 | G8: =F8 -> 165.6 | H8: m²/mês | I8: 1 | J8: =Insumos!D7 -> 0 | K8: =TRUNC(G8*I8*J8,2) -> 0
A9: 1.1.1.4 | B9: Locação Estrutura Metálica - TOLDO | C9: 12 | D9: 6 | E9: 2 | F9: =C9*D9*E9 -> 144 | G9: =F9 -> 144 | H9: m²/mês | I9: 1 | J9: =Insumos!D21 -> 0 | K9: =TRUNC(G9*I9*J9,2) -> 0
A10: 1.1.1.5 | B10: Locação Estrutura Metálica - CAMARINS (05 UNIDADES) | C10: 3 | D10: 3 | E10: 5 | F10: =C10*D10*E10 -> 45 | G10: =F10 -> 45 | H10: und/mês | I10: 1 | J10: =Insumos!D17 -> 0 | K10: =TRUNC(G10*I10*J10,2) -> 0
A11: 1.1.1.6 | B11: Locação de Aparelho de ar-condicionado Split 12.000BTU's | G11: 5 | H11: und/mês | I11: 1 | J11: =Insumos!D34 -> 0 | K11: =TRUNC(G11*I11*J11,2) -> 0
A12: 1.1.1.7 | B12: Locação Estrutura Metálica - TORRES PARA PA E TELA DE LED | C12: 1 | D12: 5 | E12: 2 | F12: =C12*D12*E12 -> 10 | G12: =F12 -> 10 | H12: m²/mês | I12: 1 | J12: =Insumos!D8 -> 0 | K12: =TRUNC(G12*I12*J12,2) -> 0
A13: 1.1.1.8 | B13: Locação Estrutura Metálica - HOUSE MIX | C13: 3 | D13: 3 | F13: =C13*D13 -> 9 | G13: =F13 -> 9 | H13: m²/mês | I13: 1 | J13: =Insumos!D18 -> 0 | K13: =TRUNC(G13*I13*J13,2) -> 0
A14: 1.1.1.9 | B14: Locação Estrutura Metálica - ESCADA | C14: 2 | D14: 2.5 | F14: =C14*D14 -> 5 | G14: =F14 -> 5 | H14: m²/mês | I14: 1 | J14: =Insumos!D9 -> 0 | K14: =TRUNC(G14*I14*J14,2) -> 0
A15: 1.1.1.10 | B15: Locação Estrutura Metálica - RAMPAS | C15: 1.5 | D15: =5+6.5+3.75+2.25 -> 17.5 | F15: =C15*D15 -> 26.25 | G15: =F15 -> 26.25 | H15: m²/mês | I15: 1 | J15: =Insumos!D10 -> 0 | K15: =TRUNC(G15*I15*J15,2) -> 0
A16: 1.1.1.11 | B16: Locação Estrutura Metálica - GUARDA CORPO | C16: =2.5+5+1.5+3.75+1.5+6.5 -> 20.75 | D16: 1.2 | E16: 2 | F16: =C16*D16*E16 -> 49.8 | G16: =F16 -> 49.8 | H16: m²/mês | I16: 1 | J16: =Insumos!D16 -> 0 | K16: =TRUNC(G16*I16*J16,2) -> 0
A17: 1.1.1.12 | B17: Locação de SPDA e Sistema de SEGURANÇA CONTRA INCÊNDIO E PÂNICO | F17: =F7+F9 -> 310.152 | G17: =F17 -> 310.152 | H17: m²/mês | I17: 1 | J17: =Insumos!D28 -> 0 | K17: =TRUNC(G17*I17*J17,2) -> 0
J18: TOTAL GERAL | K18: =SUM(K6:K17) -> 0
A19: CPU-AX 32 | B19: EQUIPAMENTOS e FERRAMENTAS
A20: Item | B20: DISCRIMINAÇÃO | C20: MEMÓRIA DE CÁLCULO | G20: QUANT | H20: Unid | I20: Coef. | J20: VALOR (R$) | K20: TOTAL (R$)
A22: 1.1.1.13 | B22: Locação de Empilhadeira | G22: 10 | H22: diária | I22: =G22/SUM($G$22:$G$27) -> 0.04 | J22: =Insumos!D49 -> 0 | K22: =TRUNC(G22*I22*J22,2) -> 0
A23: 1.1.1.14 | B23: Locação de Caminhão Munck | G23: 10 | H23: diária | I23: =G23/SUM($G$22:$G$27) -> 0.04 | J23: =Insumos!D50 -> 0 | K23: =TRUNC(G23*I23*J23,2) -> 0
A24: 1.1.1.15 | B24: Locação de Talha elétrica | G24: 20 | H24: diária | I24: =G24/SUM($G$22:$G$27) -> 0.08 | J24: =Insumos!D51 -> 0 | K24: =TRUNC(G24*I24*J24,2) -> 0
A25: 1.1.1.16 | B25: Locação de Andaimes | G25: 100 | H25: m/mês | I25: =G25/SUM($G$22:$G$27) -> 0.4 | J25: =Insumos!D52 -> 0 | K25: =TRUNC(G25*I25*J25,2) -> 0
A26: 1.1.1.17 | B26: Locação de Plataformas de montagem | G26: 10 | H26: und/mês | I26: =G26/SUM($G$22:$G$27) -> 0.04 | J26: =Insumos!D53 -> 0 | K26: =TRUNC(G26*I26*J26,2) -> 0
A27: 1.1.1.18 | B27: Kit Ferramentas de fixação e montagem | G27: 100 | H27: kit/mês | I27: =G27/SUM($G$22:$G$27) -> 0.4 | J27: =Insumos!D54 -> 0 | K27: =TRUNC(G27*I27*J27,2) -> 0
J28: TOTAL GERAL | K28: =SUM(K22:K27) -> 0
A29: CPU-AX 33 | B29: MATERIAIS DE CONSUMO
A30: Item | B30: DISCRIMINAÇÃO | C30: MEMÓRIA DE CÁLCULO | G30: QUANT | H30: Unid | I30: Coef. | J30: VALOR Unit. (R$) | K30: TOTAL (R$)
A32: 1.1.1.19 | B32: Elementos de fixação (parafusos / cabo de aço / grampos) | G32: =G17/60 -> 5.1692 | H32: Kg | I32: =G32/SUM($G$32:$G$43) -> 0.013124017 | J32: =Insumos!D58 -> 0 | K32: =TRUNC(G32*I32*J32,2) -> 0
A33: 1.1.1.20 | B33: Compensado resinado 12mm (chapas de 110x220cm) | G33: =G8 -> 165.6 | H33: m² | I33: =G33/SUM($G$32:$G$43) -> 0.42043976 | J33: =Insumos!D69 -> 0 | K33: =TRUNC(G33*I33*J33,2) -> 0
A34: 1.1.1.21 | B34: Carpete 5mm | G34: =G33 -> 165.6 | H34: m² | I34: =G34/SUM($G$32:$G$43) -> 0.42043976 | J34: =Insumos!D59 -> 0 | K34: =TRUNC(G34*I34*J34,2) -> 0
A35: 1.1.1.22 | B35: Tinta acrílica | G35: 13.141111 | H35: galão | I35: =G35/SUM($G$32:$G$43) -> 0.033363802 | J35: =Insumos!D60 -> 0 | K35: =TRUNC(G35*I35*J35,2) -> 0
A36: 1.1.1.23 | B36: Tinta esmalte sintético | G36: 9.3558333 | H36: galão | I36: =G36/SUM($G$32:$G$43) -> 0.023753408 | J36: =Insumos!D61 -> 0 | K36: =TRUNC(G36*I36*J36,2) -> 0
A37: 1.1.1.24 | B37: Solvente / Aguaráz | G37: 6.6827381 | H37: L | I37: =G37/SUM($G$32:$G$43) -> 0.01696672 | J37: =Insumos!D62 -> 0 | K37: =TRUNC(G37*I37*J37,2) -> 0
A38: 1.1.1.25 | B38: Rolo de espuma 15cm | G38: 8 | H38: Unid | I38: =G38/SUM($G$32:$G$43) -> 0.020311099 | J38: =Insumos!D63 -> 0 | K38: =TRUNC(G38*I38*J38,2) -> 0
A39: 1.1.1.26 | B39: Rolo de lã 23cm | G39: 4 | H39: Unid | I39: =G39/SUM($G$32:$G$43) -> 0.01015555 | J39: =Insumos!D64 -> 0 | K39: =TRUNC(G39*I39*J39,2) -> 0
A40: 1.1.1.27 | B40: Trincha para pintura (2") | G40: 6 | H40: Unid | I40: =G40/SUM($G$32:$G$43) -> 0.015233325 | J40: =Insumos!D65 -> 0 | K40: =TRUNC(G40*I40*J40,2) -> 0
A41: 1.1.1.28 | B41: Bucha de limpeza | G41: 4.65264 | H41: kg | I41: =G41/SUM($G$32:$G$43) -> 0.011812529 | J41: =Insumos!D66 -> 0 | K41: =TRUNC(G41*I41*J41,2) -> 0
A42: 1.1.1.29 | B42: Barbante | G42: 3.5448686 | H42: Rolo | I42: =G42/SUM($G$32:$G$43) -> 0.0090000222 | J42: =Insumos!D67 -> 0 | K42: =TRUNC(G42*I42*J42,2) -> 0
A43: 1.1.1.30 | B43: Abraçadeira Plástica (15 x 0,5cm a 50 x 1,3cm) 100und | G43: 2.1269211 | H43: pacote | I43: =G43/SUM($G$32:$G$43) -> 0.0054000133 | J43: =Insumos!D68 -> 0 | K43: =TRUNC(G43*I43*J43,2) -> 0
J44: TOTAL GERAL | K44: =SUM(K32:K43) -> 0
A45: CPU-AX 34 | B45: REFEIÇÃO
A46: Item | B46: DISCRIMINAÇÃO | C46: MEMÓRIA DE CÁLCULO | G46: QUANT | H46: Unid | I46: Coef. | J46: VALOR Unit. (R$) | K46: TOTAL (R$)
A48: 1.1.1.31 | B48: Refeição (café, almoço, jantar) | G48: 20 | H48: Diária | I48: 1 | J48: =Insumos!D75 -> 0 | K48: =TRUNC(G48*I48*J48,2) -> 0
J49: TOTAL GERAL | K49: =SUM(K48) -> 0
A50: CPU-AX 35 | B50: HOSPEDAGEM
A51: Item | B51: DISCRIMINAÇÃO | C51: MEMÓRIA DE CÁLCULO | G51: QUANT | H51: Unid | I51: Coef. | J51: VALOR Unit. (R$) | K51: TOTAL (R$)
A53: 1.1.1.32 | B53: Hospedagem em pousada (quarto duplo) | G53: 20 | H53: Diária | I53: 1 | J53: =Insumos!D78 -> 0 | K53: =TRUNC(G53*I53*J53,2) -> 0
J54: TOTAL GERAL | K54: =SUM(K53) -> 0
A55: CPU-AX 36 | B55: TRANSPORTE
A56: Item | B56: DISCRIMINAÇÃO | C56: MEMÓRIA DE CÁLCULO | G56: QUANT | H56: Unid | I56: Coef. | J56: VALOR Unit. (R$) | K56: TOTAL (R$)
A58: 1.1.1.33 | B58: Locação de Caminhão truck Bau 20 ton | G58: 5 | H58: Diária | I58: =G58/SUM($G$58:$G$60) -> 0.33333333 | J58: =Insumos!D81 -> 0 | K58: =TRUNC(G58*I58*J58,2) -> 0
A59: 1.1.1.34 | B59: Locação de Caminhão truck carroceria 20 ton | G59: 5 | H59: Diária | I59: =G59/SUM($G$58:$G$60) -> 0.33333333 | J59: =Insumos!D82 -> 0 | K59: =TRUNC(G59*I59*J59,2) -> 0
A60: 1.1.1.35 | B60: Locação de Caminhão tipo Bau 10 ton | G60: 5 | H60: Diária | I60: =G60/SUM($G$58:$G$60) -> 0.33333333 | J60: =Insumos!D83 -> 0 | K60: =TRUNC(G60*I60*J60,2) -> 0
J61: TOTAL GERAL | K61: =SUM(K58:K60) -> 0

Sheet 7 Pavilhão Mestre Camarão
A1: COMPOSIÇÕES AUXILIARES
A2: 7 | B2: PAVILHÃO MESTRE CAMARÃO
A3: CPU-AX 37 | B3: ESTRUTURA e FECHAMENTO
A4: Item | B4: DISCRIMINAÇÃO | C4: MEMÓRIA DE CÁLCULO | G4: QUANT | H4: Unid | I4: Coef. | J4: VALOR (R$) | K4: TOTAL (R$)
C5: L (m) | D5: C (m) | E5: H(m) | F5: Área
A6: 1.1.1.1 | B6: Locação Estrutura Metálica - PAVILHÃO (centro) | C6: 30 | D6: 45 | F6: =C6*D6 -> 1350 | G6: =F6 -> 1350 | H6: m²/mês | I6: 0.3 | J6: =Insumos!D19 -> 0 | K6: =TRUNC(G6*I6*J6,2) -> 0
A7: 1.1.1.2 | B7: Locação Estrutura Metálica - PAVILHÃO (lateral) | C7: 10 | D7: 30 | F7: =C7*D7 -> 300 | G7: =F7 -> 300 | H7: m²/mês | I7: 0.3 | J7: =Insumos!D19 -> 0 | K7: =TRUNC(G7*I7*J7,2) -> 0
A8: 1.1.1.2 | B8: Locação Estrutura Metálica - PAVILHÃO (fundos food truck) | C8: 30 | D8: 3.25 | F8: =C8*D8 -> 97.5 | G8: =F8 -> 97.5 | H8: m²/mês | I8: 0.3 | J8: =Insumos!D19 -> 0 | K8: =TRUNC(G8*I8*J8,2) -> 0
A9: 1.1.1.3 | B9: Locação Estrutura Metálica - PAVILHÃO (camarim) | C9: 6 | D9: 15 | F9: =C9*D9 -> 90 | G9: =F9 -> 90 | H9: m²/mês | I9: 0.3 | J9: =Insumos!D19 -> 0 | K9: =TRUNC(G9*I9*J9,2) -> 0
A10: 1.1.1.4 | B10: Locação Estrutura Metálica - PALCO | C10: 10 | D10: 6 | F10: =D10*C10 -> 60 | G10: =F10 -> 60 | H10: m²/mês | I10: 0.3 | J10: =Insumos!D5 -> 0 | K10: =TRUNC(G10*I10*J10,2) -> 0
A11: 1.1.1.5 | B11: Locação Estrutura Metálica - PISO | C11: 17.18 | D11: 4.55 | F11: =D11*C11 -> 78.169 | G11: =F11 -> 78.169 | H11: m²/mês | I11: 0.3 | J11: =Insumos!D7 -> 0 | K11: =TRUNC(G11*I11*J11,2) -> 0
A12: 1.1.1.6 | B12: Locação Estrutura Metálica - CAMARIN / APOIO | C12: 3 | D12: 3 | E12: 3 | F12: =D12*C12*E12 -> 27 | G12: =F12 -> 27 | H12: m²/mês | I12: 0.3 | J12: =Insumos!D19 -> 0 | K12: =TRUNC(G12*I12*J12,2) -> 0
A13: 1.1.1.7 | B13: Locação de Aparelho de ar-condicionado Split 12.000BTU's | F13: 3 | G13: =F13 -> 3 | H13: und/mês | I13: 0.3 | J13: =Insumos!D34 -> 0 | K13: =TRUNC(G13*I13*J13,2) -> 0
A14: 1.1.1.8 | B14: Locação Estrutura Metálica - ESCADA | C14: 1.5 | D14: 1.8 | F14: =C14*D14 -> 2.7 | G14: =F14 -> 2.7 | H14: m²/mês | I14: 0.3 | J14: =Insumos!D9 -> 0 | K14: =TRUNC(G14*I14*J14,2) -> 0
A15: 1.1.1.9 | B15: Locação Estrutura Metálica - GUARDA CORPO | C15: 1.8 | D15: 2 | E15: 1.1 | F15: =C15*D15*E15 -> 3.96 | G15: =F15 -> 3.96 | H15: m²/mês | I15: 0.3 | J15: =Insumos!D16 -> 0 | K15: =TRUNC(G15*I15*J15,2) -> 0
A16: 1.1.1.10 | B16: Locação Estrutura Metálica - AVANCÊ (acesso palco) | C16: 2 | D16: 2 | E16: 2 | F16: =C16*D16*E16 -> 8 | G16: =F16 -> 8 | H16: m²/mês | I16: 0.3 | J16: =Insumos!D14 -> 0 | K16: =TRUNC(G16*I16*J16,2) -> 0
A17: 1.1.1.11 | B17: Locação Estrutura Metálica - TORRES PARA PA E TELA DE LED | C17: 13.2 | D17: 2 | E17: 5.6 | F17: =C17*D17*E17 -> 147.84 | G17: =F17 -> 147.84 | H17: m²/mês | I17: 0.3 | J17: =Insumos!D8 -> 0 | K17: =TRUNC(G17*I17*J17,2) -> 0
A18: 1.1.1.12 | B18: Locação Estrutura Metálica - HOUSE MIX | C18: 4 | D18: 4 | F18: =C18*D18 -> 16 | G18: =F18 -> 16 | H18: m²/mês | I18: 0.3 | J18: =Insumos!D18 -> 0 | K18: =TRUNC(G18*I18*J18,2) -> 0
A19: 1.1.1.13 | B19: Locação de SPDA e Sistema de SEGURANÇA CONTRA INCÊNDIO E PÂNICO (pavimento único) | F19: =F6+F8+F9+F7 -> 1837.5 | G19: =F19 -> 1837.5 | H19: m²/mês | I19: 0.3 | J19: =Insumos!D27 -> 0 | K19: =TRUNC(G19*I19*J19,2) -> 0
J20: TOTAL GERAL | K20: =SUM(K6:K19) -> 0
A21: CPU-AX 38 | B21: EQUIPAMENTOS e FERRAMENTAS
A22: Item | B22: DISCRIMINAÇÃO | C22: MEMÓRIA DE CÁLCULO | G22: QUANT | H22: Unid | I22: Coef. | J22: VALOR (R$) | K22: TOTAL (R$)
A24: 1.1.1.14 | B24: Locação de Empilhadeira | G24: 4 | H24: Diária | I24: =G24/SUM($G$24:$G$29) -> 0.097560976 | J24: =Insumos!D49 -> 0 | K24: =TRUNC(G24*I24*J24,2) -> 0
A25: 1.1.1.15 | B25: Locação de Caminhão Munck | G25: 2 | H25: Diária | I25: =G25/SUM($G$24:$G$29) -> 0.048780488 | J25: =Insumos!D50 -> 0 | K25: =TRUNC(G25*I25*J25,2) -> 0
A26: 1.1.1.16 | B26: Locação de Talha elétrica | G26: 6 | H26: Diária | I26: =G26/SUM($G$24:$G$29) -> 0.14634146 | J26: =Insumos!D51 -> 0 | K26: =TRUNC(G26*I26*J26,2) -> 0
A27: 1.1.1.17 | B27: Locação de Andaimes | G27: 18 | H27: m/mês | I27: =G27/SUM($G$24:$G$29) -> 0.43902439 | J27: =Insumos!D52 -> 0 | K27: =TRUNC(G27*I27*J27,2) -> 0
A28: 1.1.1.18 | B28: Locação de Plataformas de montagem | G28: 5 | H28: und/mês | I28: =G28/SUM($G$24:$G$29) -> 0.12195122 | J28: =Insumos!D53 -> 0 | K28: =TRUNC(G28*I28*J28,2) -> 0
A29: 1.1.1.19 | B29: Kit Ferramentas de fixação e montagem | G29: 6 | H29: kit/mês | I29: =G29/SUM($G$24:$G$29) -> 0.14634146 | J29: =Insumos!D54 -> 0 | K29: =TRUNC(G29*I29*J29,2) -> 0
J30: TOTAL GERAL | K30: =SUM(K24:K29) -> 0
A31: CPU-AX 39 | B31: MATERIAIS DE CONSUMO
A32: Item | B32: DISCRIMINAÇÃO | C32: MEMÓRIA DE CÁLCULO | G32: QUANT | H32: Unid | I32: Coef. | J32: VALOR Unit. (R$) | K32: TOTAL (R$)
A34: 1.1.1.20 | B34: Elementos de fixação (parafusos / cabo de aço / grampos) | G34: =G19/60 -> 30.625 | H34: Kg | I34: =G34/SUM($G$34:$G$44) -> 0.20594241 | J34: =Insumos!D58 -> 0 | K34: =TRUNC(G34*I34*J34,2) -> 0
A35: 1.1.1.21 | B35: Compensado resinado 12mm (chapas de 110x220cm) | G35: =F11 -> 78.169 | H35: m² | I35: =G35/SUM($G$34:$G$44) -> 0.52565917 | J35: =Insumos!D69 -> 0 | K35: =TRUNC(G35*I35*J35,2) -> 0
A36: 1.1.1.22 | B36: Tinta acrílica | G36: =(G35*0.08)/3.6 -> 1.7370889 | H36: Galão | I36: =G36/SUM($G$34:$G$44) -> 0.011681315 | J36: =Insumos!D60 -> 0 | K36: =TRUNC(G36*I36*J36,2) -> 0
A37: 1.1.1.23 | B37: Tinta esmalte sintético | G37: =((G19-G35)/3*0.06)/3.6 -> 9.7740611 | H37: Galão | I37: =G37/SUM($G$34:$G$44) -> 0.065727141 | J37: =Insumos!D61 -> 0 | K37: =TRUNC(G37*I37*J37,2) -> 0
A38: 1.1.1.24 | B38: Solvente / Aguaráz | G38: =G37/1.4 -> 6.9814722 | H38: L | I38: =G38/SUM($G$34:$G$44) -> 0.046947958 | J38: =Insumos!D62 -> 0 | K38: =TRUNC(G38*I38*J38,2) -> 0
A39: 1.1.1.25 | B39: Rolo de espuma 15cm | G39: 6 | H39: Unid | I39: =G39/SUM($G$34:$G$44) -> 0.040347901 | J39: =Insumos!D63 -> 0 | K39: =TRUNC(G39*I39*J39,2) -> 0
A40: 1.1.1.26 | B40: Rolo de lã 23cm | G40: 2 | H40: Unid | I40: =G40/SUM($G$34:$G$44) -> 0.0134493 | J40: =Insumos!D64 -> 0 | K40: =TRUNC(G40*I40*J40,2) -> 0
A41: 1.1.1.27 | B41: Trincha para pintura (2") | G41: 4 | H41: Unid | I41: =G41/SUM($G$34:$G$44) -> 0.0268986 | J41: =Insumos!D65 -> 0 | K41: =TRUNC(G41*I41*J41,2) -> 0
A42: 1.1.1.28 | B42: Bucha de limpeza | G42: 3.25 | H42: Kg | I42: =G42/SUM($G$34:$G$44) -> 0.021855113 | J42: =Insumos!D66 -> 0 | K42: =TRUNC(G42*I42*J42,2) -> 0
A43: 1.1.1.29 | B43: Barbante | G43: 4.05 | H43: Rolo | I43: =G43/SUM($G$34:$G$44) -> 0.027234833 | J43: =Insumos!D67 -> 0 | K43: =TRUNC(G43*I43*J43,2) -> 0
A44: 1.1.1.30 | B44: Abraçadeira Plástica (15 x 0,5cm a 50 x 1,3cm) 100 und | G44: 2.12 | H44: pacote | I44: =G44/SUM($G$34:$G$44) -> 0.014256258 | J44: =Insumos!D68 -> 0 | K44: =TRUNC(G44*I44*J44,2) -> 0
J45: TOTAL GERAL | K45: =SUM(K34:K44) -> 0
A46: CPU-AX 40 | B46: REFEIÇÃO
A47: Item | B47: DISCRIMINAÇÃO | C47: MEMÓRIA DE CÁLCULO | G47: QUANT | H47: Unid | I47: Coef. | J47: VALOR Unit. (R$) | K47: TOTAL (R$)
A49: 1.1.1.31 | B49: Refeição (café, almoço, jantar) | G49: 5 | H49: Diária | I49: 1 | J49: =Insumos!D75 -> 0 | K49: =TRUNC(G49*I49*J49,2) -> 0
J50: TOTAL GERAL | K50: =SUM(K49) -> 0
A51: CPU-AX 41 | B51: HOSPEDAGEM
A52: Item | B52: DISCRIMINAÇÃO | C52: MEMÓRIA DE CÁLCULO | G52: QUANT | H52: Unid | I52: Coef. | J52: VALOR Unit. (R$) | K52: TOTAL (R$)
A54: 1.1.1.32 | B54: Hospedagem em pousada simples (quarto duplo) | G54: 5 | H54: Diária | I54: 1 | J54: =Insumos!D78 -> 0 | K54: =TRUNC(G54*I54*J54,2) -> 0
J55: TOTAL GERAL | K55: =K54 -> 0
A56: CPU-AX 42 | B56: TRANSPORTE
A57: Item | B57: DISCRIMINAÇÃO | C57: MEMÓRIA DE CÁLCULO | G57: QUANT | H57: Unid | I57: Coef. | J57: VALOR Unit. (R$) | K57: TOTAL (R$)
A59: 1.1.1.33 | B59: Locação de Caminhão truck Bau 20 ton | G59: 2 | H59: Diária | I59: =G59/SUM($G$59:$G$61) -> 0.33333333 | J59: =Insumos!D81 -> 0 | K59: =TRUNC(G59*I59*J59,2) -> 0
A60: 1.1.1.34 | B60: Locação de Caminhão truck carroceria 20 ton | G60: 2 | H60: Diária | I60: =G60/SUM($G$59:$G$61) -> 0.33333333 | J60: =Insumos!D82 -> 0 | K60: =TRUNC(G60*I60*J60,2) -> 0
A61: 1.1.1.35 | B61: Locação de Caminhão tipo Bau 10 ton | G61: 2 | H61: Diária | I61: =G61/SUM($G$59:$G$61) -> 0.33333333 | J61: =Insumos!D83 -> 0 | K61: =TRUNC(G61*I61*J61,2) -> 0
J62: TOTAL GERAL | K62: =SUM(K59:K61) -> 0

Sheet 8 Pavilhão Locomotiva
A1: COMPOSIÇÕES AUXILIARES
A2: 8 | B2: PAVILHÃO LOCOMOTIVA
A3: CPU-AX 43 | B3: ESTRUTURA e FECHAMENTO
A4: Item | B4: DISCRIMINAÇÃO | C4: MEMÓRIA DE CÁLCULO | G4: QUANT | H4: Unid | I4: Coef. | J4: VALOR (R$) | K4: TOTAL (R$)
C5: L (m) | D5: C (m) | E5: H(m) | F5: Área
A6: 1.1.1.1 | B6: Locação de Container marítmo tipo pavilhão (frente e laterais abertas) | C6: 4 | F6: =C6*D6*E6 -> 0 | G6: =C6 -> 4 | H6: m²/mês | I6: 1 | J6: =Insumos!D45 -> 0 | K6: =TRUNC(G6*I6*J6,2) -> 0
A7: 1.1.1.2 | B7: Blocos de elevação em concreto armado com altura de 0,80m, com capacidade de carga individual de 1,5 Tonelada | E7: =4*6 -> 24 | G7: =E7 -> 24 | H7: und | I7: =$I$6 -> 1 | J7: =Insumos!D25 -> 0 | K7: =TRUNC(G7*I7*J7,2) -> 0
A8: 1.1.1.3 | B8: Locação Estrutura Metálica - RAMPAS com GUARDA-CORPO | C8: 1.2 | D8: 4 | E8: =2*C6 -> 8 | F8: =C8*D8*E8 -> 38.4 | G8: =F8 -> 38.4 | H8: m²/mês | I8: =$I$6 -> 1 | J8: =Insumos!D16 -> 0 | K8: =TRUNC(G8*I8*J8,2) -> 0
A9: 1.1.1.4 | B9: Locação de Estrutura Metálica - PASSARELA entre vagões, com guarda corpo | C9: 1.5 | D9: 1.6 | E9: 3 | F9: =C9*D9*E9 -> 7.2 | G9: =F9 -> 7.2 | H9: m²/mês | I9: =$I$6 -> 1 | J9: =Insumos!D16 -> 0 | K9: =TRUNC(G9*I9*J9,2) -> 0
A10: 1.1.1.5 | B10: Locação de Estrutura Metálica - ESCADA 5 degraus com guarda corpo e acabamento em madeira | C10: 1.2 | D10: 1.5 | E10: 4 | F10: =C10*D10*E10 -> 7.2 | G10: =F10 -> 7.2 | H10: m²/mês | I10: =$I$6 -> 1 | J10: =Insumos!D8 -> 0 | K10: =TRUNC(G10*I10*J10,2) -> 0
A11: 1.1.1.6 | B11: Locação de SPDA e Sistema de SEGURANÇA CONTRA INCÊNDIO E PÂNICO (pavimento único) | C11: 2.5 | D11: 6 | F11: =D11*C11 -> 15 | G11: =F11 -> 15 | H11: m²/mês | I11: =$I$6 -> 1 | J11: =Insumos!D27 -> 0 | K11: =TRUNC(G11*I11*J11,2) -> 0
J12: TOTAL GERAL | K12: =SUM(K6:K11) -> 0
A13: CPU-AX 44 | B13: EQUIPAMENTOS e FERRAMENTAS
A14: Item | B14: DISCRIMINAÇÃO | C14: MEMÓRIA DE CÁLCULO | G14: QUANT | H14: Unid | I14: Coef. | J14: VALOR (R$) | K14: TOTAL (R$)
A16: 1.1.1.7 | B16: Locação de Empilhadeira | G16: 4 | H16: Diária | I16: =G16/SUM($G$17:$G$21) -> 0.095238095 | J16: =Insumos!D49 -> 0 | K16: =TRUNC(G16*I16*J16,2) -> 0
A17: 1.1.1.8 | B17: Locação de Caminhão Munck | G17: 4 | H17: Diária | I17: =G17/SUM($G$17:$G$21) -> 0.095238095 | J17: =Insumos!D50 -> 0 | K17: =TRUNC(G17*I17*J17,2) -> 0
A18: 1.1.1.9 | B18: Locação de Talha elétrica | G18: 6 | H18: Diária | I18: =G18/SUM($G$17:$G$21) -> 0.14285714 | J18: =Insumos!D51 -> 0 | K18: =TRUNC(G18*I18*J18,2) -> 0
A19: 1.1.1.10 | B19: Locação de Andaimes | G19: 20 | H19: m/mês | I19: =G19/SUM($G$17:$G$21) -> 0.47619048 | J19: =Insumos!D52 -> 0 | K19: =TRUNC(G19*I19*J19,2) -> 0
A20: 1.1.1.11 | B20: Locação de Plataformas de montagem | G20: 2 | H20: und/mês | I20: =G20/SUM($G$17:$G$21) -> 0.047619048 | J20: =Insumos!D53 -> 0 | K20: =TRUNC(G20*I20*J20,2) -> 0
A21: 1.1.1.12 | B21: Kit Ferramentas de fixação e montagem | G21: 10 | H21: kit/mês | I21: =G21/SUM($G$17:$G$21) -> 0.23809524 | J21: =Insumos!D54 -> 0 | K21: =TRUNC(G21*I21*J21,2) -> 0
J22: TOTAL GERAL | K22: =SUM(K16:K21) -> 0
A23: CPU-AX 45 | B23: MATERIAIS DE CONSUMO
A24: Item | B24: DISCRIMINAÇÃO | C24: MEMÓRIA DE CÁLCULO | G24: QUANT | H24: Unid | I24: Coef. | J24: VALOR Unit. (R$) | K24: TOTAL (R$)
A26: 1.1.1.13 | B26: Elementos de fixação (parafusos / cabo de aço / grampos) | G26: =G11/30 -> 0.5 | H26: Kg | I26: =G26/SUM($G$26:$G$36) -> 0.010245435 | J26: =Insumos!D58 -> 0 | K26: =TRUNC(G26*I26*J26,2) -> 0
A27: 1.1.1.14 | B27: Compensado resinado 12mm (chapas de 110x220cm) | G27: =G6 -> 4 | H27: m² | I27: =G27/SUM($G$26:$G$36) -> 0.081963481 | J27: =Insumos!D69 -> 0 | K27: =TRUNC(G27*I27*J27,2) -> 0
A28: 1.1.1.15 | B28: Tinta acrílica | G28: =G27*0.2/3.6/2 -> 0.11111111 | H28: Galão | I28: =G28/SUM($G$26:$G$36) -> 0.0022767634 | J28: =Insumos!D60 -> 0 | K28: =TRUNC(G28*I28*J28,2) -> 0
A29: 1.1.1.16 | B29: Tinta esmalte sintético | G29: =G28 -> 0.11111111 | H29: Galão | I29: =G29/SUM($G$26:$G$36) -> 0.0022767634 | J29: =Insumos!D61 -> 0 | K29: =TRUNC(G29*I29*J29,2) -> 0
A30: 1.1.1.17 | B30: Solvente / Aguaráz | G30: =G27*0.02 -> 0.08 | H30: L | I30: =G30/SUM($G$26:$G$36) -> 0.0016392696 | J30: =Insumos!D62 -> 0 | K30: =TRUNC(G30*I30*J30,2) -> 0
A31: 1.1.1.18 | B31: Rolo de espuma 15cm | G31: 8 | H31: Unid | I31: =G31/SUM($G$26:$G$36) -> 0.16392696 | J31: =Insumos!D63 -> 0 | K31: =TRUNC(G31*I31*J31,2) -> 0
A32: 1.1.1.19 | B32: Rolo de lã 23cm | G32: 8 | H32: Unid | I32: =G32/SUM($G$26:$G$36) -> 0.16392696 | J32: =Insumos!D64 -> 0 | K32: =TRUNC(G32*I32*J32,2) -> 0
A33: 1.1.1.20 | B33: Trincha para pintura (2") | G33: 8 | H33: Unid | I33: =G33/SUM($G$26:$G$36) -> 0.16392696 | J33: =Insumos!D65 -> 0 | K33: =TRUNC(G33*I33*J33,2) -> 0
A34: 1.1.1.21 | B34: Bucha de limpeza | G34: 8 | H34: Kg | I34: =G34/SUM($G$26:$G$36) -> 0.16392696 | J34: =Insumos!D66 -> 0 | K34: =TRUNC(G34*I34*J34,2) -> 0
A35: 1.1.1.22 | B35: Barbante | G35: 4 | H35: Rolo | I35: =G35/SUM($G$26:$G$36) -> 0.081963481 | J35: =Insumos!D67 -> 0 | K35: =TRUNC(G35*I35*J35,2) -> 0
A36: 1.1.1.23 | B36: Abraçadeira Plástica (15 x 0,5cm a 50 x 1,3cm) 100 und | G36: 8 | H36: pacote | I36: =G36/SUM($G$26:$G$36) -> 0.16392696 | J36: =Insumos!D68 -> 0 | K36: =TRUNC(G36*I36*J36,2) -> 0
J37: TOTAL GERAL | K37: =SUM(K26:K36) -> 0
A38: CPU-AX 46 | B38: REFEIÇÃO
A39: Item | B39: DISCRIMINAÇÃO | C39: MEMÓRIA DE CÁLCULO | G39: QUANT | H39: Unid | I39: Coef. | J39: VALOR Unit. (R$) | K39: TOTAL (R$)
A41: 1.1.1.24 | B41: Refeição (café, almoço, jantar) | G41: 4 | H41: Diária | I41: 1 | J41: =Insumos!D75 -> 0 | K41: =TRUNC(G41*I41*J41,2) -> 0
J42: TOTAL GERAL | K42: =SUM(K41) -> 0
A43: CPU-AX 47 | B43: HOSPEDAGEM
A44: Item | B44: DISCRIMINAÇÃO | C44: MEMÓRIA DE CÁLCULO | G44: QUANT | H44: Unid | I44: Coef. | J44: VALOR Unit. (R$) | K44: TOTAL (R$)
A46: 1.1.1.25 | B46: Hospedagem em pousada simples (quarto duplo) | G46: 4 | H46: Diária | I46: 1 | J46: =Insumos!D78 -> 0 | K46: =TRUNC(G46*I46*J46,2) -> 0
J47: TOTAL GERAL | K47: =K46 -> 0
A48: CPU-AX 48 | B48: TRANSPORTE
A49: Item | B49: DISCRIMINAÇÃO | C49: MEMÓRIA DE CÁLCULO | G49: QUANT | H49: Unid | I49: Coef. | J49: VALOR Unit. (R$) | K49: TOTAL (R$)
A51: 1.1.1.26 | B51: Locação de Caminhão truck Bau 20 ton | G51: 2 | H51: Diária | I51: =G51/SUM($G$51:$G$53) -> 0.33333333 | J51: =Insumos!D81 -> 0 | K51: =TRUNC(G51*I51*J51,2) -> 0
A52: 1.1.1.27 | B52: Locação de Caminhão truck carroceria 20 ton | G52: 2 | H52: Diária | I52: =G52/SUM($G$51:$G$53) -> 0.33333333 | J52: =Insumos!D82 -> 0 | K52: =TRUNC(G52*I52*J52,2) -> 0
A53: 1.1.1.28 | B53: Locação de Caminhão tipo Bau 10 ton | G53: 2 | H53: Diária | I53: =G53/SUM($G$51:$G$53) -> 0.33333333 | J53: =Insumos!D83 -> 0 | K53: =TRUNC(G53*I53*J53,2) -> 0
J54: TOTAL GERAL | K54: =SUM(K51:K53) -> 0

Sheet 9 Pav. Repente
A1: COMPOSIÇÕES AUXILIARES
A2: 9 | B2: PAVILHÃO REPENTE e CASA DO FORRÓ
A3: CPU-AX 49 | B3: ESTRUTURA e FECHAMENTO
A4: Item | B4: DISCRIMINAÇÃO | C4: MEMÓRIA DE CÁLCULO | G4: QUANT | H4: Unid | I4: Coef. | J4: VALOR (R$) | K4: TOTAL (R$)
C5: L (m) | D5: C (m) | E5: H(m) | F5: Área
A6: 1.1.1.1 | B6: Locação Estrutura Metálica - PAVILHÃO | C6: 10.6 | D6: 25.3 | F6: =C6*D6 -> 268.18 | G6: =F6 -> 268.18 | H6: m²/mês | I6: 0.3 | J6: =Insumos!D19 -> 0 | K6: =TRUNC(G6*I6*J6,2) -> 0
A7: 1.1.1.2 | B7: Locação Estrutura Metálica - PALCO | C7: 8 | D7: 3 | F7: =C7*D7 -> 24 | G7: =F7 -> 24 | H7: m²/mês | I7: 0.3 | J7: =Insumos!D5 -> 0 | K7: =TRUNC(G7*I7*J7,2) -> 0
A8: 1.1.1.3 | B8: Locação Estrutura Metálica - COBERTA | C8: 10.6 | D8: 25.3 | F8: =C8*D8 -> 268.18 | G8: =F8 -> 268.18 | H8: m²/mês | I8: 0.3 | J8: =Insumos!D6 -> 0 | K8: =TRUNC(G8*I8*J8,2) -> 0
A9: 1.1.1.4 | B9: Locação Estrutura Metálica - PISO | C9: 7.3 | D9: 20.3 | F9: =C9*D9 -> 148.19 | G9: =F9 -> 148.19 | H9: m²/mês | I9: 0.3 | J9: =Insumos!D7 -> 0 | K9: =TRUNC(G9*I9*J9,2) -> 0
A10: 1.1.1.5 | B10: Locação estrutura Estande- PAINÉIS TS formicado | C10: 3 | D10: 3 | E10: 2 | F10: =C10*D10*E10 -> 18 | G10: =F10 -> 18 | H10: m²/mês | I10: 0.3 | J10: =Insumos!D24 -> 0 | K10: =TRUNC(G10*I10*J10,2) -> 0
A11: 1.1.1.6 | B11: Locação de Aparelho de ar-condicionado Split 9.000BTU's | G11: 2 | H11: unid/mês | I11: 0.3 | J11: =Insumos!D34 -> 0 | K11: =TRUNC(G11*I11*J11,2) -> 0
A12: 1.1.1.7 | B12: Locação Estrutura Metálica - TESTEIRA I | C12: =5+5+7.3 -> 17.3 | E12: 2.5 | F12: =E12*C12 -> 43.25 | G12: =F12 -> 43.25 | H12: m²/mês | I12: 0.3 | J12: =Insumos!D11 -> 0 | K12: =TRUNC(G12*I12*J12,2) -> 0
A13: 1.1.1.8 | B13: Locação de SPDA e Sistema de SEGURANÇA CONTRA INCÊNDIO E PÂNICO (pavimento único) | F13: =F6 -> 268.18 | G13: =F13 -> 268.18 | H13: m²/mês | I13: 0.3 | J13: =Insumos!D27 -> 0 | K13: =TRUNC(G13*I13*J13,2) -> 0
J14: TOTAL GERAL | K14: =SUM(K6:K13) -> 0
A15: CPU-AX 50 | B15: EQUIPAMENTOS e FERRAMENTAS
A16: Item | B16: DISCRIMINAÇÃO | C16: MEMÓRIA DE CÁLCULO | G16: QUANT | H16: Unid | I16: Coef. | J16: VALOR (R$) | K16: TOTAL (R$)
A18: 1.1.1.9 | B18: Locação de Empilhadeira | G18: 4 | H18: Diária | I18: =G18/SUM($G$18:$G$23) -> 0.046511628 | J18: =Insumos!D49 -> 0 | K18: =TRUNC(G18*I18*J18,2) -> 0
A19: 1.1.1.10 | B19: Locação de Caminhão Munck | G19: 4 | H19: Diária | I19: =G19/SUM($G$18:$G$23) -> 0.046511628 | J19: =Insumos!D50 -> 0 | K19: =TRUNC(G19*I19*J19,2) -> 0
A20: 1.1.1.11 | B20: Locação de Talha elétrica | G20: 4 | H20: Diária | I20: =G20/SUM($G$18:$G$23) -> 0.046511628 | J20: =Insumos!D51 -> 0 | K20: =TRUNC(G20*I20*J20,2) -> 0
A21: 1.1.1.12 | B21: Locação de Andaimes | G21: 20 | H21: m/mês | I21: =G21/SUM($G$18:$G$23) -> 0.23255814 | J21: =Insumos!D52 -> 0 | K21: =TRUNC(G21*I21*J21,2) -> 0
A22: 1.1.1.13 | B22: Locação de Plataformas de montagem | G22: 4 | H22: und/mês | I22: =G22/SUM($G$18:$G$23) -> 0.046511628 | J22: =Insumos!D53 -> 0 | K22: =TRUNC(G22*I22*J22,2) -> 0
A23: 1.1.1.14 | B23: Kit Ferramentas de fixação e montagem | G23: 50 | H23: kit/mês | I23: =G23/SUM($G$18:$G$23) -> 0.58139535 | J23: =Insumos!D54 -> 0 | K23: =TRUNC(G23*I23*J23,2) -> 0
J24: TOTAL GERAL | K24: =SUM(K18:K23) -> 0
A25: CPU-AX 51 | B25: MATERIAIS DE CONSUMO
A26: Item | B26: DISCRIMINAÇÃO | C26: MEMÓRIA DE CÁLCULO | G26: QUANT | H26: Unid | I26: Coef. | J26: VALOR Unit. (R$) | K26: TOTAL (R$)
A28: 1.1.1.15 | B28: Elementos de fixação (parafusos / cabo de aço / grampos) | G28: =G13/30 -> 8.9393333 | H28: Kg | I28: =G28/SUM($G$28:$G$39) -> 0.022544703 | J28: =Insumos!D58 -> 0 | K28: =TRUNC(G28*I28*J28,2) -> 0
A29: 1.1.1.16 | B29: Compensado resinado 12mm (chapas de 110x220cm) | G29: =G9 -> 148.19 | H29: m² | I29: =G29/SUM($G$28:$G$39) -> 0.37373027 | J29: =Insumos!D69 -> 0 | K29: =TRUNC(G29*I29*J29,2) -> 0
A30: 1.1.1.17 | B30: Carpete 5mm (locação) | G30: =F9 -> 148.19 | H30: m² | I30: =G30/SUM($G$28:$G$39) -> 0.37373027 | J30: =Insumos!D59 -> 0 | K30: =TRUNC(G30*I30*J30,2) -> 0
A31: 1.1.1.18 | B31: Tinta acrílica | G31: =G29*0.2/3.6/2 -> 4.1163889 | H31: galão | I31: =G31/SUM($G$28:$G$39) -> 0.010381396 | J31: =Insumos!D60 -> 0 | K31: =TRUNC(G31*I31*J31,2) -> 0
A32: 1.1.1.19 | B32: Tinta esmalte sintético | G32: =G31 -> 4.1163889 | H32: galão | I32: =G32/SUM($G$28:$G$39) -> 0.010381396 | J32: =Insumos!D61 -> 0 | K32: =TRUNC(G32*I32*J32,2) -> 0
A33: 1.1.1.20 | B33: Solvente / Aguaráz | G33: =G29*0.02 -> 2.9638 | H33: L | I33: =G33/SUM($G$28:$G$39) -> 0.0074746055 | J33: =Insumos!D62 -> 0 | K33: =TRUNC(G33*I33*J33,2) -> 0
A34: 1.1.1.21 | B34: Rolo de espuma 15cm | G34: 5 | H34: Unid | I34: =G34/SUM($G$28:$G$39) -> 0.012609834 | J34: =Insumos!D63 -> 0 | K34: =TRUNC(G34*I34*J34,2) -> 0
A35: 1.1.1.22 | B35: Rolo de lã 23cm | G35: 5 | H35: Unid | I35: =G35/SUM($G$28:$G$39) -> 0.012609834 | J35: =Insumos!D64 -> 0 | K35: =TRUNC(G35*I35*J35,2) -> 0
A36: 1.1.1.23 | B36: Trincha para pintura (2") | G36: 5 | H36: Unid | I36: =G36/SUM($G$28:$G$39) -> 0.012609834 | J36: =Insumos!D65 -> 0 | K36: =TRUNC(G36*I36*J36,2) -> 0
A37: 1.1.1.24 | B37: Bucha de limpeza | G37: 10 | H37: kg | I37: =G37/SUM($G$28:$G$39) -> 0.025219669 | J37: =Insumos!D66 -> 0 | K37: =TRUNC(G37*I37*J37,2) -> 0
A38: 1.1.1.25 | B38: Barbante | G38: 5 | H38: Rolo | I38: =G38/SUM($G$28:$G$39) -> 0.012609834 | J38: =Insumos!D67 -> 0 | K38: =TRUNC(G38*I38*J38,2) -> 0
A39: 1.1.1.26 | B39: Abraçadeira Plástica (15 x 0,5cm a 50 x 1,3cm) 100 und | G39: 50 | H39: pacote | I39: =G39/SUM($G$28:$G$39) -> 0.12609834 | J39: =Insumos!D68 -> 0 | K39: =TRUNC(G39*I39*J39,2) -> 0
J40: TOTAL GERAL | K40: =SUM(K28:K39) -> 0
A41: CPU-AX 52 | B41: REFEIÇÃO
A42: Item | B42: DISCRIMINAÇÃO | C42: MEMÓRIA DE CÁLCULO | G42: QUANT | H42: Unid | I42: Coef. | J42: VALOR Unit. (R$) | K42: TOTAL (R$)
A44: 1.1.1.27 | B44: Refeição (café, almoço, jantar) | G44: 4 | H44: Diária | I44: 6 | J44: =Insumos!D75 -> 0 | K44: =TRUNC(G44*I44*J44,2) -> 0
J45: TOTAL GERAL | K45: =SUM(K44) -> 0
A46: CPU-AX 53 | B46: HOSPEDAGEM
A47: Item | B47: DISCRIMINAÇÃO | C47: MEMÓRIA DE CÁLCULO | G47: QUANT | H47: Unid | I47: Coef. | J47: VALOR Unit. (R$) | K47: TOTAL (R$)
A49: 1.1.1.28 | B49: Hospedagem | G49: 4 | H49: Diária | I49: 6 | J49: =Insumos!D78 -> 0 | K49: =TRUNC(G49*I49*J49,2) -> 0
J50: TOTAL GERAL | K50: =K49 -> 0
A51: CPU-AX 54 | B51: TRANSPORTE
A52: Item | B52: DISCRIMINAÇÃO | C52: MEMÓRIA DE CÁLCULO | G52: QUANT | H52: Unid | I52: Coef. | J52: VALOR Unit. (R$) | K52: TOTAL (R$)
A54: 1.1.1.29 | B54: Locação de Caminhão truck Bau 20 ton | G54: 2 | H54: Diária | I54: =G54/SUM($G$54:$G$56) -> 0.33333333 | J54: =Insumos!D81 -> 0 | K54: =TRUNC(G54*I54*J54,2) -> 0
A55: 1.1.1.30 | B55: Locação de Caminhão truck carroceria 20 ton | G55: 2 | H55: Diária | I55: =G55/SUM($G$54:$G$56) -> 0.33333333 | J55: =Insumos!D82 -> 0 | K55: =TRUNC(G55*I55*J55,2) -> 0
A56: 1.1.1.31 | B56: Locação de Caminhão tipo Bau 10 ton | G56: 2 | H56: Diária | I56: =G56/SUM($G$54:$G$56) -> 0.33333333 | J56: =Insumos!D83 -> 0 | K56: =TRUNC(G56*I56*J56,2) -> 0
J57: TOTAL GERAL | K57: =SUM(K54:K56) -> 0

Sheet 10 Estande COI
A1: COMPOSIÇÕES AUXILIARES
A2: 10 | B2: ESTANDE COI - PÁTIO
A3: CPU-AX 55 | B3: ESTRUTURA e FECHAMENTO
A4: Item | B4: DISCRIMINAÇÃO | C4: MEMÓRIA DE CÁLCULO | G4: QUANT | H4: Unid | I4: Coef. | J4: VALOR (R$) | K4: TOTAL (R$)
C5: L (m) | D5: C (m) | E5: H(m) | F5: Área
A6: 1.1.1.1 | B6: Locação estrutura Estande- PAINÉIS TS formicado - posto médico | F6: 127.78 | G6: =F6 -> 127.78 | H6: m²/mês | I6: 0.5 | J6: =Insumos!D24 -> 0 | K6: =TRUNC(G6*I6*J6,2) -> 0
A7: 1.1.1.2 | B7: Locação estrutura Estande- PAINÉIS TS formicado - delegacia | F7: 127.72 | G7: =F7 -> 127.72 | H7: m²/mês | I7: 0.5 | J7: =Insumos!D24 -> 0 | K7: =TRUNC(G7*I7*J7,2) -> 0
A8: 1.1.1.3 | B8: Locação estrutura Estande- PAINÉIS TS formicado - vigilância | F8: 144.32 | G8: =F8 -> 144.32 | H8: m²/mês | I8: 0.5 | J8: =Insumos!D24 -> 0 | K8: =TRUNC(G8*I8*J8,2) -> 0
A9: 1.1.1.4 | B9: Locação estrutura Estande- PAINÉIS TS formicado - conselho tutelar | F9: 196.03 | G9: =F9 -> 196.03 | H9: m²/mês | I9: 0.5 | J9: =Insumos!D24 -> 0 | K9: =TRUNC(G9*I9*J9,2) -> 0
A10: 1.1.1.5 | B10: Locação estrutura Estande- PAINÉIS TS formicado - policia militar | F10: 83.66 | G10: =F10 -> 83.66 | H10: m²/mês | I10: 0.5 | J10: =Insumos!D24 -> 0 | K10: =TRUNC(G10*I10*J10,2) -> 0
A11: 1.1.1.6 | B11: Locação estrutura Estande- PAINÉIS TS formicado - monitoramento | F11: 90.08 | G11: =F11 -> 90.08 | H11: m²/mês | I11: 0.5 | J11: =Insumos!D24 -> 0 | K11: =TRUNC(G11*I11*J11,2) -> 0
A12: 1.1.1.7 | B12: Locação Piso - TABLADO - compensado 12mm - teto | F12: =F15 -> 769.59 | G12: =F12 -> 769.59 | H12: m²/mês | I12: 0.5 | J12: =Insumos!D7 -> 0 | K12: =TRUNC(G12*I12*J12,2) -> 0
A13: 1.1.1.8 | B13: Locação de aparelho de Ar condicionado 12.000 BTU's | F13: =8+12+15+18+2+7 -> 62 | G13: =F13 -> 62 | H13: m²/mês | I13: 0.5 | J13: =Insumos!D34 -> 0 | K13: =TRUNC(G13*I13*J13,2) -> 0
A14: 1.1.1.9 | B14: Locação de FECHAMENTOS (módulos com 3,00m de altura com estruturação em metalon 30x20mm e fechamento total em chapa galvanizada n°16) | C14: 46.64 | E14: 3 | F14: =E14*C14 -> 139.92 | G14: =F14 -> 139.92 | H14: m²/mês | I14: 0.5 | J14: =Insumos!D35 -> 0 | K14: =TRUNC(G14*I14*J14,2) -> 0
A15: 1.1.1.10 | B15: Locação de SPDA e Sistema de SEGURANÇA CONTRA INCÊNDIO E PÂNICO (pavimento único) | F15: =F6+F7+F8+F9+F10+F11 -> 769.59 | G15: =F15 -> 769.59 | H15: m²/mês | I15: 0.5 | J15: =Insumos!D27 -> 0 | K15: =TRUNC(G15*I15*J15,2) -> 0
J16: TOTAL GERAL | K16: =SUM(K6:K15) -> 0
A17: CPU-AX 56 | B17: EQUIPAMENTOS e FERRAMENTAS
A18: Item | B18: DISCRIMINAÇÃO | C18: MEMÓRIA DE CÁLCULO | G18: QUANT | H18: Unid | I18: Coef. | J18: VALOR (R$) | K18: TOTAL (R$)
A20: 1.1.1.11 | B20: Locação de Empilhadeira | G20: 5 | H20: Diária | I20: =G20/SUM($G$20:$G$25) -> 0.050505051 | J20: =Insumos!D49 -> 0 | K20: =TRUNC(G20*I20*J20,2) -> 0
A21: 1.1.1.12 | B21: Locação de Caminhão Munck | G21: 5 | H21: Diária | I21: =G21/SUM($G$20:$G$25) -> 0.050505051 | J21: =Insumos!D50 -> 0 | K21: =TRUNC(G21*I21*J21,2) -> 0
A22: 1.1.1.13 | B22: Locação de Talha elétrica | G22: 5 | H22: Diária | I22: =G22/SUM($G$20:$G$25) -> 0.050505051 | J22: =Insumos!D51 -> 0 | K22: =TRUNC(G22*I22*J22,2) -> 0
A23: 1.1.1.14 | B23: Locação de Andaimes | G23: 50 | H23: m/mês | I23: =G23/SUM($G$20:$G$25) -> 0.50505051 | J23: =Insumos!D52 -> 0 | K23: =TRUNC(G23*I23*J23,2) -> 0
A24: 1.1.1.15 | B24: Locação de Plataformas de montagem | G24: 4 | H24: und/mês | I24: =G24/SUM($G$20:$G$25) -> 0.04040404 | J24: =Insumos!D53 -> 0 | K24: =TRUNC(G24*I24*J24,2) -> 0
A25: 1.1.1.16 | B25: Kit Ferramentas de fixação e montagem | G25: 30 | H25: kit/mês | I25: =G25/SUM($G$20:$G$25) -> 0.3030303 | J25: =Insumos!D54 -> 0 | K25: =TRUNC(G25*I25*J25,2) -> 0
J26: TOTAL GERAL | K26: =SUM(K20:K25) -> 0
A27: CPU-AX 57 | B27: MATERIAIS DE CONSUMO
A28: Item | B28: DISCRIMINAÇÃO | C28: MEMÓRIA DE CÁLCULO | G28: QUANT | H28: Unid | I28: Coef. | J28: VALOR Unit. (R$) | K28: TOTAL (R$)
A30: 1.1.1.17 | B30: Elementos de fixação (parafusos / cabo de aço / grampos) | G30: =G15/30 -> 25.653 | H30: Kg | I30: =G30/SUM($G$30:$G$39) -> 0.015509863 | J30: =Insumos!D58 -> 0 | K30: =TRUNC(G30*I30*J30,2) -> 0
A31: 1.1.1.18 | B31: Carpete 5mm (locação) | G31: =F12 -> 769.59 | H31: m² | I31: =G31/SUM($G$30:$G$39) -> 0.46529589 | J31: =Insumos!D59 -> 0 | K31: =TRUNC(G31*I31*J31,2) -> 0
A32: 1.1.1.19 | B32: Compensado resinado 12mm (chapas de 110x220cm) | G32: =F12 -> 769.59 | H32: m² | I32: =G32/SUM($G$30:$G$39) -> 0.46529589 | J32: =Insumos!D69 -> 0 | K32: =TRUNC(G32*I32*J32,2) -> 0
A33: 1.1.1.20 | B33: Tinta Esmalte sintético | G33: =G32*0.2/3.6 -> 42.755 | H33: galão | I33: =G33/SUM($G$30:$G$39) -> 0.025849772 | J33: =Insumos!D61 -> 0 | K33: =TRUNC(G33*I33*J33,2) -> 0
A34: 1.1.1.21 | B34: Solvente / Aguaráz | G34: =G32*0.02 -> 15.3918 | H34: L | I34: =G34/SUM($G$30:$G$39) -> 0.0093059178 | J34: =Insumos!D62 -> 0 | K34: =TRUNC(G34*I34*J34,2) -> 0
A35: 1.1.1.22 | B35: Rolo de espuma 10 a 23cm - esmalte | G35: 10 | H35: Unid | I35: =G35/SUM($G$30:$G$39) -> 0.0060460231 | J35: =Insumos!D63 -> 0 | K35: =TRUNC(G35*I35*J35,2) -> 0
A36: 1.1.1.23 | B36: Trincha para pintura (1" a 3") | G36: 10 | H36: Unid | I36: =G36/SUM($G$30:$G$39) -> 0.0060460231 | J36: =Insumos!D65 -> 0 | K36: =TRUNC(G36*I36*J36,2) -> 0
A37: 1.1.1.24 | B37: Bucha de limpeza | G37: 5 | H37: kg | I37: =G37/SUM($G$30:$G$39) -> 0.0030230115 | J37: =Insumos!D66 -> 0 | K37: =TRUNC(G37*I37*J37,2) -> 0
A38: 1.1.1.25 | B38: Barbante | G38: 3 | H38: Rolo | I38: =G38/SUM($G$30:$G$39) -> 0.0018138069 | J38: =Insumos!D67 -> 0 | K38: =TRUNC(G38*I38*J38,2) -> 0
A39: 1.1.1.26 | B39: Abraçadeira Plástica (15 x 0,5cm a 50 x 1,3cm) | G39: 3 | H39: pacote | I39: =G39/SUM($G$30:$G$39) -> 0.0018138069 | J39: =Insumos!D68 -> 0 | K39: =TRUNC(G39*I39*J39,2) -> 0
J40: TOTAL GERAL | K40: =SUM(K30:K39) -> 0
A41: CPU-AX 58 | B41: REFEIÇÃO
A42: Item | B42: DISCRIMINAÇÃO | C42: MEMÓRIA DE CÁLCULO | G42: QUANT | H42: Unid | I42: Coef. | J42: VALOR Unit. (R$) | K42: TOTAL (R$)
A44: 1.1.1.27 | B44: Refeição (café, almoço, jantar) | G44: 5 | H44: Diária | I44: 10 | J44: =Insumos!D75 -> 0 | K44: =TRUNC(G44*I44*J44,2) -> 0
J45: TOTAL GERAL | K45: =SUM(K44) -> 0
A46: CPU-AX 59 | B46: HOSPEDAGEM
A47: Item | B47: DISCRIMINAÇÃO | C47: MEMÓRIA DE CÁLCULO | G47: QUANT | H47: Unid | I47: Coef. | J47: VALOR Unit. (R$) | K47: TOTAL (R$)
A49: 1.1.1.28 | B49: Hospedagem | G49: 5 | H49: Diária | I49: 10 | J49: =Insumos!D78 -> 0 | K49: =TRUNC(G49*I49*J49,2) -> 0
J50: TOTAL GERAL | K50: =K49 -> 0
A51: CPU-AX 60 | B51: TRANSPORTE
A52: Item | B52: DISCRIMINAÇÃO | C52: MEMÓRIA DE CÁLCULO | G52: QUANT | H52: Unid | I52: Coef. | J52: VALOR Unit. (R$) | K52: TOTAL (R$)
A54: 1.1.1.29 | B54: Locação de Caminhão truck Bau 20 ton | G54: 2 | H54: Diária | I54: =G54/SUM($G$54:$G$56) -> 0.4 | J54: =Insumos!D81 -> 0 | K54: =TRUNC(G54*I54*J54,2) -> 0
A55: 1.1.1.30 | B55: Locação de Caminhão truck carroceria 20 ton | G55: 1 | H55: Diária | I55: =G55/SUM($G$54:$G$56) -> 0.2 | J55: =Insumos!D82 -> 0 | K55: =TRUNC(G55*I55*J55,2) -> 0
A56: 1.1.1.31 | B56: Locação de Caminhão tipo Bau 10 ton | G56: 2 | H56: Diária | I56: =G56/SUM($G$54:$G$56) -> 0.4 | J56: =Insumos!D83 -> 0 | K56: =TRUNC(G56*I56*J56,2) -> 0
J57: TOTAL GERAL | K57: =SUM(K54:K56) -> 0

Sheet 11 Pav Mercado de Artesanato
A1: COMPOSIÇÕES AUXILIARES
A2: 11 | B2: PAVILHÃO MERCADO DE ARTESANATO
A3: CPU-AX 61 | B3: ESTRUTURA e FECHAMENTO
A4: Item | B4: DISCRIMINAÇÃO | C4: MEMÓRIA DE CÁLCULO | G4: QUANT | H4: Unid | I4: Coef. | J4: VALOR (R$) | K4: TOTAL (R$)
C5: L (m) | D5: C (m) | E5: H(m) | F5: Área
A6: 1.1.1.1 | B6: Locação Estrutura Metálica - PAVILHÃO | C6: 7.3 | D6: 29.5 | F6: =C6*D6 -> 215.35 | G6: =F6 -> 215.35 | H6: m²/mês | I6: 0.5 | J6: =Insumos!D19 -> 0 | K6: =TRUNC(G6*I6*J6,2) -> 0
A7: 1.1.1.2 | B7: Locação Estrutura Metálica - COBERTA | C7: 7.3 | D7: 29.5 | F7: =C7*D7 -> 215.35 | G7: =F7 -> 215.35 | H7: m²/mês | I7: 0.5 | J7: =Insumos!D6 -> 0 | K7: =TRUNC(G7*I7*J7,2) -> 0
A8: 1.1.1.3 | B8: Locação Estrutura Metálica - PISO | C8: 7.3 | D8: 29.5 | F8: =C8*D8 -> 215.35 | G8: =F8 -> 215.35 | H8: m²/mês | I8: 0.5 | J8: =Insumos!D7 -> 0 | K8: =TRUNC(G8*I8*J8,2) -> 0
A9: 1.1.1.4 | B9: Locação estrutura Estande- PAINÉIS TS formicado | C9: 2 | D9: 2 | E9: 23 | F9: =E9*D9*C9 -> 92 | G9: =F9 -> 92 | H9: m²/mês | I9: 0.5 | J9: =Insumos!D24 -> 0 | K9: =TRUNC(G9*I9*J9,2) -> 0
A10: 1.1.1.5 | B10: Locação de SPDA e Sistema de SEGURANÇA CONTRA INCÊNDIO E PÂNICO (pavimento único) | C10: 7.3 | D10: 29.5 | F10: =D10*C10 -> 215.35 | G10: =F6 -> 215.35 | H10: m²/mês | I10: 0.5 | J10: =Insumos!D27 -> 0 | K10: =TRUNC(G10*I10*J10,2) -> 0
J11: TOTAL GERAL | K11: =SUM(K6:K10) -> 0
A12: CPU-AX 62 | B12: EQUIPAMENTOS e FERRAMENTAS
A13: Item | B13: DISCRIMINAÇÃO | C13: MEMÓRIA DE CÁLCULO | G13: QUANT | H13: Unid | I13: Coef. | J13: VALOR (R$) | K13: TOTAL (R$)
A15: 1.1.1.6 | B15: Locação de Empilhadeira | G15: 4 | H15: Diária | I15: =G15/SUM($G$15:$G$20) -> 0.037735849 | J15: =Insumos!D49 -> 0 | K15: =TRUNC(G15*I15*J15,2) -> 0
A16: 1.1.1.7 | B16: Locação de Caminhão Munck | G16: 4 | H16: Diária | I16: =G16/SUM($G$15:$G$20) -> 0.037735849 | J16: =Insumos!D50 -> 0 | K16: =TRUNC(G16*I16*J16,2) -> 0
A17: 1.1.1.8 | B17: Locação de Talha elétrica | G17: 4 | H17: Diária | I17: =G17/SUM($G$15:$G$20) -> 0.037735849 | J17: =Insumos!D51 -> 0 | K17: =TRUNC(G17*I17*J17,2) -> 0
A18: 1.1.1.9 | B18: Locação de Andaimes | G18: 40 | H18: m/mês | I18: =G18/SUM($G$15:$G$20) -> 0.37735849 | J18: =Insumos!D52 -> 0 | K18: =TRUNC(G18*I18*J18,2) -> 0
A19: 1.1.1.10 | B19: Locação de Plataformas de montagem | G19: 4 | H19: und/mês | I19: =G19/SUM($G$15:$G$20) -> 0.037735849 | J19: =Insumos!D53 -> 0 | K19: =TRUNC(G19*I19*J19,2) -> 0
A20: 1.1.1.11 | B20: Kit Ferramentas de fixação e montagem | G20: 50 | H20: kit/mês | I20: =G20/SUM($G$15:$G$20) -> 0.47169811 | J20: =Insumos!D54 -> 0 | K20: =TRUNC(G20*I20*J20,2) -> 0
J21: TOTAL GERAL | K21: =SUM(K15:K20) -> 0
A22: CPU-AX 63 | B22: MATERIAIS DE CONSUMO
A23: Item | B23: DISCRIMINAÇÃO | C23: MEMÓRIA DE CÁLCULO | G23: QUANT | H23: Unid | I23: Coef. | J23: VALOR Unit. (R$) | K23: TOTAL (R$)
A25: 1.1.1.12 | B25: Elementos de fixação (parafusos / cabo de aço / grampos) | G25: =G10/30 -> 7.1783333 | H25: Kg | I25: =G25/SUM($G$25:$G$36) -> 0.014238509 | J25: =Insumos!D58 -> 0 | K25: =TRUNC(G25*I25*J25,2) -> 0
A26: 1.1.1.13 | B26: Compensado resinado 12mm (chapas de 110x220cm) | G26: =G7 -> 215.35 | H26: m² | I26: =G26/SUM($G$25:$G$36) -> 0.42715528 | J26: =Insumos!D69 -> 0 | K26: =TRUNC(G26*I26*J26,2) -> 0
A27: 1.1.1.14 | B27: Carpete 5mm (locação) | G27: =F8 -> 215.35 | H27: m² | I27: =G27/SUM($G$25:$G$36) -> 0.42715528 | J27: =Insumos!D59 -> 0 | K27: =TRUNC(G27*I27*J27,2) -> 0
A28: 1.1.1.15 | B28: Tinta acrílica | G28: =F7*0.2/3.6/2 -> 5.9819444 | H28: galão | I28: =G28/SUM($G$25:$G$36) -> 0.011865424 | J28: =Insumos!D60 -> 0 | K28: =TRUNC(G28*I28*J28,2) -> 0
A29: 1.1.1.16 | B29: Tinta esmalte sintético | G29: =G28 -> 5.9819444 | H29: galão | I29: =G29/SUM($G$25:$G$36) -> 0.011865424 | J29: =Insumos!D61 -> 0 | K29: =TRUNC(G29*I29*J29,2) -> 0
A30: 1.1.1.17 | B30: Solvente / Aguaráz | G30: =G27*0.02 -> 4.307 | H30: L | I30: =G30/SUM($G$25:$G$36) -> 0.0085431055 | J30: =Insumos!D62 -> 0 | K30: =TRUNC(G30*I30*J30,2) -> 0
A31: 1.1.1.18 | B31: Rolo de espuma 15cm | G31: 10 | H31: Unid | I31: =G31/SUM($G$25:$G$36) -> 0.019835397 | J31: =Insumos!D63 -> 0 | K31: =TRUNC(G31*I31*J31,2) -> 0
A32: 1.1.1.19 | B32: Rolo de lã 23cm | G32: 10 | H32: Unid | I32: =G32/SUM($G$25:$G$36) -> 0.019835397 | J32: =Insumos!D64 -> 0 | K32: =TRUNC(G32*I32*J32,2) -> 0
A33: 1.1.1.20 | B33: Trincha para pintura (2") | G33: 10 | H33: Unid | I33: =G33/SUM($G$25:$G$36) -> 0.019835397 | J33: =Insumos!D65 -> 0 | K33: =TRUNC(G33*I33*J33,2) -> 0
A34: 1.1.1.21 | B34: Bucha de limpeza | G34: 5 | H34: kg | I34: =G34/SUM($G$25:$G$36) -> 0.0099176985 | J34: =Insumos!D66 -> 0 | K34: =TRUNC(G34*I34*J34,2) -> 0
A35: 1.1.1.22 | B35: Barbante | G35: 5 | H35: Rolo | I35: =G35/SUM($G$25:$G$36) -> 0.0099176985 | J35: =Insumos!D67 -> 0 | K35: =TRUNC(G35*I35*J35,2) -> 0
A36: 1.1.1.23 | B36: Abraçadeira Plástica (15 x 0,5cm a 50 x 1,3cm) 100 und | G36: 10 | H36: pacote | I36: =G36/SUM($G$25:$G$36) -> 0.019835397 | J36: =Insumos!D68 -> 0 | K36: =TRUNC(G36*I36*J36,2) -> 0
J37: TOTAL GERAL | K37: =SUM(K25:K36) -> 0
A38: CPU-AX 64 | B38: REFEIÇÃO
A39: Item | B39: DISCRIMINAÇÃO | C39: MEMÓRIA DE CÁLCULO | G39: QUANT | H39: Unid | I39: Coef. | J39: VALOR Unit. (R$) | K39: TOTAL (R$)
A41: 1.1.1.24 | B41: Refeição (café, almoço, jantar) | G41: 4 | H41: Diária | I41: 2 | J41: =Insumos!D75 -> 0 | K41: =TRUNC(G41*I41*J41,2) -> 0
J42: TOTAL GERAL | K42: =SUM(K41) -> 0
A43: CPU-AX 65 | B43: HOSPEDAGEM
A44: Item | B44: DISCRIMINAÇÃO | C44: MEMÓRIA DE CÁLCULO | G44: QUANT | H44: Unid | I44: Coef. | J44: VALOR Unit. (R$) | K44: TOTAL (R$)
A46: 1.1.1.25 | B46: Hospedagem | G46: 4 | H46: Diária | I46: 2 | J46: =Insumos!D78 -> 0 | K46: =TRUNC(G46*I46*J46,2) -> 0
J47: TOTAL GERAL | K47: =K46 -> 0
A48: CPU-AX 66 | B48: TRANSPORTE
A49: Item | B49: DISCRIMINAÇÃO | C49: MEMÓRIA DE CÁLCULO | G49: QUANT | H49: Unid | I49: Coef. | J49: VALOR Unit. (R$) | K49: TOTAL (R$)
A51: 1.1.1.26 | B51: Locação de Caminhão truck Bau 20 ton | G51: 2 | H51: Diária | I51: =G51/SUM($G$51:$G$53) -> 0.33333333 | J51: =Insumos!D81 -> 0 | K51: =TRUNC(G51*I51*J51,2) -> 0
A52: 1.1.1.27 | B52: Locação de Caminhão truck carroceria 20 ton | G52: 2 | H52: Diária | I52: =G52/SUM($G$51:$G$53) -> 0.33333333 | J52: =Insumos!D82 -> 0 | K52: =TRUNC(G52*I52*J52,2) -> 0
A53: 1.1.1.28 | B53: Locação de Caminhão tipo Bau 10 ton | G53: 2 | H53: Diária | I53: =G53/SUM($G$51:$G$53) -> 0.33333333 | J53: =Insumos!D83 -> 0 | K53: =TRUNC(G53*I53*J53,2) -> 0
J54: TOTAL GERAL | K54: =SUM(K51:K53) -> 0

Sheet 12 Pav Mercado Criativo
A1: COMPOSIÇÕES AUXILIARES
A2: 12 | B2: PAVILHÃO MERCADO CRIATIVO
A3: CPU-AX 67 | B3: ESTRUTURA e FECHAMENTO
A4: Item | B4: DISCRIMINAÇÃO | C4: MEMÓRIA DE CÁLCULO | G4: QUANT | H4: Unid | I4: Coef. | J4: VALOR (R$) | K4: TOTAL (R$)
C5: L (m) | D5: C (m) | E5: H(m) | F5: Área
A6: 1.1.1.1 | B6: Locação Estrutura Metálica - PAVILHÃO | C6: 6.3 | D6: 19.8 | F6: =C6*D6 -> 124.74 | G6: =F6 -> 124.74 | H6: m²/mês | I6: 0.3 | J6: =Insumos!D19 -> 0 | K6: =TRUNC(G6*I6*J6,2) -> 0
A7: 1.1.1.2 | B7: Locação Estrutura Metálica - COBERTA | C7: 6.3 | D7: 19.8 | F7: =C7*D7 -> 124.74 | G7: =F7 -> 124.74 | H7: m²/mês | I7: 0.3 | J7: =Insumos!D6 -> 0 | K7: =TRUNC(G7*I7*J7,2) -> 0
A8: 1.1.1.3 | B8: Locação Estrutura Metálica - PISO | C8: 6.3 | D8: 19.8 | F8: =C8*D8 -> 124.74 | G8: =F8 -> 124.74 | H8: m²/mês | I8: 0.3 | J8: =Insumos!D7 -> 0 | K8: =TRUNC(G8*I8*J8,2) -> 0
A9: 1.1.1.4 | B9: Locação estrutura Estande- PAINÉIS TS formicado | C9: 1.5 | D9: 1.5 | E9: 18 | F9: =E9*D9*C9 -> 40.5 | G9: =F9 -> 40.5 | H9: m²/mês | I9: 0.3 | J9: =Insumos!D24 -> 0 | K9: =TRUNC(G9*I9*J9,2) -> 0
A10: 1.1.1.5 | B10: Locação de SPDA e Sistema de SEGURANÇA CONTRA INCÊNDIO E PÂNICO (pavimento único) | F10: =F8 -> 124.74 | G10: =F6 -> 124.74 | H10: m²/mês | I10: 0.3 | J10: =Insumos!D27 -> 0 | K10: =TRUNC(G10*I10*J10,2) -> 0
J11: TOTAL GERAL | K11: =SUM(K6:K10) -> 0
A12: CPU-AX 68 | B12: EQUIPAMENTOS e FERRAMENTAS
A13: Item | B13: DISCRIMINAÇÃO | C13: MEMÓRIA DE CÁLCULO | G13: QUANT | H13: Unid | I13: Coef. | J13: VALOR (R$) | K13: TOTAL (R$)
A15: 1.1.1.6 | B15: Locação de Empilhadeira | G15: 3 | H15: Diária | I15: =G15/SUM($G$15:$G$20) -> 0.041666667 | J15: =Insumos!D49 -> 0 | K15: =TRUNC(G15*I15*J15,2) -> 0
A16: 1.1.1.7 | B16: Locação de Caminhão Munck | G16: 3 | H16: Diária | I16: =G16/SUM($G$15:$G$20) -> 0.041666667 | J16: =Insumos!D50 -> 0 | K16: =TRUNC(G16*I16*J16,2) -> 0
A17: 1.1.1.8 | B17: Locação de Talha elétrica | G17: 3 | H17: Diária | I17: =G17/SUM($G$15:$G$20) -> 0.041666667 | J17: =Insumos!D51 -> 0 | K17: =TRUNC(G17*I17*J17,2) -> 0
A18: 1.1.1.9 | B18: Locação de Andaimes | G18: 30 | H18: m/mês | I18: =G18/SUM($G$15:$G$20) -> 0.41666667 | J18: =Insumos!D52 -> 0 | K18: =TRUNC(G18*I18*J18,2) -> 0
A19: 1.1.1.10 | B19: Locação de Plataformas de montagem | G19: 3 | H19: und/mês | I19: =G19/SUM($G$15:$G$20) -> 0.041666667 | J19: =Insumos!D53 -> 0 | K19: =TRUNC(G19*I19*J19,2) -> 0
A20: 1.1.1.11 | B20: Kit Ferramentas de fixação e montagem | G20: 30 | H20: kit/mês | I20: =G20/SUM($G$15:$G$20) -> 0.41666667 | J20: =Insumos!D54 -> 0 | K20: =TRUNC(G20*I20*J20,2) -> 0
J21: TOTAL GERAL | K21: =SUM(K15:K20) -> 0
A22: CPU-AX 69 | B22: MATERIAIS DE CONSUMO
A23: Item | B23: DISCRIMINAÇÃO | C23: MEMÓRIA DE CÁLCULO | G23: QUANT | H23: Unid | I23: Coef. | J23: VALOR Unit. (R$) | K23: TOTAL (R$)
A25: 1.1.1.12 | B25: Elementos de fixação (parafusos / cabo de aço / grampos) | G25: =G10/30 -> 4.158 | H25: Kg | I25: =G25/SUM($G$25:$G$36) -> 0.013719929 | J25: =Insumos!D58 -> 0 | K25: =TRUNC(G25*I25*J25,2) -> 0
A26: 1.1.1.13 | B26: Compensado resinado 12mm (chapas de 110x220cm) | G26: =G7 -> 124.74 | H26: m² | I26: =G26/SUM($G$25:$G$36) -> 0.41159786 | J26: =Insumos!D69 -> 0 | K26: =TRUNC(G26*I26*J26,2) -> 0
A27: 1.1.1.14 | B27: Carpete 5mm (locação) | G27: =F8 -> 124.74 | H27: m² | I27: =G27/SUM($G$25:$G$36) -> 0.41159786 | J27: =Insumos!D59 -> 0 | K27: =TRUNC(G27*I27*J27,2) -> 0
A28: 1.1.1.15 | B28: Tinta acrílica | G28: =F7*0.2/3.6/2 -> 3.465 | H28: galão | I28: =G28/SUM($G$25:$G$36) -> 0.011433274 | J28: =Insumos!D60 -> 0 | K28: =TRUNC(G28*I28*J28,2) -> 0
A29: 1.1.1.16 | B29: Tinta esmalte sintético | G29: =G28 -> 3.465 | H29: galão | I29: =G29/SUM($G$25:$G$36) -> 0.011433274 | J29: =Insumos!D61 -> 0 | K29: =TRUNC(G29*I29*J29,2) -> 0
A30: 1.1.1.17 | B30: Solvente / Aguaráz | G30: =G27*0.02 -> 2.4948 | H30: L | I30: =G30/SUM($G$25:$G$36) -> 0.0082319572 | J30: =Insumos!D62 -> 0 | K30: =TRUNC(G30*I30*J30,2) -> 0
A31: 1.1.1.18 | B31: Rolo de espuma 15cm | G31: 8 | H31: Unid | I31: =G31/SUM($G$25:$G$36) -> 0.026397169 | J31: =Insumos!D63 -> 0 | K31: =TRUNC(G31*I31*J31,2) -> 0
A32: 1.1.1.19 | B32: Rolo de lã 23cm | G32: 8 | H32: Unid | I32: =G32/SUM($G$25:$G$36) -> 0.026397169 | J32: =Insumos!D64 -> 0 | K32: =TRUNC(G32*I32*J32,2) -> 0
A33: 1.1.1.20 | B33: Trincha para pintura (2") | G33: 8 | H33: Unid | I33: =G33/SUM($G$25:$G$36) -> 0.026397169 | J33: =Insumos!D65 -> 0 | K33: =TRUNC(G33*I33*J33,2) -> 0
A34: 1.1.1.21 | B34: Bucha de limpeza | G34: 4 | H34: kg | I34: =G34/SUM($G$25:$G$36) -> 0.013198585 | J34: =Insumos!D66 -> 0 | K34: =TRUNC(G34*I34*J34,2) -> 0
A35: 1.1.1.22 | B35: Barbante | G35: 4 | H35: Rolo | I35: =G35/SUM($G$25:$G$36) -> 0.013198585 | J35: =Insumos!D67 -> 0 | K35: =TRUNC(G35*I35*J35,2) -> 0
A36: 1.1.1.23 | B36: Abraçadeira Plástica (15 x 0,5cm a 50 x 1,3cm) 100 und | G36: 8 | H36: pacote | I36: =G36/SUM($G$25:$G$36) -> 0.026397169 | J36: =Insumos!D68 -> 0 | K36: =TRUNC(G36*I36*J36,2) -> 0
J37: TOTAL GERAL | K37: =SUM(K25:K36) -> 0
A38: CPU-AX 70 | B38: REFEIÇÃO
A39: Item | B39: DISCRIMINAÇÃO | C39: MEMÓRIA DE CÁLCULO | G39: QUANT | H39: Unid | I39: Coef. | J39: VALOR Unit. (R$) | K39: TOTAL (R$)
A41: 1.1.1.24 | B41: Refeição (café, almoço, jantar) | G41: 3 | H41: Diária | I41: 2 | J41: =Insumos!D75 -> 0 | K41: =TRUNC(G41*I41*J41,2) -> 0
J42: TOTAL GERAL | K42: =SUM(K41) -> 0
A43: CPU-AX 71 | B43: HOSPEDAGEM
A44: Item | B44: DISCRIMINAÇÃO | C44: MEMÓRIA DE CÁLCULO | G44: QUANT | H44: Unid | I44: Coef. | J44: VALOR Unit. (R$) | K44: TOTAL (R$)
A46: 1.1.1.25 | B46: Hospedagem | G46: 3 | H46: Diária | I46: 2 | J46: =Insumos!D78 -> 0 | K46: =TRUNC(G46*I46*J46,2) -> 0
J47: TOTAL GERAL | K47: =K46 -> 0
A48: CPU-AX 72 | B48: TRANSPORTE
A49: Item | B49: DISCRIMINAÇÃO | C49: MEMÓRIA DE CÁLCULO | G49: QUANT | H49: Unid | I49: Coef. | J49: VALOR Unit. (R$) | K49: TOTAL (R$)
A51: 1.1.1.26 | B51: Locação de Caminhão truck Bau 20 ton | G51: 1 | H51: Diária | I51: =G51/SUM($G$51:$G$53) -> 0.33333333 | J51: =Insumos!D81 -> 0 | K51: =TRUNC(G51*I51*J51,2) -> 0
A52: 1.1.1.27 | B52: Locação de Caminhão truck carroceria 20 ton | G52: 1 | H52: Diária | I52: =G52/SUM($G$51:$G$53) -> 0.33333333 | J52: =Insumos!D82 -> 0 | K52: =TRUNC(G52*I52*J52,2) -> 0
A53: 1.1.1.28 | B53: Locação de Caminhão tipo Bau 10 ton | G53: 1 | H53: Diária | I53: =G53/SUM($G$51:$G$53) -> 0.33333333 | J53: =Insumos!D83 -> 0 | K53: =TRUNC(G53*I53*J53,2) -> 0
J54: TOTAL GERAL | K54: =SUM(K51:K53) -> 0

Sheet 13 Pav Vila Funcional
A1: COMPOSIÇÕES AUXILIARES
A2: 13 | B2: PAVILHÃO VILA FUNCIONAL (CASA DA MULHER, IGREJA, CARTOMANTE, REZADEIRA, FOFOQUEIRA, DELEGACIA, BODEGA, CAT)
A3: CPU-AX 73 | B3: ESTRUTURA e FECHAMENTO
A4: Item | B4: DISCRIMINAÇÃO | C4: MEMÓRIA DE CÁLCULO | G4: QUANT | H4: Unid | I4: Coef. | J4: VALOR (R$) | K4: TOTAL (R$)
C5: L (m) | D5: C (m) | E5: H(m) | F5: Área
A6: 1.1.1.1 | B6: Locação Estrutura Metálica - PAVILHÃO | F6: 123.6 | G6: =F6 -> 123.6 | H6: m²/mês | I6: 0.4 | J6: =Insumos!D19 -> 0 | K6: =TRUNC(G6*I6*J6,2) -> 0
A7: 1.1.1.2 | B7: Locação Estrutura Metálica - PISO | F7: =F6 -> 123.6 | G7: =F7 -> 123.6 | H7: m²/mês | I7: 0.4 | J7: =Insumos!D7 -> 0 | K7: =TRUNC(G7*I7*J7,2) -> 0
A8: 1.1.1.3 | B8: Locação Estrutura Metálica - COBERTA | F8: =F6 -> 123.6 | G8: =F8 -> 123.6 | H8: m²/mês | I8: 0.4 | J8: =Insumos!D6 -> 0 | K8: =TRUNC(G8*I8*J8,2) -> 0
A9: 1.1.1.4 | B9: Locação de SPDA e Sistema de SEGURANÇA CONTRA INCÊNDIO E PÂNICO (pavimento único) | F9: =F6 -> 123.6 | G9: =F6 -> 123.6 | H9: m²/mês | I9: 0.4 | J9: =Insumos!D27 -> 0 | K9: =TRUNC(G9*I9*J9,2) -> 0
A10: 1.1.1.5 | B10: Locação Estrutura Metálica - GUARDA CORPO | C10: =3+4+7 -> 14 | G10: =C10 -> 14 | H10: m²/mês | I10: 0.4 | J10: =Insumos!D16 -> 0 | K10: =TRUNC(G10*I10*J10,2) -> 0
J11: TOTAL GERAL | K11: =SUM(K6:K9) -> 0
A12: CPU-AX 74 | B12: EQUIPAMENTOS e FERRAMENTAS
A13: Item | B13: DISCRIMINAÇÃO | C13: MEMÓRIA DE CÁLCULO | G13: QUANT | H13: Unid | I13: Coef. | J13: VALOR (R$) | K13: TOTAL (R$)
A15: 1.1.1.6 | B15: Locação de Empilhadeira | G15: 2 | H15: Diária | I15: =G15/SUM($G$15:$G$19) -> 0.034482759 | J15: =Insumos!D49 -> 0 | K15: =TRUNC(G15*I15*J15,2) -> 0
A16: 1.1.1.7 | B16: Locação de Caminhão Munck | G16: 2 | H16: Diária | I16: =G16/SUM($G$15:$G$19) -> 0.034482759 | J16: =Insumos!D50 -> 0 | K16: =TRUNC(G16*I16*J16,2) -> 0
A17: 1.1.1.8 | B17: Locação de Talha elétrica | G17: 4 | H17: Diária | I17: =G17/SUM($G$15:$G$19) -> 0.068965517 | J17: =Insumos!D51 -> 0 | K17: =TRUNC(G17*I17*J17,2) -> 0
A18: 1.1.1.9 | B18: Locação de Andaimes | G18: 40 | H18: m/mês | I18: =G18/SUM($G$15:$G$19) -> 0.68965517 | J18: =Insumos!D52 -> 0 | K18: =TRUNC(G18*I18*J18,2) -> 0
A19: 1.1.1.10 | B19: Kit Ferramentas de fixação e montagem | G19: 10 | H19: kit/mês | I19: =G19/SUM($G$15:$G$19) -> 0.17241379 | J19: =Insumos!D54 -> 0 | K19: =TRUNC(G19*I19*J19,2) -> 0
J20: TOTAL GERAL | K20: =SUM(K15:K19) -> 0
A21: CPU-AX 75 | B21: MATERIAIS DE CONSUMO
A22: Item | B22: DISCRIMINAÇÃO | C22: MEMÓRIA DE CÁLCULO | G22: QUANT | H22: Unid | I22: Coef. | J22: VALOR Unit. (R$) | K22: TOTAL (R$)
A24: 1.1.1.11 | B24: Elementos de fixação (parafusos / cabo de aço / grampos) | G24: =G9/30 -> 4.12 | H24: Kg | I24: =G24/SUM($G$24:$G$34) -> 0.02124529 | J24: =Insumos!D58 -> 0 | K24: =TRUNC(G24*I24*J24,2) -> 0
A25: 1.1.1.12 | B25: Compensado resinado 12mm (chapas de 110x220cm) | G25: =F7 -> 123.6 | H25: m² | I25: =G25/SUM($G$24:$G$34) -> 0.63735871 | J25: =Insumos!D69 -> 0 | K25: =TRUNC(G25*I25*J25,2) -> 0
A26: 1.1.1.13 | B26: Tinta acrílica | G26: =G25*0.2/3.6 -> 6.8666667 | H26: galão | I26: =G26/SUM($G$24:$G$34) -> 0.035408817 | J26: =Insumos!D60 -> 0 | K26: =TRUNC(G26*I26*J26,2) -> 0
A27: 1.1.1.14 | B27: Tinta esmalte sintético | G27: =G26 -> 6.8666667 | H27: galão | I27: =G27/SUM($G$24:$G$34) -> 0.035408817 | J27: =Insumos!D61 -> 0 | K27: =TRUNC(G27*I27*J27,2) -> 0
A28: 1.1.1.15 | B28: Solvente / Aguaráz | G28: =G25*0.02 -> 2.472 | H28: L | I28: =G28/SUM($G$24:$G$34) -> 0.012747174 | J28: =Insumos!D62 -> 0 | K28: =TRUNC(G28*I28*J28,2) -> 0
A29: 1.1.1.16 | B29: Rolo de espuma 15cm | G29: 8 | H29: Unid | I29: =G29/SUM($G$24:$G$34) -> 0.041252991 | J29: =Insumos!D63 -> 0 | K29: =TRUNC(G29*I29*J29,2) -> 0
A30: 1.1.1.17 | B30: Rolo de lã 23cm | G30: 8 | H30: Unid | I30: =G30/SUM($G$24:$G$34) -> 0.041252991 | J30: =Insumos!D64 -> 0 | K30: =TRUNC(G30*I30*J30,2) -> 0
A31: 1.1.1.18 | B31: Trincha para pintura (2") | G31: 8 | H31: Unid | I31: =G31/SUM($G$24:$G$34) -> 0.041252991 | J31: =Insumos!D65 -> 0 | K31: =TRUNC(G31*I31*J31,2) -> 0
A32: 1.1.1.19 | B32: Bucha de limpeza | G32: 8 | H32: kg | I32: =G32/SUM($G$24:$G$34) -> 0.041252991 | J32: =Insumos!D66 -> 0 | K32: =TRUNC(G32*I32*J32,2) -> 0
A33: 1.1.1.20 | B33: Barbante | G33: 8 | H33: Rolo | I33: =G33/SUM($G$24:$G$34) -> 0.041252991 | J33: =Insumos!D67 -> 0 | K33: =TRUNC(G33*I33*J33,2) -> 0
A34: 1.1.1.21 | B34: Abraçadeira Plástica (15 x 0,5cm a 50 x 1,3cm) 100 und | G34: 10 | H34: pacote | I34: =G34/SUM($G$24:$G$34) -> 0.051566239 | J34: =Insumos!D68 -> 0 | K34: =TRUNC(G34*I34*J34,2) -> 0
J35: TOTAL GERAL | K35: =SUM(K24:K34) -> 0
A36: CPU-AX 76 | B36: REFEIÇÃO
A37: Item | B37: DISCRIMINAÇÃO | C37: MEMÓRIA DE CÁLCULO | G37: QUANT | H37: Unid | I37: Coef. | J37: VALOR Unit. (R$) | K37: TOTAL (R$)
A39: 1.1.1.22 | B39: Refeição (café, almoço, jantar) | G39: 4 | H39: Diária | I39: 2 | J39: =Insumos!D75 -> 0 | K39: =TRUNC(G39*I39*J39,2) -> 0
J40: TOTAL GERAL | K40: =SUM(K39) -> 0
A41: CPU-AX 77 | B41: HOSPEDAGEM
A42: Item | B42: DISCRIMINAÇÃO | C42: MEMÓRIA DE CÁLCULO | G42: QUANT | H42: Unid | I42: Coef. | J42: VALOR Unit. (R$) | K42: TOTAL (R$)
A44: 1.1.1.23 | B44: Hospedagem | G44: 4 | H44: Diária | I44: 2 | J44: =Insumos!D78 -> 0 | K44: =TRUNC(G44*I44*J44,2) -> 0
J45: TOTAL GERAL | K45: =K44 -> 0
A46: CPU-AX 78 | B46: TRANSPORTE
A47: Item | B47: DISCRIMINAÇÃO | C47: MEMÓRIA DE CÁLCULO | G47: QUANT | H47: Unid | I47: Coef. | J47: VALOR Unit. (R$) | K47: TOTAL (R$)
A49: 1.1.1.24 | B49: Locação de Caminhão truck Bau 20 ton | G49: 2 | H49: Diária | I49: =G49/SUM($G$49:$G$51) -> 0.33333333 | J49: =Insumos!D81 -> 0 | K49: =TRUNC(G49*I49*J49,2) -> 0
A50: 1.1.1.25 | B50: Locação de Caminhão truck carroceria 20 ton | G50: 2 | H50: Diária | I50: =G50/SUM($G$49:$G$51) -> 0.33333333 | J50: =Insumos!D82 -> 0 | K50: =TRUNC(G50*I50*J50,2) -> 0
A51: 1.1.1.26 | B51: Locação de Caminhão tipo Bau 10 ton | G51: 2 | H51: Diária | I51: =G51/SUM($G$49:$G$51) -> 0.33333333 | J51: =Insumos!D83 -> 0 | K51: =TRUNC(G51*I51*J51,2) -> 0
J52: TOTAL GERAL | K52: =SUM(K49:K51) -> 0

Sheet 14 Pav Reciclagem
A1: COMPOSIÇÕES AUXILIARES
A2: 14 | B2: PAVILHÃO CENTRO DE RECICLAGEM
A3: CPU-AX 79 | B3: ESTRUTURA e FECHAMENTO
A4: Item | B4: DISCRIMINAÇÃO | C4: MEMÓRIA DE CÁLCULO | G4: QUANT | H4: Unid | I4: Coef. | J4: VALOR (R$) | K4: TOTAL (R$)
C5: L (m) | D5: C (m) | E5: H(m) | F5: Área
A6: 1.1.1.1 | B6: Locação Estrutura Metálica - PAVILHÃO | C6: 10 | D6: 10 | E6: 2 | F6: =E6*D6*C6 -> 200 | G6: =F6 -> 200 | H6: m²/mês | I6: 0.29655 | J6: =Insumos!D19 -> 0 | K6: =TRUNC(G6*I6*J6,2) -> 0
A7: 1.1.1.2 | B7: Locação Estrutura Metálica - COBERTA | C7: 10 | D7: 10 | E7: 2 | F7: =E7*D7*C7 -> 200 | G7: =F7 -> 200 | H7: m²/mês | I7: 0.29655 | J7: =Insumos!D6 -> 0 | K7: =TRUNC(G7*I7*J7,2) -> 0
A8: 1.1.1.3 | B8: Locação Estrutura Metálica - PISO | C8: 10 | D8: 10 | E8: 2 | F8: =E8*D8*C8 -> 200 | G8: =F8 -> 200 | H8: m²/mês | I8: 0.29655 | J8: =Insumos!D7 -> 0 | K8: =TRUNC(G8*I8*J8,2) -> 0
A9: 1.1.1.4 | B9: Locação Estrutura Metálica - TOLDO | C9: 5 | D9: 5 | F9: =C9*D9 -> 25 | G9: =F9 -> 25 | H9: m²/mês | I9: 0.29655 | J9: =Insumos!D21 -> 0 | K9: =TRUNC(G9*I9*J9,2) -> 0
A10: 1.1.1.5 | B10: Locação Estrutura Metálica - PISO | C10: 4 | D10: 4 | F10: =C10*D10 -> 16 | G10: =F10 -> 16 | H10: m²/mês | I10: 0.29655 | J10: =Insumos!D7 -> 0 | K10: =TRUNC(G10*I10*J10,2) -> 0
A11: 1.1.1.6 | B11: Locação de SPDA e Sistema de SEGURANÇA CONTRA INCÊNDIO E PÂNICO (pavimento único) | F11: =F8+F10 -> 216 | G11: =F11 -> 216 | H11: m²/mês | I11: 0.296549 | J11: =Insumos!D27 -> 0 | K11: =TRUNC(G11*I11*J11,2) -> 0
J12: TOTAL GERAL | K12: =SUM(K6:K11) -> 0
A13: CPU-AX 80 | B13: EQUIPAMENTOS e FERRAMENTAS
A14: Item | B14: DISCRIMINAÇÃO | C14: MEMÓRIA DE CÁLCULO | G14: QUANT | H14: Unid | I14: Coef. | J14: VALOR (R$) | K14: TOTAL (R$)
A16: 1.1.1.7 | B16: Locação de Empilhadeira | G16: 2 | H16: Diária | I16: =G16/SUM($G$16:$G$20) -> 0.11111111 | J16: =Insumos!D49 -> 0 | K16: =TRUNC(G16*I16*J16,2) -> 0
A17: 1.1.1.8 | B17: Locação de Caminhão Munck | G17: 2 | H17: Diária | I17: =G17/SUM($G$16:$G$20) -> 0.11111111 | J17: =Insumos!D50 -> 0 | K17: =TRUNC(G17*I17*J17,2) -> 0
A18: 1.1.1.9 | B18: Locação de Talha elétrica | G18: 2 | H18: Diária | I18: =G18/SUM($G$16:$G$20) -> 0.11111111 | J18: =Insumos!D51 -> 0 | K18: =TRUNC(G18*I18*J18,2) -> 0
A19: 1.1.1.10 | B19: Locação de Andaimes | G19: 8 | H19: m/mês | I19: =G19/SUM($G$16:$G$20) -> 0.44444444 | J19: =Insumos!D52 -> 0 | K19: =TRUNC(G19*I19*J19,2) -> 0
A20: 1.1.1.11 | B20: Kit Ferramentas de fixação e montagem | G20: 4 | H20: kit/mês | I20: =G20/SUM($G$16:$G$20) -> 0.22222222 | J20: =Insumos!D54 -> 0 | K20: =TRUNC(G20*I20*J20,2) -> 0
J21: TOTAL GERAL | K21: =SUM(K16:K20) -> 0
A22: CPU-AX 81 | B22: MATERIAIS DE CONSUMO
A23: Item | B23: DISCRIMINAÇÃO | C23: MEMÓRIA DE CÁLCULO | G23: QUANT | H23: Unid | I23: Coef. | J23: VALOR Unit. (R$) | K23: TOTAL (R$)
A25: 1.1.1.12 | B25: Elementos de fixação (parafusos / cabo de aço / grampos) | G25: =G11/30 -> 7.2 | H25: Kg | I25: =G25/SUM($G$25:$G$35) -> 0.03059779 | J25: =Insumos!D58 -> 0 | K25: =TRUNC(G25*I25*J25,2) -> 0
A26: 1.1.1.13 | B26: Compensado resinado 12mm (chapas de 110x220cm) | G26: =F8 -> 200 | H26: m² | I26: =G26/SUM($G$25:$G$35) -> 0.84993862 | J26: =Insumos!D69 -> 0 | K26: =TRUNC(G26*I26*J26,2) -> 0
A27: 1.1.1.14 | B27: Tinta acrílica | G27: =G26*0.2/3.6/2 -> 5.5555556 | H27: galão | I27: =G27/SUM($G$25:$G$35) -> 0.023609406 | J27: =Insumos!D60 -> 0 | K27: =TRUNC(G27*I27*J27,2) -> 0
A28: 1.1.1.15 | B28: Tinta esmalte sintético | G28: =G27 -> 5.5555556 | H28: galão | I28: =G28/SUM($G$25:$G$35) -> 0.023609406 | J28: =Insumos!D61 -> 0 | K28: =TRUNC(G28*I28*J28,2) -> 0
A29: 1.1.1.16 | B29: Solvente / Aguaráz | G29: =G26*0.02 -> 4 | H29: L | I29: =G29/SUM($G$25:$G$35) -> 0.016998772 | J29: =Insumos!D62 -> 0 | K29: =TRUNC(G29*I29*J29,2) -> 0
A30: 1.1.1.17 | B30: Rolo de espuma 15cm | G30: 2 | H30: Unid | I30: =G30/SUM($G$25:$G$35) -> 0.0084993862 | J30: =Insumos!D63 -> 0 | K30: =TRUNC(G30*I30*J30,2) -> 0
A31: 1.1.1.18 | B31: Rolo de lã 23cm | G31: 2 | H31: Unid | I31: =G31/SUM($G$25:$G$35) -> 0.0084993862 | J31: =Insumos!D64 -> 0 | K31: =TRUNC(G31*I31*J31,2) -> 0
A32: 1.1.1.19 | B32: Trincha para pintura (2") | G32: 2 | H32: Unid | I32: =G32/SUM($G$25:$G$35) -> 0.0084993862 | J32: =Insumos!D65 -> 0 | K32: =TRUNC(G32*I32*J32,2) -> 0
A33: 1.1.1.20 | B33: Bucha de limpeza | G33: 1 | H33: kg | I33: =G33/SUM($G$25:$G$35) -> 0.0042496931 | J33: =Insumos!D66 -> 0 | K33: =TRUNC(G33*I33*J33,2) -> 0
A34: 1.1.1.21 | B34: Barbante | G34: 1 | H34: Rolo | I34: =G34/SUM($G$25:$G$35) -> 0.0042496931 | J34: =Insumos!D67 -> 0 | K34: =TRUNC(G34*I34*J34,2) -> 0
A35: 1.1.1.22 | B35: Abraçadeira Plástica (15 x 0,5cm a 50 x 1,3cm) 100 und | G35: 5 | H35: pacote | I35: =G35/SUM($G$25:$G$35) -> 0.021248465 | J35: =Insumos!D68 -> 0 | K35: =TRUNC(G35*I35*J35,2) -> 0
J36: TOTAL GERAL | K36: =SUM(K25:K35) -> 0
A37: CPU-AX 82 | B37: REFEIÇÃO
A38: Item | B38: DISCRIMINAÇÃO | C38: MEMÓRIA DE CÁLCULO | G38: QUANT | H38: Unid | I38: Coef. | J38: VALOR Unit. (R$) | K38: TOTAL (R$)
A40: 1.1.1.23 | B40: Refeição (café, almoço, jantar) | G40: 1 | H40: Diária | I40: 1 | J40: =Insumos!D75 -> 0 | K40: =TRUNC(G40*I40*J40,2) -> 0
J41: TOTAL GERAL | K41: =SUM(K40) -> 0
A42: CPU-AX 83 | B42: HOSPEDAGEM
A43: Item | B43: DISCRIMINAÇÃO | C43: MEMÓRIA DE CÁLCULO | G43: QUANT | H43: Unid | I43: Coef. | J43: VALOR Unit. (R$) | K43: TOTAL (R$)
A45: 1.1.1.24 | B45: Hospedagem | G45: 1 | H45: Diária | I45: 1 | J45: =Insumos!D78 -> 0 | K45: =TRUNC(G45*I45*J45,2) -> 0
J46: TOTAL GERAL | K46: =K45 -> 0
A47: CPU-AX 84 | B47: TRANSPORTE
A48: Item | B48: DISCRIMINAÇÃO | C48: MEMÓRIA DE CÁLCULO | G48: QUANT | H48: Unid | I48: Coef. | J48: VALOR Unit. (R$) | K48: TOTAL (R$)
A50: 1.1.1.25 | B50: Locação de Caminhão truck Bau 20 ton | G50: 1 | H50: Diária | I50: =G50/SUM($G$50:$G$52) -> 0.33333333 | J50: =Insumos!D81 -> 0 | K50: =TRUNC(G50*I50*J50,2) -> 0
A51: 1.1.1.26 | B51: Locação de Caminhão truck carroceria 20 ton | G51: 1 | H51: Diária | I51: =G51/SUM($G$50:$G$52) -> 0.33333333 | J51: =Insumos!D82 -> 0 | K51: =TRUNC(G51*I51*J51,2) -> 0
A52: 1.1.1.27 | B52: Locação de Caminhão tipo Bau 10 ton | G52: 1 | H52: Diária | I52: =G52/SUM($G$50:$G$52) -> 0.33333333 | J52: =Insumos!D83 -> 0 | K52: =TRUNC(G52*I52*J52,2) -> 0
J53: TOTAL GERAL | K53: =SUM(K50:K52) -> 0

Sheet 15 Pólo Sebastião Biano
A1: COMPOSIÇÕES AUXILIARES
A2: 15 | B2: PÓLO SEBASTIÃO BIANO
A3: CPU-AX 85 | B3: ESTRUTURA e FECHAMENTO
A4: Item | B4: DISCRIMINAÇÃO | C4: MEMÓRIA DE CÁLCULO | G4: QUANT | H4: Unid | I4: Coef. | J4: VALOR (R$) | K4: TOTAL (R$)
C5: L (m) | D5: C (m) | E5: H(m) | F5: Área
A6: 1.1.1.1 | B6: Locação Estrutura Metálica - PAVILHÃO | C6: 4 | D6: 5.5 | F6: =C6*D6 -> 22 | G6: =F6 -> 22 | H6: m²/mês | I6: 0.4 | J6: =Insumos!D19 -> 0 | K6: =TRUNC(G6*I6*J6,2) -> 0
A7: 1.1.1.2 | B7: Locação Estrutura Metálica - PALCO | C7: 4 | D7: 5.5 | F7: =C7*D7 -> 22 | G7: =F7 -> 22 | H7: m²/mês | I7: 0.4 | J7: =Insumos!D5 -> 0 | K7: =TRUNC(G7*I7*J7,2) -> 0
A8: 1.1.1.3 | B8: Locação Estrutura Metálica - COBERTA | C8: 4 | D8: 5.5 | F8: =C8*D8 -> 22 | G8: =F8 -> 22 | H8: m²/mês | I8: 0.4 | J8: =Insumos!D6 -> 0 | K8: =TRUNC(G8*I8*J8,2) -> 0
A9: 1.1.1.4 | B9: Locação Estrutura Metálica - PISO | C9: 4 | D9: 5.5 | F9: =C9*D9 -> 22 | G9: =F9 -> 22 | H9: m²/mês | I9: 0.4 | J9: =Insumos!D7 -> 0 | K9: =TRUNC(G9*I9*J9,2) -> 0
A10: 1.1.1.5 | B10: Locação estrutura Estande- PAINÉIS TS formicado | C10: 4 | D10: 5.5 | F10: =C10*D10 -> 22 | G10: =F10 -> 22 | H10: m²/mês | I10: 0.4 | J10: =Insumos!D24 -> 0 | K10: =TRUNC(G10*I10*J10,2) -> 0
A11: 1.1.1.6 | B11: Locação Estrutura Metálica - TESTEIRA I | C11: =4*2+5.5*2 -> 19 | E11: 1.3 | F11: =E11*C11 -> 24.7 | G11: =F11 -> 24.7 | H11: m²/mês | I11: 0.4 | J11: =Insumos!D11 -> 0 | K11: =TRUNC(G11*I11*J11,2) -> 0
A12: 1.1.1.7 | B12: Locação de SPDA e Sistema de SEGURANÇA CONTRA INCÊNDIO E PÂNICO (pavimento único) | F12: =F6 -> 22 | G12: =F12 -> 22 | H12: m²/mês | I12: 0.4 | J12: =Insumos!D27 -> 0 | K12: =TRUNC(G12*I12*J12,2) -> 0
J13: TOTAL GERAL | K13: =SUM(K6:K12) -> 0
A14: CPU-AX 86 | B14: EQUIPAMENTOS e FERRAMENTAS
A15: Item | B15: DISCRIMINAÇÃO | C15: MEMÓRIA DE CÁLCULO | G15: QUANT | H15: Unid | I15: Coef. | J15: VALOR (R$) | K15: TOTAL (R$)
A17: 1.1.1.8 | B17: Locação de Empilhadeira | G17: 1 | H17: Diária | I17: =G17/SUM($G$17:$G$21) -> 0.066666667 | J17: =Insumos!D49 -> 0 | K17: =TRUNC(G17*I17*J17,2) -> 0
A18: 1.1.1.9 | B18: Locação de Caminhão Munck | G18: 1 | H18: Diária | I18: =G18/SUM($G$17:$G$21) -> 0.066666667 | J18: =Insumos!D50 -> 0 | K18: =TRUNC(G18*I18*J18,2) -> 0
A19: 1.1.1.10 | B19: Locação de Talha elétrica | G19: 1 | H19: Diária | I19: =G19/SUM($G$17:$G$21) -> 0.066666667 | J19: =Insumos!D51 -> 0 | K19: =TRUNC(G19*I19*J19,2) -> 0
A20: 1.1.1.11 | B20: Locação de Andaimes | G20: 8 | H20: m/mês | I20: =G20/SUM($G$17:$G$21) -> 0.53333333 | J20: =Insumos!D52 -> 0 | K20: =TRUNC(G20*I20*J20,2) -> 0
A21: 1.1.1.12 | B21: Kit Ferramentas de fixação e montagem | G21: 4 | H21: kit/mês | I21: =G21/SUM($G$17:$G$21) -> 0.26666667 | J21: =Insumos!D54 -> 0 | K21: =TRUNC(G21*I21*J21,2) -> 0
J22: TOTAL GERAL | K22: =SUM(K17:K21) -> 0
A23: CPU-AX 87 | B23: MATERIAIS DE CONSUMO
A24: Item | B24: DISCRIMINAÇÃO | C24: MEMÓRIA DE CÁLCULO | G24: QUANT | H24: Unid | I24: Coef. | J24: VALOR Unit. (R$) | K24: TOTAL (R$)
A26: 1.1.1.13 | B26: Elementos de fixação (parafusos / cabo de aço / grampos) | G26: =F6/30 -> 0.73333333 | H26: Kg | I26: =G26/SUM($G$26:$G$36) -> 0.019610174 | J26: =Insumos!D58 -> 0 | K26: =TRUNC(G26*I26*J26,2) -> 0
A27: 1.1.1.14 | B27: Compensado resinado 12mm (chapas de 110x220cm) | G27: =F9 -> 22 | H27: m² | I27: =G27/SUM($G$26:$G$36) -> 0.58830521 | J27: =Insumos!D69 -> 0 | K27: =TRUNC(G27*I27*J27,2) -> 0
A28: 1.1.1.15 | B28: Tinta acrílica | G28: =G27*0.2/3.6/2 -> 0.61111111 | H28: galão | I28: =G28/SUM($G$26:$G$36) -> 0.016341811 | J28: =Insumos!D60 -> 0 | K28: =TRUNC(G28*I28*J28,2) -> 0
A29: 1.1.1.16 | B29: Tinta esmalte sintético | G29: =G28 -> 0.61111111 | H29: galão | I29: =G29/SUM($G$26:$G$36) -> 0.016341811 | J29: =Insumos!D61 -> 0 | K29: =TRUNC(G29*I29*J29,2) -> 0
A30: 1.1.1.17 | B30: Solvente / Aguaráz | G30: =G27*0.02 -> 0.44 | H30: L | I30: =G30/SUM($G$26:$G$36) -> 0.011766104 | J30: =Insumos!D62 -> 0 | K30: =TRUNC(G30*I30*J30,2) -> 0
A31: 1.1.1.18 | B31: Rolo de espuma 15cm | G31: 2 | H31: Unid | I31: =G31/SUM($G$26:$G$36) -> 0.053482291 | J31: =Insumos!D63 -> 0 | K31: =TRUNC(G31*I31*J31,2) -> 0
A32: 1.1.1.19 | B32: Rolo de lã 23cm | G32: 2 | H32: Unid | I32: =G32/SUM($G$26:$G$36) -> 0.053482291 | J32: =Insumos!D64 -> 0 | K32: =TRUNC(G32*I32*J32,2) -> 0
A33: 1.1.1.20 | B33: Trincha para pintura (2") | G33: 2 | H33: Unid | I33: =G33/SUM($G$26:$G$36) -> 0.053482291 | J33: =Insumos!D65 -> 0 | K33: =TRUNC(G33*I33*J33,2) -> 0
A34: 1.1.1.21 | B34: Bucha de limpeza | G34: 1 | H34: kg | I34: =G34/SUM($G$26:$G$36) -> 0.026741146 | J34: =Insumos!D66 -> 0 | K34: =TRUNC(G34*I34*J34,2) -> 0
A35: 1.1.1.22 | B35: Barbante | G35: 1 | H35: Rolo | I35: =G35/SUM($G$26:$G$36) -> 0.026741146 | J35: =Insumos!D67 -> 0 | K35: =TRUNC(G35*I35*J35,2) -> 0
A36: 1.1.1.23 | B36: Abraçadeira Plástica (15 x 0,5cm a 50 x 1,3cm) 100 und | G36: 5 | H36: pacote | I36: =G36/SUM($G$26:$G$36) -> 0.13370573 | J36: =Insumos!D68 -> 0 | K36: =TRUNC(G36*I36*J36,2) -> 0
J37: TOTAL GERAL | K37: =SUM(K26:K36) -> 0
A38: CPU-AX 88 | B38: REFEIÇÃO
A39: Item | B39: DISCRIMINAÇÃO | C39: MEMÓRIA DE CÁLCULO | G39: QUANT | H39: Unid | I39: Coef. | J39: VALOR Unit. (R$) | K39: TOTAL (R$)
A41: 1.1.1.24 | B41: Refeição (café, almoço, jantar) | G41: 2 | H41: Diária | I41: 2 | J41: =Insumos!D75 -> 0 | K41: =TRUNC(G41*I41*J41,2) -> 0
J42: TOTAL GERAL | K42: =SUM(K41) -> 0
A43: CPU-AX 89 | B43: HOSPEDAGEM
A44: Item | B44: DISCRIMINAÇÃO | C44: MEMÓRIA DE CÁLCULO | G44: QUANT | H44: Unid | I44: Coef. | J44: VALOR Unit. (R$) | K44: TOTAL (R$)
A46: 1.1.1.25 | B46: Hospedagem em pousada (quarto duplo) | G46: 2 | H46: Diária | I46: 1 | J46: =Insumos!D78 -> 0 | K46: =TRUNC(G46*I46*J46,2) -> 0
J47: TOTAL GERAL | K47: =K46 -> 0
A48: CPU-AX 90 | B48: TRANSPORTE
A49: Item | B49: DISCRIMINAÇÃO | C49: MEMÓRIA DE CÁLCULO | G49: QUANT | H49: Unid | I49: Coef. | J49: VALOR Unit. (R$) | K49: TOTAL (R$)
A51: 1.1.1.26 | B51: Locação de Caminhão truck Bau 20 ton | G51: 1 | H51: Diária | I51: =G51/SUM($G$51:$G$53) -> 0.33333333 | J51: =Insumos!D81 -> 0 | K51: =TRUNC(G51*I51*J51,2) -> 0
A52: 1.1.1.27 | B52: Locação de Caminhão truck carroceria 20 ton | G52: 1 | H52: Diária | I52: =G52/SUM($G$51:$G$53) -> 0.33333333 | J52: =Insumos!D82 -> 0 | K52: =TRUNC(G52*I52*J52,2) -> 0
A53: 1.1.1.28 | B53: Locação de Caminhão tipo Bau 10 ton | G53: 1 | H53: Diária | I53: =G53/SUM($G$51:$G$53) -> 0.33333333 | J53: =Insumos!D83 -> 0 | K53: =TRUNC(G53*I53*J53,2) -> 0
J54: TOTAL GERAL | K54: =SUM(K51:K53) -> 0

Sheet 16 Pav Posto Médico
A1: COMPOSIÇÕES AUXILIARES
A2: 16 | B2: PAVILHÃO POSTO MÉDICO
A3: CPU-AX 91 | B3: ESTRUTURA e FECHAMENTO
A4: Item | B4: DISCRIMINAÇÃO | C4: MEMÓRIA DE CÁLCULO | G4: QUANT | H4: Unid | I4: Coef. | J4: VALOR (R$) | K4: TOTAL (R$)
C5: L (m) | D5: C (m) | E5: Q (un) | F5: Área
A6: 1.1.1.1 | B6: Locação Estrutura Metálica - TOLDO | C6: 5 | D6: 5 | F6: =C6*D6 -> 25 | G6: =F6 -> 25 | H6: m²/mês | I6: 0.29655 | J6: =Insumos!D21 -> 0 | K6: =TRUNC(G6*I6*J6,2) -> 0
A7: 1.1.1.2 | B7: =[2]INSUMOS!A7 -> Locação Estrutura Metálica - PISO | C7: 4 | D7: 4 | F7: =C7*D7 -> 16 | G7: =F7 -> 16 | H7: m²/mês | I7: 0.29655 | J7: =Insumos!D7 -> 0 | K7: =TRUNC(G7*I7*J7,2) -> 0
A8: 1.1.1.1 | B8: Locação Estrutura Metálica - CAMAROTES | C8: 0.7 | D8: 3 | E8: 8 | F8: =C8*D8*E8 -> 16.8 | G8: =F8 -> 16.8 | H8: m²/mês | I8: 0.29655 | J8: =Insumos!D4 -> 0 | K8: =TRUNC(G8*I8*J8,2) -> 0
A9: 1.1.1.4 | B9: Locação de SPDA e Sistema de SEGURANÇA CONTRA INCÊNDIO E PÂNICO (pavimento único) | G9: =F6 -> 25 | H9: m²/mês | I9: 0.296549 | J9: =Insumos!D27 -> 0 | K9: =TRUNC(G9*I9*J9,2) -> 0
J10: TOTAL GERAL | K10: =SUM(K8:K9) -> 0
A11: CPU-AX 92 | B11: EQUIPAMENTOS e FERRAMENTAS
A12: Item | B12: DISCRIMINAÇÃO | C12: MEMÓRIA DE CÁLCULO | G12: QUANT | H12: Unid | I12: Coef. | J12: VALOR (R$) | K12: TOTAL (R$)
A14: 1.1.1.5 | B14: Locação de Empilhadeira | G14: 1 | H14: Diária | I14: 0.2 | J14: =Insumos!D49 -> 0 | K14: =TRUNC(G14*I14*J14,2) -> 0
A15: 1.1.1.6 | B15: Locação de Caminhão Munck | G15: 1 | H15: Diária | I15: 0.2 | J15: =Insumos!D50 -> 0 | K15: =TRUNC(G15*I15*J15,2) -> 0
A16: 1.1.1.7 | B16: Locação de Talha elétrica | G16: 1 | H16: Diária | I16: 0.2 | J16: =Insumos!D51 -> 0 | K16: =TRUNC(G16*I16*J16,2) -> 0
A17: 1.1.1.8 | B17: Locação de Andaimes | G17: 6 | H17: m/mês | I17: 0.2 | J17: =Insumos!D52 -> 0 | K17: =TRUNC(G17*I17*J17,2) -> 0
A18: 1.1.1.9 | B18: Kit Ferramentas de fixação e montagem | G18: 4 | H18: kit/mês | I18: 0.2 | J18: =Insumos!D54 -> 0 | K18: =TRUNC(G18*I18*J18,2) -> 0
J19: TOTAL GERAL | K19: =SUM(K14:K18) -> 0
A20: CPU-AX 93 | B20: MATERIAIS DE CONSUMO
A21: Item | B21: DISCRIMINAÇÃO | C21: MEMÓRIA DE CÁLCULO | G21: QUANT | H21: Unid | I21: Coef. | J21: VALOR Unit. (R$) | K21: TOTAL (R$)
A23: 1.1.1.10 | B23: Elementos de fixação (parafusos / cabo de aço / grampos) | G23: =G9/60 -> 0.41666667 | H23: Kg | I23: 0.25 | J23: =Insumos!D58 -> 0 | K23: =TRUNC(G23*I23*J23,2) -> 0
A24: 1.1.1.11 | B24: Compensado resinado 12mm (chapas de 110x220cm) | G24: =F7 -> 16 | H24: m² | I24: 0.25 | J24: =Insumos!D69 -> 0 | K24: =TRUNC(G24*I24*J24,2) -> 0
A25: 1.1.1.12 | B25: Tinta acrílica | G25: =(G24*0.06)/3.6 -> 0.26666667 | H25: galão | I25: 1 | J25: =Insumos!D60 -> 0 | K25: =TRUNC(G25*I25*J25,2) -> 0
A26: 1.1.1.13 | B26: Tinta esmalte sintético | G26: =((G24)/5*0.06)/3.6 -> 0.053333333 | H26: galão | I26: 1 | J26: =Insumos!D61 -> 0 | K26: =TRUNC(G26*I26*J26,2) -> 0
A27: 1.1.1.14 | B27: Solvente / Aguaráz | G27: =G26/1.4 -> 0.038095238 | H27: L | I27: 1 | J27: =Insumos!D62 -> 0 | K27: =TRUNC(G27*I27*J27,2) -> 0
A28: 1.1.1.15 | B28: Rolo de espuma 15cm | G28: 2 | H28: Unid | I28: 0.5 | J28: =Insumos!D63 -> 0 | K28: =TRUNC(G28*I28*J28,2) -> 0
A29: 1.1.1.16 | B29: Rolo de lã 23cm | G29: 1 | H29: Unid | I29: 0.5 | J29: =Insumos!D64 -> 0 | K29: =TRUNC(G29*I29*J29,2) -> 0
A30: 1.1.1.17 | B30: Trincha para pintura (2") | G30: 2 | H30: Unid | I30: 0.25 | J30: =Insumos!D65 -> 0 | K30: =TRUNC(G30*I30*J30,2) -> 0
A31: 1.1.1.18 | B31: Bucha de limpeza | G31: 0.23 | H31: kg | I31: 1 | J31: =Insumos!D66 -> 0 | K31: =TRUNC(G31*I31*J31,2) -> 0
A32: 1.1.1.19 | B32: Barbante | G32: 0.12 | H32: Rolo | I32: 1 | J32: =Insumos!D67 -> 0 | K32: =TRUNC(G32*I32*J32,2) -> 0
A33: 1.1.1.20 | B33: Abraçadeira Plástica (15 x 0,5cm a 50 x 1,3cm) 100 und | G33: 0.31 | H33: pacote | I33: 1 | J33: =Insumos!D68 -> 0 | K33: =TRUNC(G33*I33*J33,2) -> 0
J34: TOTAL GERAL | K34: =SUM(K23:K33) -> 0
A35: CPU-AX 94 | B35: REFEIÇÃO
A36: Item | B36: DISCRIMINAÇÃO | C36: MEMÓRIA DE CÁLCULO | G36: QUANT | H36: Unid | I36: Coef. | J36: VALOR Unit. (R$) | K36: TOTAL (R$)
A38: 1.1.1.21 | B38: Refeição (café, almoço, jantar) | G38: 1 | H38: Diária | I38: 2 | J38: =Insumos!D75 -> 0 | K38: =TRUNC(G38*I38*J38,2) -> 0
J39: TOTAL GERAL | K39: =SUM(K38) -> 0
A40: CPU-AX 95 | B40: HOSPEDAGEM
A41: Item | B41: DISCRIMINAÇÃO | C41: MEMÓRIA DE CÁLCULO | G41: QUANT | H41: Unid | I41: Coef. | J41: VALOR Unit. (R$) | K41: TOTAL (R$)
A43: 1.1.1.22 | B43: Hospedagem | G43: 1 | H43: Diária | I43: 1 | J43: =Insumos!D78 -> 0 | K43: =TRUNC(G43*I43*J43,2) -> 0
J44: TOTAL GERAL | K44: =K43 -> 0
A45: CPU-AX 96 | B45: TRANSPORTE
A46: Item | B46: DISCRIMINAÇÃO | C46: MEMÓRIA DE CÁLCULO | G46: QUANT | H46: Unid | I46: Coef. | J46: VALOR Unit. (R$) | K46: TOTAL (R$)
A48: 1.1.1.23 | B48: Locação de Caminhão truck Bau 20 ton | G48: 1 | H48: Diária | I48: 0 | J48: =Insumos!D81 -> 0 | K48: =TRUNC(G48*I48*J48,2) -> 0
A49: 1.1.1.24 | B49: Locação de Caminhão truck carroceria 20 ton | G49: 1 | H49: Diária | I49: 0.1 | J49: =Insumos!D82 -> 0 | K49: =TRUNC(G49*I49*J49,2) -> 0
A50: 1.1.1.25 | B50: Locação de Caminhão tipo Bau 10 ton | G50: 1 | H50: Diária | I50: 0.1 | J50: =Insumos!D83 -> 0 | K50: =TRUNC(G50*I50*J50,2) -> 0
J51: TOTAL GERAL | K51: =SUM(K48:K50) -> 0

Sheet 19 Pórtico_I
A1: COMPOSIÇÕES AUXILIARES
A2: 19 | B2: PÓRTICO TIPO I - Portico Grid (Entrada da estação)
A3: CPU-AX 109 | B3: ESTRUTURA e FECHAMENTO
A4: Item | B4: DISCRIMINAÇÃO | C4: MEMÓRIA DE CÁLCULO | G4: QUANT | H4: Unid | I4: Coef. | J4: VALOR (R$) | K4: TOTAL (R$)
C5: L (m) | D5: C (m) | E5: H(m) | F5: Área
A6: 1.1.1.1 | B6: Locação Estrutura Metálica - PÓRTICOS (base 2,60x3,60m) | D6: =2.6*2+10 -> 15.2 | E6: 10.2 | F6: =E6*D6 -> 155.04 | G6: =F6 -> 155.04 | H6: m²/mês | I6: 1 | J6: =Insumos!D22 -> 0 | K6: =TRUNC(G6*I6*J6,2) -> 0
A7: 1.1.1.2 | B7: Locação Estrutura Metálica - TESTEIRA I | C7: 2 | D7: =D6 -> 15.2 | E7: 2.6 | F7: =E7*D7*C7 -> 79.04 | G7: =F7 -> 79.04 | H7: m²/mês | I7: 1 | J7: =Insumos!D11 -> 0 | K7: =TRUNC(G7*I7*J7,2) -> 0
A8: 1.1.1.3 | B8: Locação de SPDA - Sistema de Proteção contra Descargas Amosféricas | C8: 3.6 | D8: =D6 -> 15.2 | F8: =D8*C8 -> 54.72 | G8: =F8 -> 54.72 | H8: m²/mês | I8: 1 | J8: =Insumos!D29 -> 0 | K8: =TRUNC(G8*I8*J8,2) -> 0
A9: 1.1.1.4 | B9: Blocos em concreto armado com altura de 0,80m, com capacidade de carga individual de 1 Tonelada | C9: 4 | G9: =C9 -> 4 | H9: m²/mês | I9: 1 | J9: =Insumos!D25 -> 0 | K9: =TRUNC(G9*I9*J9,2) -> 0
J10: TOTAL GERAL | K10: =SUM(K6:K9) -> 0
A11: CPU-AX 110 | B11: EQUIPAMENTOS e FERRAMENTAS
A12: Item | B12: DISCRIMINAÇÃO | C12: MEMÓRIA DE CÁLCULO | G12: QUANT | H12: Unid | I12: Coef. | J12: VALOR (R$) | K12: TOTAL (R$)
A14: 1.1.1.5 | B14: Locação de Empilhadeira | G14: 4 | H14: Diária | I14: =G14/SUM($G$14:$G$19) -> 0.044444444 | J14: =Insumos!D49 -> 0 | K14: =TRUNC(G14*I14*J14,2) -> 0
A15: 1.1.1.6 | B15: Locação de Caminhão Munck | G15: 4 | H15: Diária | I15: =G15/SUM($G$14:$G$19) -> 0.044444444 | J15: =Insumos!D50 -> 0 | K15: =TRUNC(G15*I15*J15,2) -> 0
A16: 1.1.1.7 | B16: Locação de Talha elétrica | G16: 8 | H16: Diária | I16: =G16/SUM($G$14:$G$19) -> 0.088888889 | J16: =Insumos!D51 -> 0 | K16: =TRUNC(G16*I16*J16,2) -> 0
A17: 1.1.1.8 | B17: Locação de Andaimes | G17: 50 | H17: m/mês | I17: =G17/SUM($G$14:$G$19) -> 0.55555556 | J17: =Insumos!D52 -> 0 | K17: =TRUNC(G17*I17*J17,2) -> 0
A18: 1.1.1.9 | B18: Locação de Plataformas de montagem | G18: 4 | H18: und/mês | I18: =G18/SUM($G$14:$G$19) -> 0.044444444 | J18: =Insumos!D53 -> 0 | K18: =TRUNC(G18*I18*J18,2) -> 0
A19: 1.1.1.10 | B19: Kit Ferramentas de fixação e montagem | G19: 20 | H19: kit/mês | I19: =G19/SUM($G$14:$G$19) -> 0.22222222 | J19: =Insumos!D54 -> 0 | K19: =TRUNC(G19*I19*J19,2) -> 0
J20: TOTAL GERAL | K20: =SUM(K14:K19) -> 0
A21: CPU-AX 111 | B21: MATERIAIS DE CONSUMO
B22: DISCRIMINAÇÃO | C22: MEMÓRIA DE CÁLCULO | G22: QUANT | H22: Unid | I22: Coef. | J22: VALOR Unit. (R$) | K22: TOTAL (R$)
A24: 1.1.1.11 | B24: Elementos de fixação (parafusos / cabo de aço / grampos) | G24: =G6/30 -> 5.168 | H24: Kg | I24: =G24/SUM($G$24:$G$27) -> 0.20534011 | J24: =Insumos!D58 -> 0 | K24: =TRUNC(G24*I24*J24,2) -> 0
A25: 1.1.1.12 | B25: Bucha de limpeza | G25: 5 | H25: kg | I25: =G25/SUM($G$24:$G$27) -> 0.19866497 | J25: =Insumos!D66 -> 0 | K25: =TRUNC(G25*I25*J25,2) -> 0
A26: 1.1.1.13 | B26: Barbante | G26: 5 | H26: Rolo | I26: =G26/SUM($G$24:$G$27) -> 0.19866497 | J26: =Insumos!D67 -> 0 | K26: =TRUNC(G26*I26*J26,2) -> 0
A27: 1.1.1.14 | B27: Abraçadeira Plástica (15 x 0,5cm a 50 x 1,3cm) | G27: 10 | H27: pacote | I27: =G27/SUM($G$24:$G$27) -> 0.39732994 | J27: =Insumos!D68 -> 0 | K27: =TRUNC(G27*I27*J27,2) -> 0
J28: TOTAL GERAL | K28: =SUM(K24:K27) -> 0
A29: CPU-AX 112 | B29: REFEIÇÃO
A30: Item | B30: DISCRIMINAÇÃO | C30: MEMÓRIA DE CÁLCULO | G30: QUANT | H30: Unid | I30: Coef. | J30: VALOR Unit. (R$) | K30: TOTAL (R$)
A32: 1.1.1.15 | B32: Refeição (café, almoço, jantar) | G32: 4 | H32: Diária | I32: 5 | J32: =Insumos!D75 -> 0 | K32: =TRUNC(G32*I32*J32,2) -> 0
J33: TOTAL GERAL | K33: =SUM(K32) -> 0
A34: CPU-AX 113 | B34: HOSPEDAGEM
A35: Item | B35: DISCRIMINAÇÃO | C35: MEMÓRIA DE CÁLCULO | G35: QUANT | H35: Unid | I35: Coef. | J35: VALOR Unit. (R$) | K35: TOTAL (R$)
A37: 1.1.1.16 | B37: Hospedagem em pousada simples (quarto duplo) | G37: 4 | H37: Diária | I37: 5 | J37: =Insumos!D78 -> 0 | K37: =TRUNC(G37*I37*J37,2) -> 0
J38: TOTAL GERAL | K38: =K37 -> 0
A39: CPU-AX 114 | B39: TRANSPORTE
A40: Item | B40: DISCRIMINAÇÃO | C40: MEMÓRIA DE CÁLCULO | G40: QUANT | H40: Unid | I40: Coef. | J40: VALOR Unit. (R$) | K40: TOTAL (R$)
A42: 1.1.1.17 | B42: Locação de Caminhão truck Bau 20 ton | G42: 1 | H42: Diária | I42: =G42/SUM($G$42:$G$44) -> 0.33333333 | J42: =Insumos!D81 -> 0 | K42: =TRUNC(G42*I42*J42,2) -> 0
